Workbook
Name EmballageType: EmballageListe[Dansk]
Name FAOAfsnit: Afsnit[Afsnit]
Name FAOFangstområde: Fangstområde[Fangstområde]
Name FAOUnderområde: Underområde[Underområde]
Name LandelisteFAO: AlleLande[Lande (dansk)]
Name LandelisteUdenFAO: LandeUdenFAO[Lande (dansk)]
Name Materialetype: MaterialeListe[Dansk]

Sheet Energiberegning
A1: Til næringsfane | F1: Til supplerende næringsfane | K1: Til extra næringsfane
B2: Afrundet | C2: kJ/g | G2: Afrundet | H2: kJ/g | L2: Afrundet | M2: kJ/g
A3: Fedt | B3: =IF(Næringsdeklaration!D39="",0,IF(Næringsdeklaration!D39<0.5,ROUND(Næringsdeklaration!D39,1),IF(Næringsdeklaration!D39=0.5,ROUND(Næringsdeklaration!D39,1),IF(AND(Næringsdeklaration!D39>0.5,Næringsdeklaration!D39<10),ROUND(Næringsdeklaration!D39,1),IF(Næringsdeklaration!D39=10,ROUND(Næringsdeklaration!D39,0),IF(Næringsdeklaration!D39>10,ROUND(Næringsdeklaration!D39,0))))))) -> 0 | C3: =IFERROR(B3*37,0) -> 0 | F3: Fedt | G3: =IF('Bilag I Supplerende næringsdek'!D21="",0,IF('Bilag I Supplerende næringsdek'!D21<0.5,ROUND('Bilag I Supplerende næringsdek'!D21,1),IF('Bilag I Supplerende næringsdek'!D21=0.5,ROUND('Bilag I Supplerende næringsdek'!D21,1),IF(AND('Bilag I Supplerende næringsdek'!D21>0.5,'Bilag I Supplerende næringsdek'!D21<10),ROUND('Bilag I Supplerende næringsdek'!D21,1),IF('Bilag I Supplerende næringsdek'!D21=10,ROUND('Bilag I Supplerende næringsdek'!D21,0),IF('Bilag I Supplerende næringsdek'!D21>10,ROUND('Bilag I Supplerende næringsdek'!D21,0))))))) -> 0 | H3: =IFERROR(G3*37,0) -> 0 | K3: Fedt | L3: =IF('Bilag I Supplerende næringsdek'!D58="",0,IF('Bilag I Supplerende næringsdek'!D58<0.5,ROUND('Bilag I Supplerende næringsdek'!D58,1),IF('Bilag I Supplerende næringsdek'!D58=0.5,ROUND('Bilag I Supplerende næringsdek'!D58,1),IF(AND('Bilag I Supplerende næringsdek'!D58>0.5,'Bilag I Supplerende næringsdek'!D58<10),ROUND('Bilag I Supplerende næringsdek'!D58,1),IF('Bilag I Supplerende næringsdek'!D58=10,ROUND('Bilag I Supplerende næringsdek'!D58,0),IF('Bilag I Supplerende næringsdek'!D58>10,ROUND('Bilag I Supplerende næringsdek'!D58,0))))))) -> 0 | M3: =IFERROR(L3*37,0) -> 0
A4: Kulhydrat | B4: =IF(Næringsdeklaration!D43="",0,IF(Næringsdeklaration!D43<0.5,ROUND(Næringsdeklaration!D43,1),IF(Næringsdeklaration!D43=0.5,ROUND(Næringsdeklaration!D43,1),IF(AND(Næringsdeklaration!D43>0.5,Næringsdeklaration!D43<10),ROUND(Næringsdeklaration!D43,1),IF(Næringsdeklaration!D43=10,ROUND(Næringsdeklaration!D43,0),IF(Næringsdeklaration!D43>10,ROUND(Næringsdeklaration!D43,0))))))) -> 0 | C4: =IFERROR((B4-T5)*17,0) -> 0 | F4: Kulhydrat | G4: =IF('Bilag I Supplerende næringsdek'!D25="",0,IF('Bilag I Supplerende næringsdek'!D25<0.5,ROUND('Bilag I Supplerende næringsdek'!D25,1),IF('Bilag I Supplerende næringsdek'!D25=0.5,ROUND('Bilag I Supplerende næringsdek'!D25,1),IF(AND('Bilag I Supplerende næringsdek'!D25>0.5,'Bilag I Supplerende næringsdek'!D25<10),ROUND('Bilag I Supplerende næringsdek'!D25,1),IF('Bilag I Supplerende næringsdek'!D25=10,ROUND('Bilag I Supplerende næringsdek'!D25,0),IF('Bilag I Supplerende næringsdek'!D25>10,ROUND('Bilag I Supplerende næringsdek'!D25,0))))))) -> 0 | H4: =IFERROR((G4-Y5)*17,0) -> 0 | K4: Kulhydrat | L4: =IF('Bilag I Supplerende næringsdek'!D62="",0,IF('Bilag I Supplerende næringsdek'!D62<0.5,ROUND('Bilag I Supplerende næringsdek'!D62,1),IF('Bilag I Supplerende næringsdek'!D62=0.5,ROUND('Bilag I Supplerende næringsdek'!D62,1),IF(AND('Bilag I Supplerende næringsdek'!D62>0.5,'Bilag I Supplerende næringsdek'!D62<10),ROUND('Bilag I Supplerende næringsdek'!D62,1),IF('Bilag I Supplerende næringsdek'!D62=10,ROUND('Bilag I Supplerende næringsdek'!D62,0),IF('Bilag I Supplerende næringsdek'!D62>10,ROUND('Bilag I Supplerende næringsdek'!D62,0))))))) -> 0 | M4: =IFERROR((L4-AD5)*17,0) -> 0
A5: heraf sukkeralkoholer | B5: =Næringsdeklaration!D45 -> 0 | C5: =IFERROR(B5*10,0) -> 0 | F5: heraf sukkeralkoholer | G5: ='Bilag I Supplerende næringsdek'!D27 -> 0 | H5: =IFERROR(G5*10,0) -> 0 | K5: heraf sukkeralkoholer | L5: ='Bilag I Supplerende næringsdek'!D64 -> 0 | M5: =IFERROR(L5*10,0) -> 0
A6: Organisk syre | B6: =Næringsdeklaration!D51 -> 0 | C6: =IFERROR(B6*13,0) -> 0 | F6: Organisk syre | G6: ='Bilag I Supplerende næringsdek'!D33 -> 0 | H6: =IFERROR(G6*13,0) -> 0 | K6: Organisk syre | L6: ='Bilag I Supplerende næringsdek'!D70 -> 0 | M6: =IFERROR(L6*13,0) -> 0
A7: Kostfibre | B7: =IF(Næringsdeklaration!D46="",0,IF(Næringsdeklaration!D46<0.5,ROUND(Næringsdeklaration!D46,1),IF(Næringsdeklaration!D46=0.5,ROUND(Næringsdeklaration!D46,1),IF(AND(Næringsdeklaration!D46>0.5,Næringsdeklaration!D46<10),ROUND(Næringsdeklaration!D46,1),IF(Næringsdeklaration!D46=10,ROUND(Næringsdeklaration!D46,0),IF(Næringsdeklaration!D46>10,ROUND(Næringsdeklaration!D46,0))))))) -> 0 | C7: =IFERROR(B7*8,0) -> 0 | F7: Kostfibre | G7: =IF('Bilag I Supplerende næringsdek'!D28="",0,IF('Bilag I Supplerende næringsdek'!D28<0.5,ROUND('Bilag I Supplerende næringsdek'!D28,1),IF('Bilag I Supplerende næringsdek'!D28=0.5,ROUND('Bilag I Supplerende næringsdek'!D28,1),IF(AND('Bilag I Supplerende næringsdek'!D28>0.5,'Bilag I Supplerende næringsdek'!D28<10),ROUND('Bilag I Supplerende næringsdek'!D28,1),IF('Bilag I Supplerende næringsdek'!D28=10,ROUND('Bilag I Supplerende næringsdek'!D28,0),IF('Bilag I Supplerende næringsdek'!D28>10,ROUND('Bilag I Supplerende næringsdek'!D28,0))))))) -> 0 | H7: =IFERROR(G7*8,0) -> 0 | K7: Kostfibre | L7: =IF('Bilag I Supplerende næringsdek'!D65="",0,IF('Bilag I Supplerende næringsdek'!D65<0.5,ROUND('Bilag I Supplerende næringsdek'!D65,1),IF('Bilag I Supplerende næringsdek'!D65=0.5,ROUND('Bilag I Supplerende næringsdek'!D65,1),IF(AND('Bilag I Supplerende næringsdek'!D65>0.5,'Bilag I Supplerende næringsdek'!D65<10),ROUND('Bilag I Supplerende næringsdek'!D65,1),IF('Bilag I Supplerende næringsdek'!D65=10,ROUND('Bilag I Supplerende næringsdek'!D65,0),IF('Bilag I Supplerende næringsdek'!D65>10,ROUND('Bilag I Supplerende næringsdek'!D65,0))))))) -> 0 | M7: =IFERROR(L7*8,0) -> 0
A8: Protein | B8: =IF(Næringsdeklaration!D47="",0,IF(Næringsdeklaration!D47<0.5,ROUND(Næringsdeklaration!D47,1),IF(Næringsdeklaration!D47=0.5,ROUND(Næringsdeklaration!D47,1),IF(AND(Næringsdeklaration!D47>0.5,Næringsdeklaration!D47<10),ROUND(Næringsdeklaration!D47,1),IF(Næringsdeklaration!D47=10,ROUND(Næringsdeklaration!D47,0),IF(Næringsdeklaration!D47>10,ROUND(Næringsdeklaration!D47,0))))))) -> 0 | C8: =IFERROR(B8*17,0) -> 0 | F8: Protein | G8: =IF('Bilag I Supplerende næringsdek'!D29="",0,IF('Bilag I Supplerende næringsdek'!D29<0.5,ROUND('Bilag I Supplerende næringsdek'!D29,1),IF('Bilag I Supplerende næringsdek'!D29=0.5,ROUND('Bilag I Supplerende næringsdek'!D29,1),IF(AND('Bilag I Supplerende næringsdek'!D29>0.5,'Bilag I Supplerende næringsdek'!D29<10),ROUND('Bilag I Supplerende næringsdek'!D29,1),IF('Bilag I Supplerende næringsdek'!D29=10,ROUND('Bilag I Supplerende næringsdek'!D29,0),IF('Bilag I Supplerende næringsdek'!D29>10,ROUND('Bilag I Supplerende næringsdek'!D29,0))))))) -> 0 | H8: =IFERROR(G8*17,0) -> 0 | K8: Protein | L8: =IF('Bilag I Supplerende næringsdek'!D66="",0,IF('Bilag I Supplerende næringsdek'!D66<0.5,ROUND('Bilag I Supplerende næringsdek'!D66,1),IF('Bilag I Supplerende næringsdek'!D66=0.5,ROUND('Bilag I Supplerende næringsdek'!D66,1),IF(AND('Bilag I Supplerende næringsdek'!D66>0.5,'Bilag I Supplerende næringsdek'!D66<10),ROUND('Bilag I Supplerende næringsdek'!D66,1),IF('Bilag I Supplerende næringsdek'!D66=10,ROUND('Bilag I Supplerende næringsdek'!D66,0),IF('Bilag I Supplerende næringsdek'!D66>10,ROUND('Bilag I Supplerende næringsdek'!D66,0))))))) -> 0 | M8: =IFERROR(L8*17,0) -> 0
A9: Alkohol | B9: =Næringsdeklaration!D52 -> 0 | C9: =IFERROR(B9*29,0) -> 0 | F9: Alkohol | G9: ='Bilag I Supplerende næringsdek'!D34 -> 0 | H9: =IFERROR(G9*29,0) -> 0 | K9: Alkohol | L9: ='Bilag I Supplerende næringsdek'!D71 -> 0 | M9: =IFERROR(L9*29,0) -> 0
A10: Salatrim | B10: =Næringsdeklaration!D53 -> 0 | C10: =IFERROR(B10*25,0) -> 0 | F10: Salatrim | G10: ='Bilag I Supplerende næringsdek'!D35 -> 0 | H10: =IFERROR(G10*25,0) -> 0 | K10: Salatrim | L10: ='Bilag I Supplerende næringsdek'!D72 -> 0 | M10: =IFERROR(L10*25,0) -> 0
A11: Erythritol | B11: =Næringsdeklaration!D54 -> 0 | C11: =IFERROR(B11*0,0) -> 0 | F11: Erythritol | G11: ='Bilag I Supplerende næringsdek'!D36 -> 0 | H11: =IFERROR(G11*0,0) -> 0 | K11: Erythritol | L11: ='Bilag I Supplerende næringsdek'!D73 -> 0 | M11: =IFERROR(L11*0,0) -> 0
A13: Kj | C13: =ROUND(SUM(C3:C11),0) -> 0 | F13: Kj | H13: =ROUND(SUM(H3:H11),0) -> 0 | K13: Kj | M13: =ROUND(SUM(M3:M11),0) -> 0
A14: Kcal | C14: =ROUND(B3*9+(B4-B5)*4+B5*2.4+B6*3+B7*2+B8*4+B9*7+B10*6,0) -> 0 | F14: Kcal | H14: =ROUND(G3*9+(G4-G5)*4+G5*2.4+G6*3+G7*2+G8*4+G9*7+G10*6,0) -> 0 | K14: Kcal | M14: =ROUND(L3*9+(L4-L5)*4+L5*2.4+L6*3+L7*2+L8*4+L9*7+L10*6,0) -> 0

Sheet EmballageDDGS1
A2: Emballagetype (PackagingPartCodeList)
A3: Dansk | B3: Engelsk | C3: Overførsel | D3: GdsnCode2 | E3: ID
A4: Vælg | B4: Select
A5: Ampul | B5: Ampoule | C5: Ampoule | D5: AM | E5: 81501
A6: Bag-In-Box | B6: Bag in Box | C6: Bag in Box | D6: BBG | E6: 81503
A7: Bakke | B7: Tray | C7: Tray | D7: PU | E7: 81532
A8: Bestik, service | B8: Disposable cutlery | C8: Disposable cutlery | D8: CONSUMPTION_UTENSIL | E8: 81490
A9: Blister pakke | B9: Blister pack | C9: Blister pack | D9: BPG | E9: 81509
A10: Brik | B10: Brick | C10: Brick | D10: BRI | E10: 81510
A11: Bur | B11: Cage | C11: Cage | D11: CG | E11: 81512
A12: Bøtte | B12: Pot | C12: Pot | D12: PT | E12: 81531
A13: Clamshell beholder | B13: Clam Shell | C13: Clam Shell | D13: CMS | E13: 81514
A14: Cylinder | B14: Cylinder | C14: Cylinder | D14: CY | E14: 81520
A15: Dispenser/pumpe | B15: Tap/dispenser/pump | C15: Tap/dispenser/pump | D15: DISPENSER | E15: 81496
A16: Dunk | B16: Jug | C16: Jug | D16: JG | E16: 81523
A17: Dåse | B17: Can | C17: Can | D17: CNG | E17: 81515
A18: Film/folie | B18: Film/foil | C18: Film/foil
A19: Flaske | B19: Bottle | C19: Bottle | D19: BO | E19: 81508
A20: Fleksible midlertidig beholder | B20: Flexible Intermediate Bulk Container | C20: Flexible Intermediate Bulk Container | D20: ZU | E20: 81542
A21: Glas/Krukke | B21: Jar | C21: Jar | D21: JR | E21: 81524
A22: Hætte | B22: Cap | C22: Cap | D22: CAP | E22: 81488
A23: Håndtag | B23: Hanger | C23: Hanger | D23: HANDLE | E23: 81491
A24: Indbundet pakke | B24: Banded package | C24: Banded package | D24: X11 | E24: 81507
A25: Indpakning | B25: Wrapper | C25: Wrapper | D25: WRP | E25: 81541
A26: Karton | B26: Carton | C26: Carton | D26: CT | E26: 81518
A27: Karton (Gable-top) | B27: Gable Top | C27: Gable Top | D27: GTG | E27: 81522
A28: Kasse | B28: Case | C28: Case | D28: CS | E28: 81517
A29: Kasse uden låg | B29: Crate | C29: Crate | D29: CR | E29: 81516
A30: Kop/bæger | B30: Cup\Tub | C30: Cup\Tub | D30: CU | E30: 81519
... A55: Stor fast beholder | B55: Intermediate Bulk Container, rigid plastic | C55: Intermediate Bulk Container, rigid plastic | D55: AA | E55: 81499
A56: Strips | B56: Strips | C56: Strips
A57: Ståpose | B57: Pouch | C57: Pouch | D57: PO | E57: 81530
A58: Sugerør | B58: Straw | C58: Straw
A59: Tape | B59: Tape | C59: Tape
A60: Tube | B60: Tube | C60: Tube | D60: TU | E60: 81540
A61: Tønde | B61: Barrel | C61: Barrel | D61: BA | E61: 81502
A62: Ventil | B62: Valve | C62: Valve
A63: Viklet ind i plastikfilm | B63: Stretchwrapped | C63: Stretchwrapped | D63: STR | E63: 81537
A64: Vindue | B64: Window | C64: Window | D64: WINDOW | E64: 81497
A65: Æske | B65: Box | C65: Box | D65: BX | E65: 81511
A68: Materialetype (PackagingMaterialeTypeCodeList)
A69: Dansk | B69: Engelsk | C69: Overførsel | D69: GdsnCode2 | E69: ID
A70: Vælg | B70: Select
A71: AlOx | B71: AlOx | C71: AlOx
A72: Aluminium | B72: Aluminum | C72: Aluminum | D72: METAL_ALUMINUM | E72: 6141
A73: Amorf polyethylenterephthalat (APET) | B73: Polyethylene Terephthalate, amorphous (APET) | C73: Polyethylene Terephthalate, amorphous (APET) | D73: POLYMER_APET | E73: 81416
A74: Andet | B74: Other | C74: Other | D74: OTHER | E74: 6153
A75: Bambus | B75: Bamboo | C75: Bamboo | D75: BAMBOO | E75: 820102
A76: Bio-plast | B76: Bio-plastic | C76: Bio-plastic | D76: PLASTIC_BIO_PLASTIC | E76: 6160
A77: Bly | B77: Lead | C77: Lead | D77: METAL_LEAD | E77: 6144
A78: Bomuldsfibre | B78: Cotton | C78: Cotton | D78: FIBRE_COTTON | E78: 6132
A79: Bølgepap | B79: Corrugated | C79: Corrugated | D79: PAPER_CORRUGATED | E79: 6154
A80: Calciumcarbonat | B80: Calcium Carbonate | C80: Calcium Carbonate | D80: MINERAL_CALCIUM_CARBONATE | E80: 6149
A81: Cellulose hydrate | B81: Cellulose hydrate | C81: Cellulose hydrate | D81: CELLULOSE_HYDRATE | E81: 81413
A82: Celluloseacetat | B82: Cellulose Acetate | C82: Cellulose Acetate | D82: POLYMER_CELLULOSE_ACETATE | E82: 6163
A83: Doublevægget bølgepap | B83: Double Wall Corrugated Board | C83: Double Wall Corrugated Board | D83: CORRUGATED_BOARD_DOUBLE_WALL | E83: 6127
... A86: Epoxy | B86: Epoxy | C86: Epoxy | D86: POLYMER_EPOXY | E86: 6164
A87: Ethylen-butyl acrylat (EBA) | B87: Ethylene butyl acrylate (EBA) | C87: Ethylene butyl acrylate (EBA)
A88: Ethylen-vinyl alkohol (EVOH) | B88: Ethylene vinyl alcohol, (EVOH) | C88: Ethylene vinyl alcohol, (EVOH) | D88: POLYMER_EVOH | E88: 6166
A89: Ethylen-vinylacetat (EVA) | B89: Ethylene vinyl acetate, (EVA) | C89: Ethylene vinyl acetate, (EVA) | D89: POLYMER_EVA | E89: 6165
A90: Extruded polystyrene (XPS) | B90: Extruded polystyrene (XPS) | C90: Extruded polystyrene (XPS) | D90: POLYMER_XPS | E90: 801762
A91: Farvet Glas | B91: Coloured Glass | C91: Coloured Glass | D91: GLASS_COLOURED | E91: 6139
A92: Fiberplade, medium densitet | B92: Medium density fibreboard | C92: Medium density fibreboard | D92: WOOD_MEDIUM_DENSITY_FIBREBOARD | E92: 23202
A93: Fiberplader | B93: Hardboard | C93: Hardboard | D93: WOOD_HARDBOARD | E93: 22878
A94: Glas | B94: Glass | C94: Glass | D94: GLASS | E94: 6138
A95: Gummi | B95: Rubber | C95: Rubber | D95: RUBBER | E95: 6188
A96: Hampfibre | B96: Hemp | C96: Hemp | D96: FIBRE_HEMP | E96: 6134
A97: Hydroxypropyl Cellulose (HPC) | B97: Hydroxypropyl Cellulose (HPC) | C97: Hydroxypropyl Cellulose (HPC)
A98: Høj densitet polyethylen (HDPE) | B98: High Density Polyethylene (HDPE) | C98: High Density Polyethylene (HDPE) | D98: POLYMER_HDPE | E98: 6167
A99: Hørfibre | B99: Flax | C99: Flax | D99: FIBRE_FLAX | E99: 6133
A100: Hårdt træ | B100: Hardwood | C100: Hardwood | D100: WOOD_HARDWOOD | E100: 6191
A101: Jern | B101: Iron | C101: Iron | D101: METAL_IRON | E101: 6143
A102: Jutefibre | B102: Jute | C102: Jute | D102: FIBRE_JUTE | E102: 6135
A103: Keramik og stentøj | B103: Ceramic | C103: Ceramic | D103: CERAMIC | E103: 6124
A104: Kraftpapir | B104: Kraft paper | C104: Kraft paper | D104: PAPER_KRAFT | E104: 81414
A105: Kraftpapir (fugtig styrke) | B105: Kraft paper (wet strength) | C105: Kraft paper (wet strength) | D105: PAPER_KRAFT_WET_STRENGTH | E105: 81415
A106: Krydsfinér | B106: Plywood | C106: Plywood | D106: WOOD_PLYWOOD | E106: 22882
A107: Krystalliseret polyethylenterephthalat (CPET) | B107: Crystallized polyethylene terephthalate (CPET) | C107: Crystallized polyethylene terephthalate (CPET) | D107: POLYMER_CPET | E107: 820103
A108: Lamineret Karton | B108: Laminated Carton | C108: Laminated Carton | D108: LAMINATED_CARTON | E108: 6140
A109: Lav densitet polyethylen (LDPE) | B109: Low-density polyethylene (LDPE) | C109: Low-density polyethylene (LDPE) | D109: POLYMER_LDPE | E109: 6168
... A144: Sammensat materiale, Komposit | B144: Composite | C144: Composite | D144: COMPOSITE | E144: 6126
A145: SiOx | B145: SiOx | C145: SiOx
A146: Skum | B146: Foam | C146: Foam | D146: FOAM | E146: 6137
A147: Spånplade | B147: Particle board | C147: Particle board | D147: WOOD_PARTICLE_BOARD | E147: 22881
A148: Styren acrylonitril (SAN) | B148: Styrene acrylonitrile (SAN) | C148: Styrene acrylonitrile (SAN) | D148: POLYMER_SAN | E148: 81422
A149: Stål | B149: Steel | C149: Steel | D149: METAL_STEEL | E149: 6147
A150: Sækkelærred | B150: Burlap | C150: Burlap | D150: FIBRE_BURLAP | E150: 6131
A151: Talkum | B151: Talc | C151: Talc | D151: MINERAL_TALC | E151: 6151
A152: Tekstil | B152: Cloth or Fabric | C152: Cloth or Fabric | D152: CLOTH_OR_FABRIC | E152: 6125
A153: Termoplast | B153: Thermoplastics | C153: Thermoplastics | D153: PLASTIC_THERMOPLASTICS | E153: 6162
A154: Termoplastisk stivelse (TPS) | B154: Thermoplastic Starch (TPS) | C154: Thermoplastic Starch (TPS) | D154: POLYMER_TPS | E154: 6187
A155: Tin | B155: Tin | C155: Tin | D155: METAL_TIN | E155: 6148
A156: Tripplevægget bølgepap | B156: Triple Wall Corrugated Board | C156: Triple Wall Corrugated Board | D156: CORRUGATED_BOARD_TRIPLE_WALL | E156: 6130
A157: Træfiberplade (OSB-plade) | B157: Oriented strand board (OSB) | C157: Oriented strand board (OSB) | D157: WOOD_ORIENTED_STRANDBOARD | E157: 22880
... A159: Viskose | B159: Rayon Paper | C159: Rayon Paper | D159: PAPER_RAYON | E159: 6159
A167: Materialefarve (PackagingMaterialeColourCodeList)
A168: Dansk | B168: Engelsk | C168: Overførsel | D168: GdsnCode | E168: ID
A169: Vælg | B169: Select
A170: Blå, Transparent | B170: Transparent blue | C170: Transparent blue | D170: TRANSPARENT_BLUE | E170: 81550
A171: Uden farve, Transparent | B171: Transparent colourless | C171: Transparent colourless | D171: TRANSPARENT_COLOURLESS | E171: 81551
...

Sheet Drop down
A1: Ja/Nej | B1: Engelsk oversættelse | D1: Lande | I1: Lande | P1: Betinget formatering - Skift alt efter om det er Dansk eller engelsk | R1: Til dataformler
D2: Dansk | E2: Norsk | F2: Engelsk | I2: Dansk | J2: Norsk | K2: Engelsk | R2: Dansk | S2: Engelsk | V2: Fangstområde | X2: Underområde | Z2: Afsnit
D3: Lande (dansk) | E3: Lande (NO) | F3: Lande (ENG) | G3: ISO 3166-1 | I3: Lande (dansk) | J3: Lande (NO) | K3: Lande (ENG) | L3: ISO 3166-1 | P3: Sprog | R3: Vælg | S3: Select | V3: FAO 1 | X3: FAO 21.0 | Z3: FAO 21.0.A
A4: Dansk | B4: Engelsk | D4: Afghanistan | E4: Afghanistan | F4: Afghanistan | G4: AFG | I4: Afghanistan | J4: Afghanistan | K4: Afghanistan | L4: AFG | P4: Dansk | V4: FAO 2 | X4: FAO 21.1 | Z4: FAO 21.0.B
A5: Vælg | B5: Select | D5: Albanien | E5: Albania | F5: Albania | G5: ALB | I5: Albanien | J5: Albania | K5: Albania | L5: ALB | V5: FAO 3 | X5: FAO 21.2 | Z5: FAO 21.1.A
A6: Ja | B6: Yes | D6: Algeriet | E6: Algerie | F6: Algeria | G6: DZA | I6: Algeriet | J6: Algerie | K6: Algeria | L6: DZA | P6: =IF($P$4="Engelsk","Select","Vælg") -> Vælg | V6: FAO 4 | X6: FAO 21.4 | Z6: FAO 21.1.B
A7: Nej | B7: No | D7: Andorra | E7: Andorra | F7: Andorra | G7: AND | I7: Andorra | J7: Andorra | K7: Andorra | L7: AND | P7: =IF($P$4="Engelsk","Insert","Indsæt") -> Indsæt | V7: FAO 5 | X7: FAO 21.5 | Z7: FAO 21.1.C
D8: Angola | E8: Angola | F8: Angola | G8: AGO | I8: Angola | J8: Angola | K8: Angola | L8: AGO | P8: =IF($P$4="Engelsk","Packaging part not selected","Emballagedel ikke valgt") -> Emballagedel ikke valgt | V8: FAO 6 | X8: FAO 21.6 | Z8: FAO 21.1.D
D9: Antigua &Barbuda | E9: Antigua og Barbuda | F9: Antigua & Barbuda | G9: ATG | I9: Antigua &Barbuda | J9: Antigua og Barbuda | K9: Antigua & Barbuda | L9: ATG | P9: =IF($P$4="Engelsk","Calculated","Beregnes") -> Beregnes | V9: FAO 7 | X9: FAO 27.1 | Z9: FAO 21.1.E
A10: Nettoindhold enheder: | D10: Argentina | E10: Argentina | F10: Argentina | G10: ARG | I10: Argentina | J10: Argentina | K10: Argentina | L10: ARG | P10: =IF($P$4="Engelsk","Yes","Ja") -> Ja | V10: FAO 8 | X10: FAO 27.10 | Z10: FAO 21.1.F
A11: Dansk | B11: Engelsk | D11: Armenien | E11: Armenia | F11: Armenia | G11: ARM | I11: Armenien | J11: Armenia | K11: Armenia | L11: ARM | P11: =IF($P$4="Engelsk","No","Nej") -> Nej | V11: FAO 18 | X11: FAO 27.12 | Z11: FAO 21.2.G
A12: Vælg | B12: Select | D12: Aserbajdsjan | E12: Aserbajdsjan | F12: Azerbaijan | G12: AZE | I12: Aserbajdsjan | J12: Aserbajdsjan | K12: Azerbaijan | L12: AZE | P12: =IF($P$4="Engelsk","Next","Næste") -> Næste | V12: FAO 21 | X12: FAO 27.14 | Z12: FAO 21.2.H
A13: g | B13: g | D13: Australien | E13: Australia | F13: Australia | G13: AUS | I13: Australien | J13: Australia | K13: Australia | L13: AUS | P13: =IF($P$4="Engelsk","Previous","Forrige") -> Forrige | V13: FAO 27 | X13: FAO 27.2 | Z13: FAO 21.2.J
A14: ml | B14: ml | D14: Bahamas | E14: Bahamas | F14: Bahamas | G14: BHS | I14: Bahamas | J14: Bahamas | K14: Bahamas | L14: BHS | P14: =IF($P$4="Engelsk","All rights to this document belong to Varefakta, and the document may not be copied, reproduced, passed on and / or used without prior written permission from Varefakta. (version 26.1).","Alle rettigheder til dette dokument tilhører Varefakta, og dokumentet må ikke kopieres, gengives, videregives og/eller benyttes uden forudgående skriftlig tilladelse fra Varefakta (Version 26.1).") -> Alle rettigheder til dette dokument tilhører Varefakta, og dokumentet må ikke kopieres, gengives, videregives og/eller benyttes uden forudgående skriftlig tilladelse fra Varefakta (Version 26.1). | V14: FAO 30 | X14: FAO 27.3 | Z14: FAO 21.3.
A15: Tiltrykkes efterfølgende | B15: Printed afterwards | D15: Bahrain | E15: Bahrain | F15: Bahrain | G15: BHR | I15: Bahrain | J15: Bahrain | K15: Bahrain | L15: BHR | P15: DDMMYY | V15: FAO 34 | X15: FAO 27.4 | Z15: FAO 21.3.K
D16: Bangladesh | E16: Bangladesh | F16: Bangladesh | G16: BGD | I16: Bangladesh | J16: Bangladesh | K16: Bangladesh | L16: BGD | V16: FAO 37 | X16: FAO 27.5 | Z16: FAO 21.3.L
A17: Tilsætning oprindelser: | D17: Barbados | E17: Barbados | F17: Barbados | G17: BRB | I17: Barbados | J17: Barbados | K17: Barbados | L17: BRB | V17: FAO 41 | X17: FAO 27.6 | Z17: FAO 21.3.M
D18: Belgien | E18: Belgia | F18: Belgium | G18: BEL | I18: Belgien | J18: Belgia | K18: Belgium | L18: BEL | V18: FAO 48 | X18: FAO 27.7 | Z18: FAO 21.3.N
A19: Dansk | B19: Engelsk | D19: Belize | E19: Belize | F19: Belize | G19: BLZ | I19: Belize | J19: Belize | K19: Belize | L19: BLZ | V19: FAO 51 | X19: FAO 27.8 | Z19: FAO 21.3.O
A20: Vælg | B20: Select | D20: Benin | E20: Benin | F20: Benin | G20: BEN | I20: Benin | J20: Benin | K20: Benin | L20: BEN | V20: FAO 57 | X20: FAO 27.9 | Z20: FAO 21.3.P
A21: Vegetabilsk | B21: Vegetable | D21: Bhutan | E21: Bhutan | F21: Bhutan | G21: BTN | I21: Bhutan | J21: Bhutan | K21: Bhutan | L21: BTN | V21: FAO 58 | X21: FAO 34.1 | Z21: FAO 21.4.R
A22: Animalsk | B22: Animal | D22: Bolivia | E22: Bolivia | F22: Bolivia | G22: BOL | I22: Bolivia | J22: Bolivia | K22: Bolivia | L22: BOL | V22: FAO 61 | X22: FAO 34.2 | Z22: FAO 21.4.S
A23: Mikrobiel | B23: Microbial | D23: Bosnien-Herzegovina | E23: Bosnia og Herzegovina | F23: Bosnia and Herzegovina | G23: BIH | I23: Bosnien-Herzegovina | J23: Bosnia og Herzegovina | K23: Bosnia and Herzegovina | L23: BIH | V23: FAO 67 | X23: FAO 34.3 | Z23: FAO 21.4.t
A24: Syntetisk | B24: Synthetic | D24: Botswana | E24: Botswana | F24: Botswana | G24: BWA | I24: Botswana | J24: Botswana | K24: Botswana | L24: BWA | V24: FAO 71 | X24: FAO 34.4 | Z24: FAO 21.4.v
D25: Brasilien | E25: Brasil | F25: Brazil | G25: BRA | I25: Brasilien | J25: Brasil | K25: Brazil | L25: BRA | V25: FAO 77 | X25: FAO 37.1 | Z25: FAO 21.4.w
A26: Glycyrrhizinsyre | D26: Brunei | E26: Brunei | F26: Brunei | G26: BRN | I26: Brunei | J26: Brunei | K26: Brunei | L26: BRN | V26: FAO 81 | X26: FAO 37.2 | Z26: FAO 21.4.X
D27: Bulgarien | E27: Bulgaria | F27: Bulgaria | G27: BGR | I27: Bulgarien | J27: Bulgaria | K27: Bulgaria | L27: BGR | V27: FAO 87 | X27: FAO 37.3 | Z27: FAO 21.5.Y
A28: Dansk | B28: Engelsk | D28: Burkina Faso | E28: Burkina Faso | F28: Burkina Faso | G28: BFA | I28: Burkina Faso | J28: Burkina Faso | K28: Burkina Faso | L28: BFA | V28: FAO 88 | X28: FAO 37.4 | Z28: FAO 21.5.Z
A29: Vælg | B29: Select | D29: Burma (Myanmar) | E29: Burma (Myanmar) | F29: Burma (Myanmar) | G29: MMR | I29: Burma (Myanmar) | J29: Burma (Myanmar) | K29: Burma (Myanmar) | L29: MMR | X29: FAO 41.1 | Z29: FAO 21.6.A
A30: 4 g/kg eller derover for konfekture | B30: 4 g/kg or more for confectionery | D30: Burundi | E30: Burundi | F30: Burundi | G30: BDI | I30: Burundi | J30: Burundi | K30: Burundi | L30: BDI | X30: FAO 41.2 | Z30: FAO 21.6.B
A31: Under 4 g/kg for konfekture | B31: Under 4 g/kg for confectionery | D31: Cambodja | E31: Kambodsja | F31: Cambodia | G31: KHM | I31: Cambodja | J31: Kambodsja | K31: Cambodia | L31: KHM | X31: FAO 47.1 | Z31: FAO 21.6.C
A32: 100 mg/kg eller 10 mg/l eller derover på konfekture eller drikkevarer | B32: 100 mg/kg or 10 mg/l or more for confectionery or beverages | D32: Cameroun | E32: Kamerun | F32: Cameroon | G32: CMR | I32: Cameroun | J32: Kamerun | K32: Cameroon | L32: CMR | X32: FAO 47.2 | Z32: FAO 21.6.D
A33: Under 100 mg/kg eller 10 mg/l for konfekture eller drikkevarer | B33: Under 100 mg/kg or 10 mg/l for confectionery or beverages | D33: Canada | E33: Canada | F33: Canada | G33: CAN | I33: Canada | J33: Canada | K33: Canada | L33: CAN | X33: FAO 47.A | Z33: FAO 21.6.E
D34: Centralafrika | E34: Sentral-Afrika | F34: Central Africa | G34: CAF | I34: Centralafrika | J34: Sentral-Afrika | K34: Central Africa | L34: CAF | X34: FAO 47.C | Z34: FAO 21.6.F
D35: Chad | E35: Tsjad | F35: Chad | G35: TCD | I35: Chad | J35: Tsjad | K35: Chad | L35: TCD | X35: FAO 47.D | Z35: FAO 21.6.G
A36: Næringsindhold | D36: Chile | E36: Chile | F36: Chile | G36: CHL | I36: Chile | J36: Chile | K36: Chile | L36: CHL | X36: FAO 48.1 | Z36: FAO 21.6.H
D37: Colombia | E37: Colombia | F37: Colombia | G37: COL | I37: Colombia | J37: Colombia | K37: Colombia | L37: COL | X37: FAO 48.2 | Z37: FAO 27.1.a
A38: Dansk | B38: Engelsk | D38: Comorerne | E38: Komorene | F38: Comoros | G38: COM | I38: Comorerne | J38: Komorene | K38: Comoros | L38: COM | X38: FAO 48.3 | Z38: FAO 27.1.b
A39: Vælg | B39: Select | D39: Congo | E39: Kongo | F39: Congo | G39: COG | I39: Congo | J39: Kongo | K39: Congo | L39: COG | X39: FAO 48.4 | Z39: FAO 27.10.a
A40: Pr. 100 g | B40: Per 100 g | D40: Costa Rica | E40: Costa Rica | F40: Costa Rica | G40: CRI | I40: Costa Rica | J40: Costa Rica | K40: Costa Rica | L40: CRI | X40: FAO 48.5 | Z40: FAO 27.10.b
A41: Pr. 100 ml | B41: Per 100 ml | D41: Cuba | E41: Cuba | F41: Cuba | G41: CUB | I41: Cuba | J41: Cuba | K41: Cuba | L41: CUB | X41: FAO 48.6 | Z41: FAO 27.12.a
A42: Pr. 100 g drænet vare | B42: Per 100 g drained product | D42: Cypern | E42: Kypros | F42: Cyprus | G42: CYP | I42: Cypern | J42: Kypros | K42: Cyprus | L42: CYP | X42: FAO 51.1 | Z42: FAO 27.12.b
D43: Danmark | E43: Danmark | F43: Denmark | G43: DNK | I43: Danmark | J43: Danmark | K43: Denmark | L43: DNK | X43: FAO 51.2 | Z43: FAO 27.12.c
A44: Enhed | D44: Darussalem | E44: Darussalem | F44: Darussalem | G44: BRN | I44: Darussalem | J44: Darussalem | K44: Darussalem | L44: BRN | X44: FAO 51.3 | Z44: FAO 27.14.a
D45: Demokratiske rep. Congo | E45: Demokratisk rep. Kongo | F45: Democratic rep. Congo | G45: COD | I45: Demokratiske rep. Congo | J45: Demokratisk rep. Kongo | K45: Democratic rep. Congo | L45: COD | X45: FAO 51.4 | Z45: FAO 27.14.b
A46: Dansk | B46: Engelsk | D46: Djibouti | E46: Djibouti | F46: Djibouti | G46: DJI | I46: Djibouti | J46: Djibouti | K46: Djibouti | L46: DJI | X46: FAO 51.5 | Z46: FAO 27.2.a
A47: Vælg | B47: Select | D47: Dominica | E47: Dominica | F47: Dominica | G47: DMA | I47: Dominica | J47: Dominica | K47: Dominica | L47: DMA | X47: FAO 51.6 | Z47: FAO 27.2.b
A48: mg | B48: mg | D48: Dominikanske Republik | E48: den dominikanske republikk | F48: Dominican Republic | G48: DOM | I48: Dominikanske Republik | J48: den dominikanske republikk | K48: Dominican Republic | L48: DOM | X48: FAO 51.7 | Z48: FAO 27.3.a
A49: µg | B49: µg | D49: Ecuador | E49: Ecuador | F49: Ecuador | G49: ECU | I49: Ecuador | J49: Ecuador | K49: Ecuador | L49: ECU | X49: FAO 51.8 | Z49: FAO 27.3.b,c
D50: Egypten | E50: Egypt | F50: Egypt | G50: EGY | I50: Egypten | J50: Egypt | K50: Egypt | L50: EGY | X50: FAO 57.1 | Z50: FAO 27.3.d
D51: El Salvador | E51: El Salvador | F51: El Salvador | G51: SLV | I51: El Salvador | J51: El Salvador | K51: El Salvador | L51: SLV | X51: FAO 57.2 | Z51: FAO 27.4.a
A52: Opbygning af datomærkning | D52: Elfenbens- kysten | E52: Elfenbenskysten | F52: Ivory Coast | G52: CIV | I52: Elfenbens- kysten | J52: Elfenbenskysten | K52: Ivory Coast | L52: CIV | X52: FAO 57.3 | Z52: FAO 27.4.b
D53: Eritrea | E53: Eritrea | F53: Eritrea | G53: ERI | I53: Eritrea | J53: Eritrea | K53: Eritrea | L53: ERI | X53: FAO 57.4 | Z53: FAO 27.4.c
A54: Dansk | B54: Engelsk | D54: Estland | E54: Estland | F54: Estonia | G54: EST | I54: Estland | J54: Estland | K54: Estonia | L54: EST | X54: FAO 57.5 | Z54: FAO 27.5.a
A55: Vælg | B55: Select | D55: Etiopien | E55: Etiopia | F55: Ethiopia | G55: ETH | I55: Etiopien | J55: Etiopia | K55: Ethiopia | L55: ETH | X55: FAO 58.5 | Z55: FAO 27.5.b
A56: DDMM(ÅÅ)ÅÅ | B56: DDMM(YY)YY | D56: Fiji | E56: Fiji | F56: Fiji | G56: FJI | I56: Fiji | J56: Fiji | K56: Fiji | L56: FJI | X56: FAO 58.6 | Z56: FAO 27.6.a
A57: MM(ÅÅ)ÅÅ | B57: MM(YY)YY | D57: Filippinerne | E57: Filippinene | F57: Phillipines | G57: PHL | I57: Filippinerne | J57: Filippinene | K57: Phillipines | L57: PHL | X57: FAO 58.7 | Z57: FAO 27.6.b
A58: ÅÅÅÅ | B58: YYYY | D58: Finland | E58: Finland | F58: Finland | G58: FIN | I58: Finland | J58: Finland | K58: Finland | L58: FIN | X58: FAO 87.1 | Z58: FAO 27.7.a
A59: DDMM | B59: DDMM | D59: Forenede Arab. Emirater | E59: De forente arabiske. Emirater | F59: United Arab. Emirates | G59: ARE | I59: Forenede Arab. Emirater | J59: De forente arabiske. Emirater | K59: United Arab. Emirates | L59: ARE | X59: FAO 88.1 | Z59: FAO 27.7.b
D60: Frankrig | E60: Frankrike | F60: France | G60: FRA | I60: Frankrig | J60: Frankrike | K60: France | L60: FRA | X60: FAO 88.2 | Z60: FAO 27.7.c
D61: Gabon | E61: Gabon | F61: Gabon | G61: GAB | I61: Gabon | J61: Gabon | K61: Gabon | L61: GAB | X61: FAO 88.3 | Z61: FAO 27.7.d
A62: Opbygning af datomærkning | D62: Gambia | E62: Gambia | F62: Gambia | G62: GMB | I62: Gambia | J62: Gambia | K62: Gambia | L62: GMB | Z62: FAO 27.7.e
D63: Georgien | E63: Georgia | F63: Georgia | G63: GEO | I63: Georgien | J63: Georgia | K63: Georgia | L63: GEO | Z63: FAO 27.7.f
A64: Dansk | B64: Engelsk | D64: Ghana | E64: Ghana | F64: Ghana | G64: GHA | I64: Ghana | J64: Ghana | K64: Ghana | L64: GHA | Z64: FAO 27.7.g
A65: Vælg | B65: Select | D65: Grenada | E65: Grenada | F65: Grenada | G65: GRD | I65: Grenada | J65: Grenada | K65: Grenada | L65: GRD | Z65: FAO 27.7.h
A66: DDMM(ÅÅ)ÅÅ | B66: DDMM(YY)YY | D66: Grenadinerne | E66: Grenadinene | F66: The Grenadines | G66: VCT | I66: Grenadinerne | J66: Grenadinene | K66: The Grenadines | L66: VCT | Z66: FAO 27.7.j
A67: MM(ÅÅ)ÅÅ | B67: MM(YY)YY | D67: Grækenland | E67: Hellas | F67: Greece | G67: GRC | I67: Grækenland | J67: Hellas | K67: Greece | L67: GRC | Z67: FAO 27.7.k
D68: Guatemala | E68: Guatemala | F68: Guatemala | G68: GTM | I68: Guatemala | J68: Guatemala | K68: Guatemala | L68: GTM | Z68: FAO 27.8.a
D69: Guinea | E69: Guinea | F69: Guinea | G69: GIN | I69: Guinea | J69: Guinea | K69: Guinea | L69: GIN | Z69: FAO 27.8.b
A70: Opbevaring temp før åbning | D70: Guinea-Bissau | E70: Guinea-Bissau | F70: Guinea-Bissau | G70: GNB | I70: Guinea-Bissau | J70: Guinea-Bissau | K70: Guinea-Bissau | L70: GNB | Z70: FAO 27.8.c
D71: Guyana | E71: Guyana | F71: Guyana | G71: GUY | I71: Guyana | J71: Guyana | K71: Guyana | L71: GUY | Z71: FAO 27.8.d
A72: Dansk | B72: Engelsk | D72: Haiti | E72: Haiti | F72: Haiti | G72: HTI | I72: Haiti | J72: Haiti | K72: Haiti | L72: HTI | Z72: FAO 27.8.e
A73: Vælg | B73: Select | D73: Honduras | E73: Honduras | F73: Honduras | G73: HND | I73: Honduras | J73: Honduras | K73: Honduras | L73: HND | Z73: FAO 27.9.a
A74: I dybfryser ved -18 °C eller koldere | B74: In freezer at -18 °C or colder | D74: Belarus | E74: Belarus | F74: Belarus | G74: BLR | I74: Belarus | J74: Belarus | K74: Belarus | L74: BLR | Z74: FAO 27.9.b
A75: På frost ved -18 °C | B75: Frozen at -18 °C | D75: Indien | E75: India | F75: India | G75: IND | I75: Indien | J75: India | K75: India | L75: IND | Z75: FAO 34.1.1
A76: I køleskab ved højst +5 °C | B76: In refrigerator at max. +5 °C | D76: Indonesien | E76: Indonesia | F76: Indonesia | G76: IDN | I76: Indonesien | J76: Indonesia | K76: Indonesia | L76: IDN | Z76: FAO 34.1.2
A77: Ved stuetemperatur (20-25 °C) | B77: At room temperature (20-25 °C) | D77: Irak | E77: Irak | F77: Iraq | G77: IRQ | I77: Irak | J77: Irak | K77: Iraq | L77: IRQ | Z77: FAO 34.1.3
D78: Iran | E78: Iran | F78: Iran | G78: IRN | I78: Iran | J78: Iran | K78: Iran | L78: IRN | Z78: FAO 34.3.1
D79: Irland | E79: Irland | F79: Ireland | G79: IRL | I79: Irland | J79: Irland | K79: Ireland | L79: IRL | Z79: FAO 34.3.2
A80: RFA certificeringsgrad | D80: Island | E80: Island | F80: Iceland | G80: ISL | I80: Island | J80: Island | K80: Iceland | L80: ISL | Z80: FAO 34.3.3
D81: Israel | E81: Israel | F81: Israel | G81: ISR | I81: Israel | J81: Israel | K81: Israel | L81: ISR | Z81: FAO 34.3.4
A82: Dansk | B82: Engelsk | D82: Italien | E82: Italia | F82: Italy | G82: ITA | I82: Italien | J82: Italia | K82: Italy | L82: ITA | Z82: FAO 34.3.5
A83: Vælg | B83: Select | D83: Jamaica | E83: Jamaica | F83: Jamaica | G83: JAM | I83: Jamaica | J83: Jamaica | K83: Jamaica | L83: JAM | Z83: FAO 34.3.6
A84: IP | B84: IP | D84: Japan | E84: Japan | F84: Japan | G84: JPN | I84: Japan | J84: Japan | K84: Japan | L84: JPN | Z84: FAO 34.4.1
A85: SG | B85: SG | D85: Jordan | E85: Jordan | F85: Jordan | G85: JOR | I85: Jordan | J85: Jordan | K85: Jordan | L85: JOR | Z85: FAO 34.4.2
A86: MB | B86: MB | D86: Kapverdiske Øer | E86: Kapp Verde-øyene | F86: Cape Verde Islands | G86: CPV | I86: Kapverdiske Øer | J86: Kapp Verde-øyene | K86: Cape Verde Islands | L86: CPV | Z86: FAO 37.1.1
D87: Kasakhstan | E87: Kasakhstan | F87: Kazakhstan | G87: KAZ | I87: Kasakhstan | J87: Kasakhstan | K87: Kazakhstan | L87: KAZ | Z87: FAO 37.1.2
D88: Kenya | E88: Kenya | F88: Kenya | G88: KEN | I88: Kenya | J88: Kenya | K88: Kenya | L88: KEN | Z88: FAO 37.1.3
A89: Landbrugsoprindelse | D89: Kina | E89: Kina | F89: China | G89: CHN | I89: Kina | J89: Kina | K89: China | L89: CHN | Z89: FAO 37.2.1
D90: Kirgisistan | E90: Kirgisistan | F90: Kyrgyzstan | G90: KGZ | I90: Kirgisistan | J90: Kirgisistan | K90: Kyrgyzstan | L90: KGZ | Z90: FAO 37.2.2
A91: Dansk | B91: Engelsk | D91: Kiribati | E91: Kiribati | F91: Kiribati | G91: KIR | I91: Kiribati | J91: Kiribati | K91: Kiribati | L91: KIR | Z91: FAO 37.3.1
A92: Vælg | B92: Select | D92: Kroatien | E92: Kroatia | F92: Croatia | G92: HRV | I92: Kroatien | J92: Kroatia | K92: Croatia | L92: HRV | Z92: FAO 37.3.2
A93: EU-jordbrug | B93: EU | D93: Kuwait | E93: Kuwait | F93: Kuwait | G93: KWT | I93: Kuwait | J93: Kuwait | K93: Kuwait | L93: KWT | Z93: FAO 37.4.1
A94: ikke-EU-jordbrug | B94: non-EU | D94: Laos | E94: Laos | F94: Laos | G94: LAO | I94: Laos | J94: Laos | K94: Laos | L94: LAO | Z94: FAO 37.4.2
A95: EU/ikke-EU-jordbrug | B95: EU/non-EU | D95: Lesotho | E95: Lesotho | F95: Lesotho | G95: LSO | I95: Lesotho | J95: Lesotho | K95: Lesotho | L95: LSO | Z95: FAO 37.4.3
D96: Letland | E96: Latvia | F96: Latvia | G96: LVA | I96: Letland | J96: Latvia | K96: Latvia | L96: LVA | Z96: FAO 41.1.1
D97: Libanon | E97: Libanon | F97: Lebanon | G97: LBN | I97: Libanon | J97: Libanon | K97: Lebanon | L97: LBN | Z97: FAO 41.1.2
A98: Slagtealder | D98: Liberia | E98: Liberia | F98: Liberia | G98: LBR | I98: Liberia | J98: Liberia | K98: Liberia | L98: LBR | Z98: FAO 41.1.3
D99: Libyen | E99: Libya | F99: Libya | G99: LBY | I99: Libyen | J99: Libya | K99: Libya | L99: LBY | Z99: FAO 41.1.4
A100: Dansk | B100: Engelsk | D100: Liechtenstein | E100: Liechtenstein | F100: Liechtenstein | G100: LIE | I100: Liechtenstein | J100: Liechtenstein | K100: Liechtenstein | L100: LIE | Z100: FAO 41.2.1
...

Sheet Data
A1: DK | F1: Start | T1: Varebetegnelse og nettoindhold | AJ1: Forarbejdning | BE1: Lande | IW1: Recept | TB1: Særlige ingrediensspecifikationer | UQ1: Næringsdeklaration | VM1: Holdbarhed og opbevaring | WS1: Pakkemetode og tilberedning | WW1: Anprisninger | DRO1: Bilag I | DTG1: Kød | DUE1: Mælk/ost | DUL1: Æg | DUQ1: Chokolade | DVJ1: Fisk og fiskeprodukter | DWG1: Juice | DWM1: Kaffe | DWT1: Te
B2: GTIN nummer | C2: REMA 1000 Varenr. | D2: VK nummer | E2: Kategoriansvarlig | F2: Firma | G2: Adresse | H2: Ny vare hos Varefakta | I2: Eksisterende vare hos Varefakta | J2: VK Nummer (eksisterende) | K2: Er producent identisk med leverandør | L2: Hvis No, producenten navn | M2: Producenten adresse | N2: Producentens identifikationsmærke (aut. nr.) | O2: Pakkes varen et andet sted end hos den anførte producent? | P2: Hvis ja, pakkevirksomhedens navn: | Q2: Identifikationsmærke (aut. nr.): | R2: Samtykke til deling af data | S2: Produktnavn: | T2: Varebetegnelse: | U2: Evt. Serienavn: | V2: Beskrivelse af varen | W2: Evt. karakteristiske smage ved varen: | X2: Nettovægt (indsæt mængde): | Y2: Enhed: | Z2: ℮-mærke | AA2: Er kravene overholdt? | AB2: Drænet vægt | AC2: Drænet vægt (vægt) | AD2: Vægt ekskl. glasering: | AE2: Ekskl. glasering (Vægt) | AF2: Antal pr. angivet nettoindhold: | AG2: Stk.: | AH2: Skiver: | AI2: Antal (andet) | AJ2: Stegt | AK2: Røget | AL2: Bagt | AM2: Pasteuriseret | AN2: Steriliseret | AO2: Kogt | AP2: Tørret | AQ2: Blancheret | AR2: Optøet | AS2: Ingen/fersk | AT2: Forarbejdning (andet) | AU2: Isglaseret: | AV2: Dybfrossen: | AW2: Er kravene opfyldt: | AX2: Nedfrysningsdato tiltrykkes | AY2: Angiv hvor | AZ2: Må produktet indfryses igen efter optøning: | BA2: Svind | BB2: Svindet i % på hele varen: | BC2: Hvis der kun er svind på en del af varen angiven delen: | BD2: Svindet i % på varedelen | BE2: Afghanistan | BF2: Albanien | BG2: Algeriet | BH2: Andorra | BI2: Angola | BJ2: Antigua &Barbuda | BK2: Argentina | BL2: Armenien | BM2: Aserbajdsjan | BN2: Australien | BO2: Bahamas | BP2: Bahrain | BQ2: Bangladesh | BR2: Barbados | BS2: Belgien | BT2: Belize | BU2: Benin | BV2: Bhutan | BW2: Bolivia | BX2: Bosnien-Herzegovina | BY2: Botswana | BZ2: Brasilien | CA2: Brunei | CB2: Bulgarien | CC2: Burkina Faso | CD2: Burma (Myanmar) | CE2: Burundi | CF2: Cambodja | CG2: Cameroun | CH2: Canada | CI2: Centralafrika | CJ2: Chad | CK2: Chile | CL2: Colombia | CM2: Comorerne | CN2: Congo | CO2: Costa Rica | CP2: Cuba | CQ2: Cypern | CR2: Danmark | CS2: Darussalem | CT2: Demokratiske rep. Congo | CU2: Djibouti | CV2: Dominica | CW2: Dominikanske Republik | CX2: Ecuador | CY2: Egypten | CZ2: El Salvador | DA2: Elfenbens- kysten | DB2: Eritrea | DC2: Estland | DD2: Etiopien | DE2: Fiji | DF2: Filippinerne | DG2: Finland | DH2: Forenede Arab. Emirater | DI2: Frankrig | DJ2: Gabon | DK2: Gambia | DL2: Georgien | DM2: Ghana | DN2: Grenada | DO2: Grenadinerne | DP2: Grækenland | DQ2: Guatemala | DR2: Guinea | DS2: Guinea-Bissau | DT2: Guyana | DU2: Haiti | DV2: Honduras | DW2: Belarus | DX2: Indien | DY2: Indonesien | DZ2: Irak | EA2: Iran | EB2: Irland | EC2: Island | ED2: Israel | EE2: Italien | EF2: Jamaica | EG2: Japan | EH2: Jordan | EI2: Kapverdiske Øer | EJ2: Kasakhstan | EK2: Kenya | EL2: Kina | EM2: Kirgisistan | EN2: Kiribati | EO2: Kroatien | EP2: Kuwait | EQ2: Laos | ER2: Lesotho | ES2: Letland | ET2: Libanon | EU2: Liberia | EV2: Libyen | EW2: Liechtenstein | EX2: Litauen | EY2: Luxembourg | EZ2: Madagaskar | FA2: Makedonien (FYROM) | FB2: Malawi | FC2: Malaysia | FD2: Maldiverne | FE2: Mali | FF2: Malta | FG2: Marokko | FH2: Marshall-øerne | FI2: Mauretanien | FJ2: Mauritius | FK2: Mexico | FL2: Mikronesien | FM2: Moldova | FN2: Monaco | FO2: Mongoliet | FP2: Montenegro | FQ2: Mozambique | FR2: Namibia | FS2: Nauru | FT2: Nederlandene (Holland) | FU2: Nepal | FV2: New Zealand | FW2: Nicaragua | FX2: Niger | FY2: Nigeria | FZ2: Nordkorea | GA2: Norge | GB2: Oman | GC2: Pakistan | GD2: Palau | GE2: Palestina | GF2: Panama | GG2: Papua New Guinea | GH2: Paraguay | GI2: Peru | GJ2: Polen | GK2: Portugal | GL2: Qatar | GM2: Rumænien | GN2: Rusland | GO2: Rwanda | GP2: Salomonøerne | GQ2: Samoa | GR2: San Marino | GS2: Sao Tomé & Principe | GT2: Saudi Arabien | GU2: Schweiz | GV2: Senegal | GW2: Serbien | GX2: Seychellerne | GY2: Sierra Leone | GZ2: Singapore | HA2: Slovakiet | HB2: Slovenien | HC2: Somalia | HD2: Spanien | HE2: Sri Lanka | HF2: St. Kitts-Nevis | HG2: St. Lucia | HH2: St. Vincent & Grenadinerne | HI2: Storbritannien (England) | HJ2: Sudan | HK2: Surinam | HL2: Sverige | HM2: Swaziland | HN2: Sydafrika | HO2: Sydkorea | HP2: Syrien | HQ2: Tadjikistan | HR2: Taiwan | HS2: Tanzania | HT2: Thailand | HU2: Tjekkiet | HV2: Togo | HW2: Tonga | HX2: Trinidad & Tobago | HY2: Tunesien | HZ2: Turkmenistan | IA2: Tuvalu | IB2: Tyrkiet | IC2: Tyskland | ID2: Uganda | IE2: Ukraine | IF2: Ungarn | IG2: Uruguay | IH2: USA | II2: Usbekistan | IJ2: Vanuatu | IK2: Vatikanet | IL2: Venezuela | IM2: Vietnam | IN2: Yemen | IO2: Zambia | IP2: Zimbabwe | IQ2: Ækvatorial Guinea | IR2: Østrig | IS2: Østtimor | IT2: EU | IU2: Ikke-EU | IV2: EU/ikke-EU | IW2: Ingrediens 1 | IX2: Ingrediens 2 | IY2: Ingrediens 3 | IZ2: Ingrediens 4 | JA2: Ingrediens 5 | JB2: Ingrediens 6 | JC2: Ingrediens 7 | JD2: Ingrediens 8 | JE2: Ingrediens 9 | JF2: Ingrediens 10 | JG2: Ingrediens 11 | JH2: Ingrediens 12 | JI2: Ingrediens 13 | JJ2: Ingrediens 14 | JK2: Ingrediens 15 | JL2: Ingrediens 16 | JM2: Ingrediens 17 | JN2: Ingrediens 18 | JO2: Ingrediens 19 | JP2: Ingrediens 20 | JQ2: Ingrediens 21 | JR2: Ingrediens 22 | JS2: Ingrediens 23 | JT2: Ingrediens 24 | JU2: Ingrediens 25 | JV2: Ingrediens 26 | JW2: Ingrediens 27 | JX2: Ingrediens 28 | JY2: Ingrediens 29 | JZ2: Ingrediens 30 | KA2: Ingrediens 31 | KB2: Ingrediens 32 | KC2: Ingrediens 33 | KD2: Ingrediens 34 | KE2: Ingrediens 35 | KF2: Ingrediens 36 | KG2: Ingrediens 37 | KH2: Ingrediens 38 | KI2: Ingrediens 39 | KJ2: Ingrediens 40 | KK2: Ingrediens 41 | KL2: Ingrediens 42 | KM2: Ingrediens 43 | KN2: Ingrediens 44 | KO2: Ingrediens 45 | KP2: Ingrediens 46 | KQ2: Ingrediens 47 | KR2: Ingrediens 48 | KS2: Ingrediens 49 | KT2: Ingrediens 50 | KU2: Ingrediens 51 | KV2: Ingrediens 52 | KW2: Ingrediens 53 | KX2: Ingrediens 54 | KY2: Ingrediens 55 | KZ2: Ingrediens 56 | LA2: Ingrediens 57 | LB2: Ingrediens 58 | LC2: Ingrediens 59 | LD2: Ingrediens 60 | LE2: Ingrediens 61 | LF2: Ingrediens 62 | LG2: Ingrediens 63 | LH2: Ingrediens 64 | LI2: Ingrediens 65 | LJ2: Ingrediens 66 | LK2: Ingrediens 67 | LL2: Ingrediens 68 | LM2: Ingrediens 69 | LN2: Ingrediens 70 | LO2: Ingrediens 71 | LP2: Ingrediens 72 | LQ2: Ingrediens 73 | LR2: Ingrediens 74 | LS2: Ingrediens 75 | LT2: Ingrediens 76 | LU2: Ingrediens 77 | LV2: Ingrediens 78 | LW2: Ingrediens 79 | LX2: Ingrediens 80 | LY2: Ingrediens 81 | LZ2: Ingrediens 82 | MA2: Ingrediens 83 | MB2: Ingrediens 84 | MC2: Ingrediens 85 | MD2: Ingrediens 86 | ME2: Ingrediens 87 | MF2: Ingrediens 88 | MG2: Ingrediens 89 | MH2: Ingrediens 90 | MI2: Ingrediens 91 | MJ2: Ingrediens 92 | MK2: Ingrediens 93 | ML2: Ingrediens 94 | MM2: Ingrediens 95 | MN2: Ingrediens 96 | MO2: Ingrediens 97 | MP2: Ingrediens 98 | MQ2: Ingrediens 99 | MR2: Ingrediens 100 | MS2: Ingrediens 101 | MT2: Ingrediens 102 | MU2: Ingrediens 103 | MV2: Ingrediens 104 | MW2: Ingrediens 105 | MX2: Ingrediens 106 | MY2: Ingrediens 107 | MZ2: Ingrediens 108 | NA2: Ingrediens 109 | NB2: Ingrediens 110 | NC2: Ingrediens 111 | ND2: Ingrediens 112 | NE2: Ingrediens 113 | NF2: Ingrediens 114 | NG2: Ingrediens 115 | NH2: Ingrediens 116 | NI2: Ingrediens 117 | NJ2: Ingrediens 118 | NK2: Ingrediens 119 | NL2: Ingrediens 120 | NM2: Ingrediens 121 | NN2: Ingrediens 122 | NO2: Ingrediens 123 | NP2: Ingrediens 124 | NQ2: Ingrediens 125 | NR2: Ingrediens 126 | NS2: Ingrediens 127 | NT2: Ingrediens 128 | NU2: Ingrediens 129 | NV2: Ingrediens 130 | NW2: Ingrediens 131 | NX2: Ingrediens 132 | NY2: Ingrediens 133 | NZ2: Ingrediens 134 | OA2: Ingrediens 135 | OB2: Ingrediens 136 | OC2: Ingrediens 137 | OD2: Ingrediens 138 | OE2: Ingrediens 139 | OF2: Ingrediens 140 | OG2: Ingrediens 141 | OH2: Ingrediens 142 | OI2: Ingrediens 143 | OJ2: Ingrediens 144 | OK2: Ingrediens 145 | OL2: Ingrediens 146 | OM2: Ingrediens 147 | ON2: Ingrediens 148 | OO2: Ingrediens 149 | OP2: Ingrediens 150 | OQ2: Ingrediens 151 | OR2: Ingrediens 152 | OS2: Ingrediens 153 | OT2: Ingrediens 154 | OU2: Ingrediens 155 | OV2: Ingrediens 156 | OW2: Ingrediens 157 | OX2: Ingrediens 158 | OY2: Ingrediens 159 | OZ2: Ingrediens 160 | PA2: Ingrediens 161 | PB2: Ingrediens 162 | PC2: Ingrediens 163 | PD2: Ingrediens 164 | PE2: Ingrediens 165 | PF2: Ingrediens 166 | PG2: Ingrediens 167 | PH2: Ingrediens 168 | PI2: Ingrediens 169 | PJ2: Ingrediens 170 | PK2: Ingrediens 171 | PL2: Ingrediens 172 | PM2: Ingrediens 173 | PN2: Ingrediens 174 | PO2: Ingrediens 175 | PP2: Ingrediens 176 | PQ2: Ingrediens 177 | PR2: Ingrediens 178 | PS2: Ingrediens 179 | PT2: Ingrediens 180 | PU2: Ingrediens 181 | PV2: Ingrediens 182 | PW2: Ingrediens 183 | PX2: Ingrediens 184 | PY2: Ingrediens 185 | PZ2: Ingrediens 186 | QA2: Ingrediens 187 | QB2: Ingrediens 188 | QC2: Ingrediens 189 | QD2: Ingrediens 190 | QE2: Ingrediens 191 | QF2: Ingrediens 192 | QG2: Ingrediens 193 | QH2: Ingrediens 194 | QI2: Ingrediens 195 | QJ2: Ingrediens 196 | QK2: Ingrediens 197 | QL2: Ingrediens 198 | QM2: Ingrediens 199 | QN2: Tilsætningstof gruppe | QO2: Overordnet fødevarekategori | QP2: Tekniske hjælpestoffer | QQ2: Tekniske carryovers | QR2: Hvilke? | QS2: E 101 | QT2: E 104a | QU2: E 160a | QV2: E 160g | QW2: E 252 | QX2: E 270 | QY2: E 304 | QZ2: E 322 | RA2: E 325 | RB2: E 326 | RC2: E 327 | RD2: E 328 | RE2: E 329 | RF2: E 422 | RG2: E 431 | RH2: E 432 | RI2: E 433 | RJ2: E 434 | RK2: E 435 | RL2: E 436 | RM2: E 442 | RN2: E 445 | RO2: E 470a | RP2: E 470b | RQ2: E 471 | RR2: E 472a | RS2: E 472b | RT2: E 472c | RU2: E 472d | RV2: E 472e | RW2: E 472f | RX2: E 473 | RY2: E 474 | RZ2: E 475 | SA2: E 476 | SB2: E 477 | SC2: E 479b | SD2: E 481 | SE2: E 482 | SF2: E 483 | SG2: E 491 | SH2: E 492 | SI2: E 493 | SJ2: E 494 | SK2: E 495 | SL2: E 570 | SM2: E 585 | SN2: E 626 | SO2: E 627 | SP2: E 628 | SQ2: E 629 | SR2: E 630 | SS2: E 631 | ST2: E 632 | SU2: E 633 | SV2: E 634 | SW2: E 635 | SX2: E 640 | SY2: E 920 | SZ2: E 1517 | TA2: E 1518 | TB2: Anvendt aromaer | TC2: Anvendt naturlige aromaer | TD2: Lever op til 95 % | TE2: Eddike syrestyrke | TF2: Buræg | TG2: Kød tilsat vand/lage | TH2: berigede ingredienser | TI2: Sammensatte stykker af kød | TJ2: maskinsepareret kød | TK2: Salt tilsat jod | TL2: Jod mængde | TM2: Lovligt markedsført i EU/EØS | TN2: glycyrrizinsyre | TO2: Novelfood | TP2: GMO | TQ2: Nanomateriale | TR2: Hvede | TS2: Rug | TT2: Byg | TU2: Havre | TV2: Krebsdyr | TW2: Æg | TX2: Fisk | TY2: Jordnødder | TZ2: Soja | UA2: Mælk | UB2: Mandler | UC2: Hasselnødder | UD2: Valnødder | UE2: Cashewnødder | UF2: Pekannødder | UG2: Paranødder | UH2: Pistacienødder | UI2: Queenslandnødder (Macadamia) | UJ2: Selleri | UK2: Sennep | UL2: Sesamfrø | UM2: Svovldioxid i en koncentration over 10 mg/kg eller 10 mg/l, udtrykt som SO2 | UN2: Sulfitter i en koncentration over 10 mg/kg eller 10 mg/l, udtrykt som SO2 | UO2: Lupin | UP2: Bløddyr | UQ2: Næringsindhold angivet | UR2: Korrigeret for glycerol | US2: Fedt | UT2: Mættede fedtsyrer | UU2: Enkeltumættede fedtsyrer | UV2: Flerumættede fedtsyrer | UW2: Kulhydrat | UX2: Sukkerarter | UY2: Sukkeralkoholer | UZ2: Kostfibre | VA2: Protein | VB2: Natrium | VC2: Salt | VD2: Vand | VE2: Organiske syrer | VF2: Alkohol | VG2: Salatrim | VH2: Erythritol | VI2: Næringsstof | VJ2: Næringsstof mængde | VK2: Næringsstof enhed | VL2: Næringsstof ALA eller EPA + DHA | VM2: Opbygning af datomærkning | VN2: Holdbarhed i samme synsfelt | VO2: Holdbarhed andet sted | VP2: Sidste anvendelsesdato | VQ2: Fremstillingsdato tiltrykkes | VR2: Pakke/tappe dato tiltrykkes | VS2: Opbygning pakke/fremstillingsdato | VT2: anden opbygning af pakke/fremstillingsdato | VU2: Fremstilling/pakke dato tiltrykkes i samme synsfelt | VV2: Fremstillings/pakkedato tiltrykkes andet sted | VW2: Fremstillet (dage) | VX2: pakket samme dag som fremstillet | VY2: Opbevaringstemperatur (uåbnet) | VZ2: Anden temperatur (uåbnet) | WA2: Opbevaringskrav (ingen) | WB2: Opbevaringskrav (tørt) | WC2: Opbevaringskrav (sollys) | WD2: Opbevaringskrav (lugtende varer) | WE2: Opbevaringskrav (omhældt) | WF2: Opbevaringskrav (Andet) | WG2: Holdbarhed efter åbning svarer til bedst før | WH2: Holdbarhed efter åbning (Kvalitet/sikkerhed) | WI2: Antal dags holdbarhed efter åbning ved uåbnet opbevaringstemperatur | WJ2: Holdbarhed efter åbning (dage ved anden temp) | WK2: Anden opbevaringstemperatur efter åbning | WL2: Opbevaring efter åbning (ingen) | WM2: Opbevaring efter åbning (Tørt) | WN2: Opbevaring efter åbning (sollys) | WO2: Opbevaring efter åbning (lugtende varer) | WP2: Opbevaring efter åbning (Omhældt) | WQ2: Opbevaring efter åbning (tætlukket) | WR2: Opbevaring efter åbning (Andet) | WS2: Helkonserves | WT2: MAP | WU2: Vakuum | WV2: Tilberedningsanvisning | WW2: Nøglehul | WX2: Nøglehulgruppe | WY2: Fuldkorn | WZ2: Økologi (hele varen) | XA2: Kontrolinstans | XB2: Landbrugsoprindelse | XC2: Økologi (dele af varen) | XD2: Glutenfri | XE2: Grænse 20 mg/kg | XF2: Laktosefri | XG2: Grænse 0,01g | XH2: Genanvendt plast | XI2: RFA | XJ2: Certificeringsgrad | XK2: Certificerede ingredienser (RFA) | XL2: Dyrevelfærdsmærket | XM2: Antal hjerter | XN2: Dansk vegetarisk forening | XO2: Fairtrade | XP2: Certificerede ingredienser (Fairtrade) | XQ2: MSC | XR2: MSC (Licensnummer) | XS2: ASC | XT2: ASC (Licensnummer) | XU2: Cøliaki | XV2: RSPO | XW2: Certificeringsgrad (RSPO) | XX2: Leverandør medlem RSPO | XY2: Producentens licensnummer (RSPO) | XZ2: Soja i varen | YA2: Oprindelse på soja i varen Land 1 | YB2: Oprindelse på soja i varen Land 2 | YC2: Oprindelse på soja i varen Land 3 | YD2: Oprindelse på soja i varen Land 4 | YE2: Oprindelse på soja i varen Land 5 | YF2: Soja i foder | YG2: Virksomhed der foretager slagtning | YH2: Oprindelse på soja i foder Land 1 | YI2: Oprindelse på soja i foder Land 2 | YJ2: Oprindelse på soja i foder Land 3 | YK2: Oprindelse på soja i foder Land 4 | YL2: Oprindelse på soja i foder Land 5 | YM2: Ernæringsanprisning 1: | YN2: Ernæringsanprisning 2: | YO2: Ernæringsanprisning 3: | YP2: Andre logoer | YQ2: Forordning (EU) 2025/40 | YR2: Forordning (EU) 2025/40 dokumentation | YS2: Primær emballage: Label-lim | YT2: Primær emballage: 60 % overflade | YU2: Primær emballage: Genanvendt materiale (beregnet) % | YV2: Primær emballage: Samlet emballagevægt | YW2: Emballagedel 1: navn | YX2: Emballagedel 1: vægt | YY2: Emballagedel 1: Enhed | YZ2: Emballagedel 1: Tykkelse (µm) | ZA2: Emballagedel 1: Tykkelse enhed | ZB2: Emballagedel 1: Sortering | ZC2: Emballagedel 1: oxo-nedbrydelig | ZD2: Emballagedel 1: bionedbrydelig | ZE2: Emballagedel 1: Genanvendeligt | ZF2: Emballagedel 1: certificeret papir | ZG2: Emballagedel 1: FSC licensnummer | ZH2: Emballagedel 1: Land 1 | ZI2: Emballagedel 1: Land 2 | ZJ2: Emballagedel 1: Land 3 | ZK2: Emballagedel 1: Land 4 | ZL2: Emballagedel 1: Land 5 | ZM2: Emballagedel 1: Materiale 1: navn | ZN2: Emballagedel 1: Materiale 1: genanvendt | ZO2: Emballagedel 1: Materiale 1: råmateriale | ZP2: Emballagedel 1: Materiale 1: Vægt | ZQ2: Emballagedel 1: Materiale 1: Enhed | ZR2: Emballagedel 1: Materiale 1: farve | ZS2: Emballagedel 1: Materiale 1: Land 1 | ZT2: Emballagedel 1: Materiale 1: Land 2 | ZU2: Emballagedel 1: Materiale 1: Land 3 | ZV2: Emballagedel 1: Materiale 1: Land 4 | ZW2: Emballagedel 1: Materiale 1: Land 5 | ZX2: Emballagedel 1: Materiale 2: navn | ZY2: Emballagedel 1: Materiale 2: genanvendt | ZZ2: Emballagedel 1: Materiale 2: råmateriale | AAA2: Emballagedel 1: Materiale 2: Vægt | AAB2: Emballagedel 1: Materiale 2: Enhed | AAC2: Emballagedel 1: Materiale 2: farve | AAD2: Emballagedel 1: Materiale 2: Land 1 | AAE2: Emballagedel 1: Materiale 2: Land 2 | AAF2: Emballagedel 1: Materiale 2: Land 3 | AAG2: Emballagedel 1: Materiale 2: Land 4 | AAH2: Emballagedel 1: Materiale 2: Land 5 | AAI2: Emballagedel 1: Materiale 3: navn | AAJ2: Emballagedel 1: Materiale 3: genanvendt | AAK2: Emballagedel 1: Materiale 3: råmateriale | AAL2: Emballagedel 1: Materiale 3: Vægt | AAM2: Emballagedel 1: Materiale 3: Enhed | AAN2: Emballagedel 1: Materiale 3: farve | AAO2: Emballagedel 1: Materiale 3: Land 1 | AAP2: Emballagedel 1: Materiale 3: Land 2 | AAQ2: Emballagedel 1: Materiale 3: Land 3 | AAR2: Emballagedel 1: Materiale 3: Land 4 | AAS2: Emballagedel 1: Materiale 3: Land 5 | AAT2: Emballagedel 1: Materiale 4: navn | AAU2: Emballagedel 1: Materiale 4: genanvendt | AAV2: Emballagedel 1: Materiale 4: råmateriale | AAW2: Emballagedel 1: Materiale 4: Vægt | AAX2: Emballagedel 1: Materiale 4: Enhed | AAY2: Emballagedel 1: Materiale 4: farve | AAZ2: Emballagedel 1: Materiale 4: Land 1 | ABA2: Emballagedel 1: Materiale 4: Land 2 | ABB2: Emballagedel 1: Materiale 4: Land 3 | ABC2: Emballagedel 1: Materiale 4: Land 4 | ABD2: Emballagedel 1: Materiale 4: Land 5 | ABE2: Emballagedel 1: Materiale 5: navn | ABF2: Emballagedel 1: Materiale 5: genanvendt | ABG2: Emballagedel 1: Materiale 5: råmateriale | ABH2: Emballagedel 1: Materiale 5: Vægt | ABI2: Emballagedel 1: Materiale 5: Enhed | ABJ2: Emballagedel 1: Materiale 5: farve | ABK2: Emballagedel 1: Materiale 5: Land 1 | ABL2: Emballagedel 1: Materiale 5: Land 2 | ABM2: Emballagedel 1: Materiale 5: Land 3 | ABN2: Emballagedel 1: Materiale 5: Land 4 | ABO2: Emballagedel 1: Materiale 5: Land 5 | ABP2: Emballagedel 1: Materiale 6: navn | ABQ2: Emballagedel 1: Materiale 6: genanvendt | ABR2: Emballagedel 1: Materiale 6: råmateriale | ABS2: Emballagedel 1: Materiale 6: Vægt | ABT2: Emballagedel 1: Materiale 6: Enhed | ABU2: Emballagedel 1: Materiale 6: farve | ABV2: Emballagedel 1: Materiale 6: Land 1 | ABW2: Emballagedel 1: Materiale 6: Land 2 | ABX2: Emballagedel 1: Materiale 6: Land 3 | ABY2: Emballagedel 1: Materiale 6: Land 4 | ABZ2: Emballagedel 1: Materiale 6: Land 5 | ACA2: Emballagedel 1: Materiale 7: navn | ACB2: Emballagedel 1: Materiale 7: genanvendt | ACC2: Emballagedel 1: Materiale 7: råmateriale | ACD2: Emballagedel 1: Materiale 7: Vægt | ACE2: Emballagedel 1: Materiale 7: Enhed | ACF2: Emballagedel 1: Materiale 7: farve | ACG2: Emballagedel 1: Materiale 7: Land 1 | ACH2: Emballagedel 1: Materiale 7: Land 2 | ACI2: Emballagedel 1: Materiale 7: Land 3 | ACJ2: Emballagedel 1: Materiale 7: Land 4 | ACK2: Emballagedel 1: Materiale 7: Land 5 | ACL2: Emballagedel 1: Materiale 8: navn | ACM2: Emballagedel 1: Materiale 8: genanvendt | ACN2: Emballagedel 1: Materiale 8: råmateriale | ACO2: Emballagedel 1: Materiale 8: Vægt | ACP2: Emballagedel 1: Materiale 8: Enhed | ACQ2: Emballagedel 1: Materiale 8: farve | ACR2: Emballagedel 1: Materiale 8: Land 1 | ACS2: Emballagedel 1: Materiale 8: Land 2 | ACT2: Emballagedel 1: Materiale 8: Land 3 | ACU2: Emballagedel 1: Materiale 8: Land 4 | ACV2: Emballagedel 1: Materiale 8: Land 5 | ACW2: Emballagedel 1: Materiale 9: navn | ACX2: Emballagedel 1: Materiale 9: genanvendt | ACY2: Emballagedel 1: Materiale 9: råmateriale | ACZ2: Emballagedel 1: Materiale 9: Vægt | ADA2: Emballagedel 1: Materiale 9: Enhed | ADB2: Emballagedel 1: Materiale 9: farve | ADC2: Emballagedel 1: Materiale 9: Land 1 | ADD2: Emballagedel 1: Materiale 9: Land 2 | ADE2: Emballagedel 1: Materiale 9: Land 3 | ADF2: Emballagedel 1: Materiale 9: Land 4 | ADG2: Emballagedel 1: Materiale 9: Land 5 | ADH2: Emballagedel 1: Materiale 10: navn | ADI2: Emballagedel 1: Materiale 10: genanvendt | ADJ2: Emballagedel 1: Materiale 10: råmateriale | ADK2: Emballagedel 1: Materiale 10: Vægt | ADL2: Emballagedel 1: Materiale 10: Enhed | ADM2: Emballagedel 1: Materiale 10: farve | ADN2: Emballagedel 1: Materiale 10: Land 1 | ADO2: Emballagedel 1: Materiale 10: Land 2 | ADP2: Emballagedel 1: Materiale 10: Land 3 | ADQ2: Emballagedel 1: Materiale 10: Land 4 | ADR2: Emballagedel 1: Materiale 10: Land 5 | ADS2: Emballagedel 2: navn | ADT2: Emballagedel 2: vægt | ADU2: Emballagedel 2: Enhed | ADV2: Emballagedel 2: Tykkelse (µm) | ADW2: Emballagedel 2: Tykkelse enhed | ADX2: Emballagedel 2: Sortering | ADY2: Emballagedel 2: oxo-nedbrydelig | ADZ2: Emballagedel 2: bionedbrydelig | AEA2: Emballagedel 2: Genanvendeligt | AEB2: Emballagedel 2: certificeret papir | AEC2: Emballagedel 2: FSC licensnummer | AED2: Emballagedel 2: Land 1 | AEE2: Emballagedel 2: Land 2 | AEF2: Emballagedel 2: Land 3 | AEG2: Emballagedel 2: Land 4 | AEH2: Emballagedel 2: Land 5 | AEI2: Emballagedel 2: Materiale 1: navn | AEJ2: Emballagedel 2: Materiale 1: genanvendt | AEK2: Emballagedel 2: Materiale 1: råmateriale | AEL2: Emballagedel 2: Materiale 1: Vægt | AEM2: Emballagedel 2: Materiale 1: Enhed | AEN2: Emballagedel 2: Materiale 1: farve | AEO2: Emballagedel 2: Materiale 1: Land 1 | AEP2: Emballagedel 2: Materiale 1: Land 2 | AEQ2: Emballagedel 2: Materiale 1: Land 3 | AER2: Emballagedel 2: Materiale 1: Land 4 | AES2: Emballagedel 2: Materiale 1: Land 5 | AET2: Emballagedel 2: Materiale 2: navn | AEU2: Emballagedel 2: Materiale 2: genanvendt | AEV2: Emballagedel 2: Materiale 2: råmateriale | AEW2: Emballagedel 2: Materiale 2: Vægt | AEX2: Emballagedel 2: Materiale 2: Enhed | AEY2: Emballagedel 2: Materiale 2: farve | AEZ2: Emballagedel 2: Materiale 2: Land 1 | AFA2: Emballagedel 2: Materiale 2: Land 2 | AFB2: Emballagedel 2: Materiale 2: Land 3 | AFC2: Emballagedel 2: Materiale 2: Land 4 | AFD2: Emballagedel 2: Materiale 2: Land 5 | AFE2: Emballagedel 2: Materiale 3: navn | AFF2: Emballagedel 2: Materiale 3: genanvendt | AFG2: Emballagedel 2: Materiale 3: råmateriale | AFH2: Emballagedel 2: Materiale 3: Vægt | AFI2: Emballagedel 2: Materiale 3: Enhed | AFJ2: Emballagedel 2: Materiale 3: farve | AFK2: Emballagedel 2: Materiale 3: Land 1 | AFL2: Emballagedel 2: Materiale 3: Land 2 | AFM2: Emballagedel 2: Materiale 3: Land 3 | AFN2: Emballagedel 2: Materiale 3: Land 4 | AFO2: Emballagedel 2: Materiale 3: Land 5 | AFP2: Emballagedel 2: Materiale 4: navn | AFQ2: Emballagedel 2: Materiale 4: genanvendt | AFR2: Emballagedel 2: Materiale 4: råmateriale | AFS2: Emballagedel 2: Materiale 4: Vægt | AFT2: Emballagedel 2: Materiale 4: Enhed | AFU2: Emballagedel 2: Materiale 4: farve | AFV2: Emballagedel 2: Materiale 4: Land 1 | AFW2: Emballagedel 2: Materiale 4: Land 2 | AFX2: Emballagedel 2: Materiale 4: Land 3 | AFY2: Emballagedel 2: Materiale 4: Land 4 | AFZ2: Emballagedel 2: Materiale 4: Land 5 | AGA2: Emballagedel 2: Materiale 5: navn | AGB2: Emballagedel 2: Materiale 5: genanvendt | AGC2: Emballagedel 2: Materiale 5: råmateriale | AGD2: Emballagedel 2: Materiale 5: Vægt | AGE2: Emballagedel 2: Materiale 5: Enhed | AGF2: Emballagedel 2: Materiale 5: farve | AGG2: Emballagedel 2: Materiale 5: Land 1 | AGH2: Emballagedel 2: Materiale 5: Land 2 | AGI2: Emballagedel 2: Materiale 5: Land 3 | AGJ2: Emballagedel 2: Materiale 5: Land 4 | AGK2: Emballagedel 2: Materiale 5: Land 5 | AGL2: Emballagedel 2: Materiale 6: navn | AGM2: Emballagedel 2: Materiale 6: genanvendt | AGN2: Emballagedel 2: Materiale 6: råmateriale | AGO2: Emballagedel 2: Materiale 6: Vægt | AGP2: Emballagedel 2: Materiale 6: Enhed | AGQ2: Emballagedel 2: Materiale 6: farve | AGR2: Emballagedel 2: Materiale 6: Land 1 | AGS2: Emballagedel 2: Materiale 6: Land 2 | AGT2: Emballagedel 2: Materiale 6: Land 3 | AGU2: Emballagedel 2: Materiale 6: Land 4 | AGV2: Emballagedel 2: Materiale 6: Land 5 | AGW2: Emballagedel 2: Materiale 7: navn | AGX2: Emballagedel 2: Materiale 7: genanvendt | AGY2: Emballagedel 2: Materiale 7: råmateriale | AGZ2: Emballagedel 2: Materiale 7: Vægt | AHA2: Emballagedel 2: Materiale 7: Enhed | AHB2: Emballagedel 2: Materiale 7: farve | AHC2: Emballagedel 2: Materiale 7: Land 1 | AHD2: Emballagedel 2: Materiale 7: Land 2 | AHE2: Emballagedel 2: Materiale 7: Land 3 | AHF2: Emballagedel 2: Materiale 7: Land 4 | AHG2: Emballagedel 2: Materiale 7: Land 5 | AHH2: Emballagedel 2: Materiale 8: navn | AHI2: Emballagedel 2: Materiale 8: genanvendt | AHJ2: Emballagedel 2: Materiale 8: råmateriale | AHK2: Emballagedel 2: Materiale 8: Vægt | AHL2: Emballagedel 2: Materiale 8: Enhed | AHM2: Emballagedel 2: Materiale 8: farve | AHN2: Emballagedel 2: Materiale 8: Land 1 | AHO2: Emballagedel 2: Materiale 8: Land 2 | AHP2: Emballagedel 2: Materiale 8: Land 3 | AHQ2: Emballagedel 2: Materiale 8: Land 4 | AHR2: Emballagedel 2: Materiale 8: Land 5 | AHS2: Emballagedel 2: Materiale 9: navn | AHT2: Emballagedel 2: Materiale 9: genanvendt | AHU2: Emballagedel 2: Materiale 9: råmateriale | AHV2: Emballagedel 2: Materiale 9: Vægt | AHW2: Emballagedel 2: Materiale 9: Enhed | AHX2: Emballagedel 2: Materiale 9: farve | AHY2: Emballagedel 2: Materiale 9: Land 1 | AHZ2: Emballagedel 2: Materiale 9: Land 2 | AIA2: Emballagedel 2: Materiale 9: Land 3 | AIB2: Emballagedel 2: Materiale 9: Land 4 | AIC2: Emballagedel 2: Materiale 9: Land 5 | AID2: Emballagedel 2: Materiale 10: navn | AIE2: Emballagedel 2: Materiale 10: genanvendt | AIF2: Emballagedel 2: Materiale 10: råmateriale | AIG2: Emballagedel 2: Materiale 10: Vægt | AIH2: Emballagedel 2: Materiale 10: Enhed | AII2: Emballagedel 2: Materiale 10: farve | AIJ2: Emballagedel 2: Materiale 10: Land 1 | AIK2: Emballagedel 2: Materiale 10: Land 2 | AIL2: Emballagedel 2: Materiale 10: Land 3 | AIM2: Emballagedel 2: Materiale 10: Land 4 | AIN2: Emballagedel 2: Materiale 10: Land 5 | AIO2: Emballagedel 3: navn | AIP2: Emballagedel 3: vægt | AIQ2: Emballagedel 3: Enhed | AIR2: Emballagedel 3: Tykkelse (µm) | AIS2: Emballagedel 3: Tykkelse enhed | AIT2: Emballagedel 3: Sortering | AIU2: Emballagedel 3: oxo-nedbrydelig | AIV2: Emballagedel 3: bionedbrydelig | AIW2: Emballagedel 3: Genanvendeligt | AIX2: Emballagedel 3: certificeret papir | AIY2: Emballagedel 3: FSC licensnummer | AIZ2: Emballagedel 3: Land 1 | AJA2: Emballagedel 3: Land 2 | AJB2: Emballagedel 3: Land 3 | AJC2: Emballagedel 3: Land 4 | AJD2: Emballagedel 3: Land 5 | AJE2: Emballagedel 3: Materiale 1: navn | AJF2: Emballagedel 3: Materiale 1: genanvendt | AJG2: Emballagedel 3: Materiale 1: råmateriale | AJH2: Emballagedel 3: Materiale 1: Vægt | AJI2: Emballagedel 3: Materiale 1: Enhed | AJJ2: Emballagedel 3: Materiale 1: farve | AJK2: Emballagedel 3: Materiale 1: Land 1 | AJL2: Emballagedel 3: Materiale 1: Land 2 | AJM2: Emballagedel 3: Materiale 1: Land 3 | AJN2: Emballagedel 3: Materiale 1: Land 4 | AJO2: Emballagedel 3: Materiale 1: Land 5 | AJP2: Emballagedel 3: Materiale 2: navn | AJQ2: Emballagedel 3: Materiale 2: genanvendt | AJR2: Emballagedel 3: Materiale 2: råmateriale | AJS2: Emballagedel 3: Materiale 2: Vægt | AJT2: Emballagedel 3: Materiale 2: Enhed | AJU2: Emballagedel 3: Materiale 2: farve | AJV2: Emballagedel 3: Materiale 2: Land 1 | AJW2: Emballagedel 3: Materiale 2: Land 2 | AJX2: Emballagedel 3: Materiale 2: Land 3 | AJY2: Emballagedel 3: Materiale 2: Land 4 | AJZ2: Emballagedel 3: Materiale 2: Land 5 | AKA2: Emballagedel 3: Materiale 3: navn | AKB2: Emballagedel 3: Materiale 3: genanvendt | AKC2: Emballagedel 3: Materiale 3: råmateriale | AKD2: Emballagedel 3: Materiale 3: Vægt | AKE2: Emballagedel 3: Materiale 3: Enhed | AKF2: Emballagedel 3: Materiale 3: farve | AKG2: Emballagedel 3: Materiale 3: Land 1 | AKH2: Emballagedel 3: Materiale 3: Land 2 | AKI2: Emballagedel 3: Materiale 3: Land 3 | AKJ2: Emballagedel 3: Materiale 3: Land 4 | AKK2: Emballagedel 3: Materiale 3: Land 5 | AKL2: Emballagedel 3: Materiale 4: navn | AKM2: Emballagedel 3: Materiale 4: genanvendt | AKN2: Emballagedel 3: Materiale 4: råmateriale | AKO2: Emballagedel 3: Materiale 4: Vægt | AKP2: Emballagedel 3: Materiale 4: Enhed | AKQ2: Emballagedel 3: Materiale 4: farve | AKR2: Emballagedel 3: Materiale 4: Land 1 | AKS2: Emballagedel 3: Materiale 4: Land 2 | AKT2: Emballagedel 3: Materiale 4: Land 3 | AKU2: Emballagedel 3: Materiale 4: Land 4 | AKV2: Emballagedel 3: Materiale 4: Land 5 | AKW2: Emballagedel 3: Materiale 5: navn | AKX2: Emballagedel 3: Materiale 5: genanvendt | AKY2: Emballagedel 3: Materiale 5: råmateriale | AKZ2: Emballagedel 3: Materiale 5: Vægt | ALA2: Emballagedel 3: Materiale 5: Enhed | ALB2: Emballagedel 3: Materiale 5: farve | ALC2: Emballagedel 3: Materiale 5: Land 1 | ALD2: Emballagedel 3: Materiale 5: Land 2 | ALE2: Emballagedel 3: Materiale 5: Land 3 | ALF2: Emballagedel 3: Materiale 5: Land 4 | ALG2: Emballagedel 3: Materiale 5: Land 5 | ALH2: Emballagedel 3: Materiale 6: navn | ALI2: Emballagedel 3: Materiale 6: genanvendt | ALJ2: Emballagedel 3: Materiale 6: råmateriale | ALK2: Emballagedel 3: Materiale 6: Vægt | ALL2: Emballagedel 3: Materiale 6: Enhed | ALM2: Emballagedel 3: Materiale 6: farve | ALN2: Emballagedel 3: Materiale 6: Land 1 | ALO2: Emballagedel 3: Materiale 6: Land 2 | ALP2: Emballagedel 3: Materiale 6: Land 3 | ALQ2: Emballagedel 3: Materiale 6: Land 4 | ALR2: Emballagedel 3: Materiale 6: Land 5 | ALS2: Emballagedel 3: Materiale 7: navn | ALT2: Emballagedel 3: Materiale 7: genanvendt | ALU2: Emballagedel 3: Materiale 7: råmateriale | ALV2: Emballagedel 3: Materiale 7: Vægt | ALW2: Emballagedel 3: Materiale 7: Enhed | ALX2: Emballagedel 3: Materiale 7: farve | ALY2: Emballagedel 3: Materiale 7: Land 1 | ALZ2: Emballagedel 3: Materiale 7: Land 2 | AMA2: Emballagedel 3: Materiale 7: Land 3 | AMB2: Emballagedel 3: Materiale 7: Land 4 | AMC2: Emballagedel 3: Materiale 7: Land 5 | AMD2: Emballagedel 3: Materiale 8: navn | AME2: Emballagedel 3: Materiale 8: genanvendt | AMF2: Emballagedel 3: Materiale 8: råmateriale | AMG2: Emballagedel 3: Materiale 8: Vægt | AMH2: Emballagedel 3: Materiale 8: Enhed | AMI2: Emballagedel 3: Materiale 8: farve | AMJ2: Emballagedel 3: Materiale 8: Land 1 | AMK2: Emballagedel 3: Materiale 8: Land 2 | AML2: Emballagedel 3: Materiale 8: Land 3 | AMM2: Emballagedel 3: Materiale 8: Land 4 | AMN2: Emballagedel 3: Materiale 8: Land 5 | AMO2: Emballagedel 3: Materiale 9: navn | AMP2: Emballagedel 3: Materiale 9: genanvendt | AMQ2: Emballagedel 3: Materiale 9: råmateriale | AMR2: Emballagedel 3: Materiale 9: Vægt | AMS2: Emballagedel 3: Materiale 9: Enhed | AMT2: Emballagedel 3: Materiale 9: farve | AMU2: Emballagedel 3: Materiale 9: Land 1 | AMV2: Emballagedel 3: Materiale 9: Land 2 | AMW2: Emballagedel 3: Materiale 9: Land 3 | AMX2: Emballagedel 3: Materiale 9: Land 4 | AMY2: Emballagedel 3: Materiale 9: Land 5 | AMZ2: Emballagedel 3: Materiale 10: navn | ANA2: Emballagedel 3: Materiale 10: genanvendt | ANB2: Emballagedel 3: Materiale 10: råmateriale | ANC2: Emballagedel 3: Materiale 10: Vægt | AND2: Emballagedel 3: Materiale 10: Enhed | ANE2: Emballagedel 3: Materiale 10: farve | ANF2: Emballagedel 3: Materiale 10: Land 1 | ANG2: Emballagedel 3: Materiale 10: Land 2 | ANH2: Emballagedel 3: Materiale 10: Land 3 | ANI2: Emballagedel 3: Materiale 10: Land 4 | ANJ2: Emballagedel 3: Materiale 10: Land 5 | ANK2: Emballagedel 4: navn | ANL2: Emballagedel 4: vægt | ANM2: Emballagedel 4: Enhed | ANN2: Emballagedel 4: Tykkelse (µm) | ANO2: Emballagedel 4: Tykkelse enhed | ANP2: Emballagedel 4: Sortering | ANQ2: Emballagedel 4: oxo-nedbrydelig | ANR2: Emballagedel 4: bionedbrydelig | ANS2: Emballagedel 4: Genanvendeligt | ANT2: Emballagedel 4: certificeret papir | ANU2: Emballagedel 4: FSC licensnummer | ANV2: Emballagedel 4: Land 1 | ANW2: Emballagedel 4: Land 2 | ANX2: Emballagedel 4: Land 3 | ANY2: Emballagedel 4: Land 4 | ANZ2: Emballagedel 4: Land 5 | AOA2: Emballagedel 4: Materiale 1: navn | AOB2: Emballagedel 4: Materiale 1: genanvendt | AOC2: Emballagedel 4: Materiale 1: råmateriale | AOD2: Emballagedel 4: Materiale 1: Vægt | AOE2: Emballagedel 4: Materiale 1: Enhed | AOF2: Emballagedel 4: Materiale 1: farve | AOG2: Emballagedel 4: Materiale 1: Land 1 | AOH2: Emballagedel 4: Materiale 1: Land 2 | AOI2: Emballagedel 4: Materiale 1: Land 3 | AOJ2: Emballagedel 4: Materiale 1: Land 4 | AOK2: Emballagedel 4: Materiale 1: Land 5 | AOL2: Emballagedel 4: Materiale 2: navn | AOM2: Emballagedel 4: Materiale 2: genanvendt | AON2: Emballagedel 4: Materiale 2: råmateriale | AOO2: Emballagedel 4: Materiale 2: Vægt | AOP2: Emballagedel 4: Materiale 2: Enhed | AOQ2: Emballagedel 4: Materiale 2: farve | AOR2: Emballagedel 4: Materiale 2: Land 1 | AOS2: Emballagedel 4: Materiale 2: Land 2 | AOT2: Emballagedel 4: Materiale 2: Land 3 | AOU2: Emballagedel 4: Materiale 2: Land 4 | AOV2: Emballagedel 4: Materiale 2: Land 5 | AOW2: Emballagedel 4: Materiale 3: navn | AOX2: Emballagedel 4: Materiale 3: genanvendt | AOY2: Emballagedel 4: Materiale 3: råmateriale | AOZ2: Emballagedel 4: Materiale 3: Vægt | APA2: Emballagedel 4: Materiale 3: Enhed | APB2: Emballagedel 4: Materiale 3: farve | APC2: Emballagedel 4: Materiale 3: Land 1 | APD2: Emballagedel 4: Materiale 3: Land 2 | APE2: Emballagedel 4: Materiale 3: Land 3 | APF2: Emballagedel 4: Materiale 3: Land 4 | APG2: Emballagedel 4: Materiale 3: Land 5 | APH2: Emballagedel 4: Materiale 4: navn | API2: Emballagedel 4: Materiale 4: genanvendt | APJ2: Emballagedel 4: Materiale 4: råmateriale | APK2: Emballagedel 4: Materiale 4: Vægt | APL2: Emballagedel 4: Materiale 4: Enhed | APM2: Emballagedel 4: Materiale 4: farve | APN2: Emballagedel 4: Materiale 4: Land 1 | APO2: Emballagedel 4: Materiale 4: Land 2 | APP2: Emballagedel 4: Materiale 4: Land 3 | APQ2: Emballagedel 4: Materiale 4: Land 4 | APR2: Emballagedel 4: Materiale 4: Land 5 | APS2: Emballagedel 4: Materiale 5: navn | APT2: Emballagedel 4: Materiale 5: genanvendt | APU2: Emballagedel 4: Materiale 5: råmateriale | APV2: Emballagedel 4: Materiale 5: Vægt | APW2: Emballagedel 4: Materiale 5: Enhed | APX2: Emballagedel 4: Materiale 5: farve | APY2: Emballagedel 4: Materiale 5: Land 1 | APZ2: Emballagedel 4: Materiale 5: Land 2 | AQA2: Emballagedel 4: Materiale 5: Land 3 | AQB2: Emballagedel 4: Materiale 5: Land 4 | AQC2: Emballagedel 4: Materiale 5: Land 5 | AQD2: Emballagedel 4: Materiale 6: navn | AQE2: Emballagedel 4: Materiale 6: genanvendt | AQF2: Emballagedel 4: Materiale 6: råmateriale | AQG2: Emballagedel 4: Materiale 6: Vægt | AQH2: Emballagedel 4: Materiale 6: Enhed | AQI2: Emballagedel 4: Materiale 6: farve | AQJ2: Emballagedel 4: Materiale 6: Land 1 | AQK2: Emballagedel 4: Materiale 6: Land 2 | AQL2: Emballagedel 4: Materiale 6: Land 3 | AQM2: Emballagedel 4: Materiale 6: Land 4 | AQN2: Emballagedel 4: Materiale 6: Land 5 | AQO2: Emballagedel 4: Materiale 7: navn | AQP2: Emballagedel 4: Materiale 7: genanvendt | AQQ2: Emballagedel 4: Materiale 7: råmateriale | AQR2: Emballagedel 4: Materiale 7: Vægt | AQS2: Emballagedel 4: Materiale 7: Enhed | AQT2: Emballagedel 4: Materiale 7: farve | AQU2: Emballagedel 4: Materiale 7: Land 1 | AQV2: Emballagedel 4: Materiale 7: Land 2 | AQW2: Emballagedel 4: Materiale 7: Land 3 | AQX2: Emballagedel 4: Materiale 7: Land 4 | AQY2: Emballagedel 4: Materiale 7: Land 5 | AQZ2: Emballagedel 4: Materiale 8: navn | ARA2: Emballagedel 4: Materiale 8: genanvendt | ARB2: Emballagedel 4: Materiale 8: råmateriale | ARC2: Emballagedel 4: Materiale 8: Vægt | ARD2: Emballagedel 4: Materiale 8: Enhed | ARE2: Emballagedel 4: Materiale 8: farve | ARF2: Emballagedel 4: Materiale 8: Land 1 | ARG2: Emballagedel 4: Materiale 8: Land 2 | ARH2: Emballagedel 4: Materiale 8: Land 3 | ARI2: Emballagedel 4: Materiale 8: Land 4 | ARJ2: Emballagedel 4: Materiale 8: Land 5 | ARK2: Emballagedel 4: Materiale 9: navn | ARL2: Emballagedel 4: Materiale 9: genanvendt | ARM2: Emballagedel 4: Materiale 9: råmateriale | ARN2: Emballagedel 4: Materiale 9: Vægt | ARO2: Emballagedel 4: Materiale 9: Enhed | ARP2: Emballagedel 4: Materiale 9: farve | ARQ2: Emballagedel 4: Materiale 9: Land 1 | ARR2: Emballagedel 4: Materiale 9: Land 2 | ARS2: Emballagedel 4: Materiale 9: Land 3 | ART2: Emballagedel 4: Materiale 9: Land 4 | ARU2: Emballagedel 4: Materiale 9: Land 5 | ARV2: Emballagedel 4: Materiale 10: navn | ARW2: Emballagedel 4: Materiale 10: genanvendt | ARX2: Emballagedel 4: Materiale 10: råmateriale | ARY2: Emballagedel 4: Materiale 10: Vægt | ARZ2: Emballagedel 4: Materiale 10: Enhed | ASA2: Emballagedel 4: Materiale 10: farve | ASB2: Emballagedel 4: Materiale 10: Land 1 | ASC2: Emballagedel 4: Materiale 10: Land 2 | ASD2: Emballagedel 4: Materiale 10: Land 3 | ASE2: Emballagedel 4: Materiale 10: Land 4 | ASF2: Emballagedel 4: Materiale 10: Land 5 | ASG2: Emballagedel 5: navn | ASH2: Emballagedel 5: vægt | ASI2: Emballagedel 5: Enhed | ASJ2: Emballagedel 5: Tykkelse (µm) | ASK2: Emballagedel 5: Tykkelse enhed | ASL2: Emballagedel 5: Sortering | ASM2: Emballagedel 5: oxo-nedbrydelig | ASN2: Emballagedel 5: bionedbrydelig | ASO2: Emballagedel 5: Genanvendeligt | ASP2: Emballagedel 5: certificeret papir | ASQ2: Emballagedel 5: FSC licensnummer | ASR2: Emballagedel 5: Land 1 | ASS2: Emballagedel 5: Land 2 | AST2: Emballagedel 5: Land 3 | ASU2: Emballagedel 5: Land 4 | ASV2: Emballagedel 5: Land 5 | ASW2: Emballagedel 5: Materiale 1: navn | ASX2: Emballagedel 5: Materiale 1: genanvendt | ASY2: Emballagedel 5: Materiale 1: råmateriale | ASZ2: Emballagedel 5: Materiale 1: Vægt | ATA2: Emballagedel 5: Materiale 1: Enhed | ATB2: Emballagedel 5: Materiale 1: farve | ATC2: Emballagedel 5: Materiale 1: Land 1 | ATD2: Emballagedel 5: Materiale 1: Land 2 | ATE2: Emballagedel 5: Materiale 1: Land 3 | ATF2: Emballagedel 5: Materiale 1: Land 4 | ATG2: Emballagedel 5: Materiale 1: Land 5 | ATH2: Emballagedel 5: Materiale 2: navn | ATI2: Emballagedel 5: Materiale 2: genanvendt | ATJ2: Emballagedel 5: Materiale 2: råmateriale | ATK2: Emballagedel 5: Materiale 2: Vægt | ATL2: Emballagedel 5: Materiale 2: Enhed | ATM2: Emballagedel 5: Materiale 2: farve | ATN2: Emballagedel 5: Materiale 2: Land 1 | ATO2: Emballagedel 5: Materiale 2: Land 2 | ATP2: Emballagedel 5: Materiale 2: Land 3 | ATQ2: Emballagedel 5: Materiale 2: Land 4 | ATR2: Emballagedel 5: Materiale 2: Land 5 | ATS2: Emballagedel 5: Materiale 3: navn | ATT2: Emballagedel 5: Materiale 3: genanvendt | ATU2: Emballagedel 5: Materiale 3: råmateriale | ATV2: Emballagedel 5: Materiale 3: Vægt | ATW2: Emballagedel 5: Materiale 3: Enhed | ATX2: Emballagedel 5: Materiale 3: farve | ATY2: Emballagedel 5: Materiale 3: Land 1 | ATZ2: Emballagedel 5: Materiale 3: Land 2 | AUA2: Emballagedel 5: Materiale 3: Land 3 | AUB2: Emballagedel 5: Materiale 3: Land 4 | AUC2: Emballagedel 5: Materiale 3: Land 5 | AUD2: Emballagedel 5: Materiale 4: navn | AUE2: Emballagedel 5: Materiale 4: genanvendt | AUF2: Emballagedel 5: Materiale 4: råmateriale | AUG2: Emballagedel 5: Materiale 4: Vægt | AUH2: Emballagedel 5: Materiale 4: Enhed | AUI2: Emballagedel 5: Materiale 4: farve | AUJ2: Emballagedel 5: Materiale 4: Land 1 | AUK2: Emballagedel 5: Materiale 4: Land 2 | AUL2: Emballagedel 5: Materiale 4: Land 3 | AUM2: Emballagedel 5: Materiale 4: Land 4 | AUN2: Emballagedel 5: Materiale 4: Land 5 | AUO2: Emballagedel 5: Materiale 5: navn | AUP2: Emballagedel 5: Materiale 5: genanvendt | AUQ2: Emballagedel 5: Materiale 5: råmateriale | AUR2: Emballagedel 5: Materiale 5: Vægt | AUS2: Emballagedel 5: Materiale 5: Enhed | AUT2: Emballagedel 5: Materiale 5: farve | AUU2: Emballagedel 5: Materiale 5: Land 1 | AUV2: Emballagedel 5: Materiale 5: Land 2 | AUW2: Emballagedel 5: Materiale 5: Land 3 | AUX2: Emballagedel 5: Materiale 5: Land 4 | AUY2: Emballagedel 5: Materiale 5: Land 5 | AUZ2: Emballagedel 5: Materiale 6: navn | AVA2: Emballagedel 5: Materiale 6: genanvendt | AVB2: Emballagedel 5: Materiale 6: råmateriale | AVC2: Emballagedel 5: Materiale 6: Vægt | AVD2: Emballagedel 5: Materiale 6: Enhed | AVE2: Emballagedel 5: Materiale 6: farve | AVF2: Emballagedel 5: Materiale 6: Land 1 | AVG2: Emballagedel 5: Materiale 6: Land 2 | AVH2: Emballagedel 5: Materiale 6: Land 3 | AVI2: Emballagedel 5: Materiale 6: Land 4 | AVJ2: Emballagedel 5: Materiale 6: Land 5 | AVK2: Emballagedel 5: Materiale 7: navn | AVL2: Emballagedel 5: Materiale 7: genanvendt | AVM2: Emballagedel 5: Materiale 7: råmateriale | AVN2: Emballagedel 5: Materiale 7: Vægt | AVO2: Emballagedel 5: Materiale 7: Enhed | AVP2: Emballagedel 5: Materiale 7: farve | AVQ2: Emballagedel 5: Materiale 7: Land 1 | AVR2: Emballagedel 5: Materiale 7: Land 2 | AVS2: Emballagedel 5: Materiale 7: Land 3 | AVT2: Emballagedel 5: Materiale 7: Land 4 | AVU2: Emballagedel 5: Materiale 7: Land 5 | AVV2: Emballagedel 5: Materiale 8: navn | AVW2: Emballagedel 5: Materiale 8: genanvendt | AVX2: Emballagedel 5: Materiale 8: råmateriale | AVY2: Emballagedel 5: Materiale 8: Vægt | AVZ2: Emballagedel 5: Materiale 8: Enhed | AWA2: Emballagedel 5: Materiale 8: farve | AWB2: Emballagedel 5: Materiale 8: Land 1 | AWC2: Emballagedel 5: Materiale 8: Land 2 | AWD2: Emballagedel 5: Materiale 8: Land 3 | AWE2: Emballagedel 5: Materiale 8: Land 4 | AWF2: Emballagedel 5: Materiale 8: Land 5 | AWG2: Emballagedel 5: Materiale 9: navn | AWH2: Emballagedel 5: Materiale 9: genanvendt | AWI2: Emballagedel 5: Materiale 9: råmateriale | AWJ2: Emballagedel 5: Materiale 9: Vægt | AWK2: Emballagedel 5: Materiale 9: Enhed | AWL2: Emballagedel 5: Materiale 9: farve | AWM2: Emballagedel 5: Materiale 9: Land 1 | AWN2: Emballagedel 5: Materiale 9: Land 2 | AWO2: Emballagedel 5: Materiale 9: Land 3 | AWP2: Emballagedel 5: Materiale 9: Land 4 | AWQ2: Emballagedel 5: Materiale 9: Land 5 | AWR2: Emballagedel 5: Materiale 10: navn | AWS2: Emballagedel 5: Materiale 10: genanvendt | AWT2: Emballagedel 5: Materiale 10: råmateriale | AWU2: Emballagedel 5: Materiale 10: Vægt | AWV2: Emballagedel 5: Materiale 10: Enhed | AWW2: Emballagedel 5: Materiale 10: farve | AWX2: Emballagedel 5: Materiale 10: Land 1 | AWY2: Emballagedel 5: Materiale 10: Land 2 | AWZ2: Emballagedel 5: Materiale 10: Land 3 | AXA2: Emballagedel 5: Materiale 10: Land 4 | AXB2: Emballagedel 5: Materiale 10: Land 5 | AXC2: Emballagedel 6: navn | AXD2: Emballagedel 6: vægt | AXE2: Emballagedel 6: Enhed | AXF2: Emballagedel 6: Tykkelse (µm) | AXG2: Emballagedel 6: Tykkelse enhed | AXH2: Emballagedel 6: Sortering | AXI2: Emballagedel 6: oxo-nedbrydelig | AXJ2: Emballagedel 6: bionedbrydelig | AXK2: Emballagedel 6: Genanvendeligt | AXL2: Emballagedel 6: certificeret papir | AXM2: Emballagedel 6: FSC licensnummer | AXN2: Emballagedel 6: Land 1 | AXO2: Emballagedel 6: Land 2 | AXP2: Emballagedel 6: Land 3 | AXQ2: Emballagedel 6: Land 4 | AXR2: Emballagedel 6: Land 5 | AXS2: Emballagedel 6: Materiale 1: navn | AXT2: Emballagedel 6: Materiale 1: genanvendt | AXU2: Emballagedel 6: Materiale 1: råmateriale | AXV2: Emballagedel 6: Materiale 1: Vægt | AXW2: Emballagedel 6: Materiale 1: Enhed | AXX2: Emballagedel 6: Materiale 1: farve | AXY2: Emballagedel 6: Materiale 1: Land 1 | AXZ2: Emballagedel 6: Materiale 1: Land 2 | AYA2: Emballagedel 6: Materiale 1: Land 3 | AYB2: Emballagedel 6: Materiale 1: Land 4 | AYC2: Emballagedel 6: Materiale 1: Land 5 | AYD2: Emballagedel 6: Materiale 2: navn | AYE2: Emballagedel 6: Materiale 2: genanvendt | AYF2: Emballagedel 6: Materiale 2: råmateriale | AYG2: Emballagedel 6: Materiale 2: Vægt | AYH2: Emballagedel 6: Materiale 2: Enhed | AYI2: Emballagedel 6: Materiale 2: farve | AYJ2: Emballagedel 6: Materiale 2: Land 1 | AYK2: Emballagedel 6: Materiale 2: Land 2 | AYL2: Emballagedel 6: Materiale 2: Land 3 | AYM2: Emballagedel 6: Materiale 2: Land 4 | AYN2: Emballagedel 6: Materiale 2: Land 5 | AYO2: Emballagedel 6: Materiale 3: navn | AYP2: Emballagedel 6: Materiale 3: genanvendt | AYQ2: Emballagedel 6: Materiale 3: råmateriale | AYR2: Emballagedel 6: Materiale 3: Vægt | AYS2: Emballagedel 6: Materiale 3: Enhed | AYT2: Emballagedel 6: Materiale 3: farve | AYU2: Emballagedel 6: Materiale 3: Land 1 | AYV2: Emballagedel 6: Materiale 3: Land 2 | AYW2: Emballagedel 6: Materiale 3: Land 3 | AYX2: Emballagedel 6: Materiale 3: Land 4 | AYY2: Emballagedel 6: Materiale 3: Land 5 | AYZ2: Emballagedel 6: Materiale 4: navn | AZA2: Emballagedel 6: Materiale 4: genanvendt | AZB2: Emballagedel 6: Materiale 4: råmateriale | AZC2: Emballagedel 6: Materiale 4: Vægt | AZD2: Emballagedel 6: Materiale 4: Enhed | AZE2: Emballagedel 6: Materiale 4: farve | AZF2: Emballagedel 6: Materiale 4: Land 1 | AZG2: Emballagedel 6: Materiale 4: Land 2 | AZH2: Emballagedel 6: Materiale 4: Land 3 | AZI2: Emballagedel 6: Materiale 4: Land 4 | AZJ2: Emballagedel 6: Materiale 4: Land 5 | AZK2: Emballagedel 6: Materiale 5: navn | AZL2: Emballagedel 6: Materiale 5: genanvendt | AZM2: Emballagedel 6: Materiale 5: råmateriale | AZN2: Emballagedel 6: Materiale 5: Vægt | AZO2: Emballagedel 6: Materiale 5: Enhed | AZP2: Emballagedel 6: Materiale 5: farve | AZQ2: Emballagedel 6: Materiale 5: Land 1 | AZR2: Emballagedel 6: Materiale 5: Land 2 | AZS2: Emballagedel 6: Materiale 5: Land 3 | AZT2: Emballagedel 6: Materiale 5: Land 4 | AZU2: Emballagedel 6: Materiale 5: Land 5 | AZV2: Emballagedel 6: Materiale 6: navn | AZW2: Emballagedel 6: Materiale 6: genanvendt | AZX2: Emballagedel 6: Materiale 6: råmateriale | AZY2: Emballagedel 6: Materiale 6: Vægt | AZZ2: Emballagedel 6: Materiale 6: Enhed | BAA2: Emballagedel 6: Materiale 6: farve | BAB2: Emballagedel 6: Materiale 6: Land 1 | BAC2: Emballagedel 6: Materiale 6: Land 2 | BAD2: Emballagedel 6: Materiale 6: Land 3 | BAE2: Emballagedel 6: Materiale 6: Land 4 | BAF2: Emballagedel 6: Materiale 6: Land 5 | BAG2: Emballagedel 6: Materiale 7: navn | BAH2: Emballagedel 6: Materiale 7: genanvendt | BAI2: Emballagedel 6: Materiale 7: råmateriale | BAJ2: Emballagedel 6: Materiale 7: Vægt | BAK2: Emballagedel 6: Materiale 7: Enhed | BAL2: Emballagedel 6: Materiale 7: farve | BAM2: Emballagedel 6: Materiale 7: Land 1 | BAN2: Emballagedel 6: Materiale 7: Land 2 | BAO2: Emballagedel 6: Materiale 7: Land 3 | BAP2: Emballagedel 6: Materiale 7: Land 4 | BAQ2: Emballagedel 6: Materiale 7: Land 5 | BAR2: Emballagedel 6: Materiale 8: navn | BAS2: Emballagedel 6: Materiale 8: genanvendt | BAT2: Emballagedel 6: Materiale 8: råmateriale | BAU2: Emballagedel 6: Materiale 8: Vægt | BAV2: Emballagedel 6: Materiale 8: Enhed | BAW2: Emballagedel 6: Materiale 8: farve | BAX2: Emballagedel 6: Materiale 8: Land 1 | BAY2: Emballagedel 6: Materiale 8: Land 2 | BAZ2: Emballagedel 6: Materiale 8: Land 3 | BBA2: Emballagedel 6: Materiale 8: Land 4 | BBB2: Emballagedel 6: Materiale 8: Land 5 | BBC2: Emballagedel 6: Materiale 9: navn | BBD2: Emballagedel 6: Materiale 9: genanvendt | BBE2: Emballagedel 6: Materiale 9: råmateriale | BBF2: Emballagedel 6: Materiale 9: Vægt | BBG2: Emballagedel 6: Materiale 9: Enhed | BBH2: Emballagedel 6: Materiale 9: farve | BBI2: Emballagedel 6: Materiale 9: Land 1 | BBJ2: Emballagedel 6: Materiale 9: Land 2 | BBK2: Emballagedel 6: Materiale 9: Land 3 | BBL2: Emballagedel 6: Materiale 9: Land 4 | BBM2: Emballagedel 6: Materiale 9: Land 5 | BBN2: Emballagedel 6: Materiale 10: navn | BBO2: Emballagedel 6: Materiale 10: genanvendt | BBP2: Emballagedel 6: Materiale 10: råmateriale | BBQ2: Emballagedel 6: Materiale 10: Vægt | BBR2: Emballagedel 6: Materiale 10: Enhed | BBS2: Emballagedel 6: Materiale 10: farve | BBT2: Emballagedel 6: Materiale 10: Land 1 | BBU2: Emballagedel 6: Materiale 10: Land 2 | BBV2: Emballagedel 6: Materiale 10: Land 3 | BBW2: Emballagedel 6: Materiale 10: Land 4 | BBX2: Emballagedel 6: Materiale 10: Land 5 | BBY2: Emballagedel 7: navn | BBZ2: Emballagedel 7: vægt | BCA2: Emballagedel 7: Enhed | BCB2: Emballagedel 7: Tykkelse (µm) | BCC2: Emballagedel 7: Tykkelse enhed | BCD2: Emballagedel 7: Sortering | BCE2: Emballagedel 7: oxo-nedbrydelig | BCF2: Emballagedel 7: bionedbrydelig | BCG2: Emballagedel 7: Genanvendeligt | BCH2: Emballagedel 7: certificeret papir | BCI2: Emballagedel 7: FSC licensnummer | BCJ2: Emballagedel 7: Land 1 | BCK2: Emballagedel 7: Land 2 | BCL2: Emballagedel 7: Land 3 | BCM2: Emballagedel 7: Land 4 | BCN2: Emballagedel 7: Land 5 | BCO2: Emballagedel 7: Materiale 1: navn | BCP2: Emballagedel 7: Materiale 1: genanvendt | BCQ2: Emballagedel 7: Materiale 1: råmateriale | BCR2: Emballagedel 7: Materiale 1: Vægt | BCS2: Emballagedel 7: Materiale 1: Enhed | BCT2: Emballagedel 7: Materiale 1: farve | BCU2: Emballagedel 7: Materiale 1: Land 1 | BCV2: Emballagedel 7: Materiale 1: Land 2 | BCW2: Emballagedel 7: Materiale 1: Land 3 | BCX2: Emballagedel 7: Materiale 1: Land 4 | BCY2: Emballagedel 7: Materiale 1: Land 5 | BCZ2: Emballagedel 7: Materiale 2: navn | BDA2: Emballagedel 7: Materiale 2: genanvendt | BDB2: Emballagedel 7: Materiale 2: råmateriale | BDC2: Emballagedel 7: Materiale 2: Vægt | BDD2: Emballagedel 7: Materiale 2: Enhed | BDE2: Emballagedel 7: Materiale 2: farve | BDF2: Emballagedel 7: Materiale 2: Land 1 | BDG2: Emballagedel 7: Materiale 2: Land 2 | BDH2: Emballagedel 7: Materiale 2: Land 3 | BDI2: Emballagedel 7: Materiale 2: Land 4 | BDJ2: Emballagedel 7: Materiale 2: Land 5 | BDK2: Emballagedel 7: Materiale 3: navn | BDL2: Emballagedel 7: Materiale 3: genanvendt | BDM2: Emballagedel 7: Materiale 3: råmateriale | BDN2: Emballagedel 7: Materiale 3: Vægt | BDO2: Emballagedel 7: Materiale 3: Enhed | BDP2: Emballagedel 7: Materiale 3: farve | BDQ2: Emballagedel 7: Materiale 3: Land 1 | BDR2: Emballagedel 7: Materiale 3: Land 2 | BDS2: Emballagedel 7: Materiale 3: Land 3 | BDT2: Emballagedel 7: Materiale 3: Land 4 | BDU2: Emballagedel 7: Materiale 3: Land 5 | BDV2: Emballagedel 7: Materiale 4: navn | BDW2: Emballagedel 7: Materiale 4: genanvendt | BDX2: Emballagedel 7: Materiale 4: råmateriale | BDY2: Emballagedel 7: Materiale 4: Vægt | BDZ2: Emballagedel 7: Materiale 4: Enhed | BEA2: Emballagedel 7: Materiale 4: farve | BEB2: Emballagedel 7: Materiale 4: Land 1 | BEC2: Emballagedel 7: Materiale 4: Land 2 | BED2: Emballagedel 7: Materiale 4: Land 3 | BEE2: Emballagedel 7: Materiale 4: Land 4 | BEF2: Emballagedel 7: Materiale 4: Land 5 | BEG2: Emballagedel 7: Materiale 5: navn | BEH2: Emballagedel 7: Materiale 5: genanvendt | BEI2: Emballagedel 7: Materiale 5: råmateriale | BEJ2: Emballagedel 7: Materiale 5: Vægt | BEK2: Emballagedel 7: Materiale 5: Enhed | BEL2: Emballagedel 7: Materiale 5: farve | BEM2: Emballagedel 7: Materiale 5: Land 1 | BEN2: Emballagedel 7: Materiale 5: Land 2 | BEO2: Emballagedel 7: Materiale 5: Land 3 | BEP2: Emballagedel 7: Materiale 5: Land 4 | BEQ2: Emballagedel 7: Materiale 5: Land 5 | BER2: Emballagedel 7: Materiale 6: navn | BES2: Emballagedel 7: Materiale 6: genanvendt | BET2: Emballagedel 7: Materiale 6: råmateriale | BEU2: Emballagedel 7: Materiale 6: Vægt | BEV2: Emballagedel 7: Materiale 6: Enhed | BEW2: Emballagedel 7: Materiale 6: farve | BEX2: Emballagedel 7: Materiale 6: Land 1 | BEY2: Emballagedel 7: Materiale 6: Land 2 | BEZ2: Emballagedel 7: Materiale 6: Land 3 | BFA2: Emballagedel 7: Materiale 6: Land 4 | BFB2: Emballagedel 7: Materiale 6: Land 5 | BFC2: Emballagedel 7: Materiale 7: navn | BFD2: Emballagedel 7: Materiale 7: genanvendt | BFE2: Emballagedel 7: Materiale 7: råmateriale | BFF2: Emballagedel 7: Materiale 7: Vægt | BFG2: Emballagedel 7: Materiale 7: Enhed | BFH2: Emballagedel 7: Materiale 7: farve | BFI2: Emballagedel 7: Materiale 7: Land 1 | BFJ2: Emballagedel 7: Materiale 7: Land 2 | BFK2: Emballagedel 7: Materiale 7: Land 3 | BFL2: Emballagedel 7: Materiale 7: Land 4 | BFM2: Emballagedel 7: Materiale 7: Land 5 | BFN2: Emballagedel 7: Materiale 8: navn | BFO2: Emballagedel 7: Materiale 8: genanvendt | BFP2: Emballagedel 7: Materiale 8: råmateriale | BFQ2: Emballagedel 7: Materiale 8: Vægt | BFR2: Emballagedel 7: Materiale 8: Enhed | BFS2: Emballagedel 7: Materiale 8: farve | BFT2: Emballagedel 7: Materiale 8: Land 1 | BFU2: Emballagedel 7: Materiale 8: Land 2 | BFV2: Emballagedel 7: Materiale 8: Land 3 | BFW2: Emballagedel 7: Materiale 8: Land 4 | BFX2: Emballagedel 7: Materiale 8: Land 5 | BFY2: Emballagedel 7: Materiale 9: navn | BFZ2: Emballagedel 7: Materiale 9: genanvendt | BGA2: Emballagedel 7: Materiale 9: råmateriale | BGB2: Emballagedel 7: Materiale 9: Vægt | BGC2: Emballagedel 7: Materiale 9: Enhed | BGD2: Emballagedel 7: Materiale 9: farve | BGE2: Emballagedel 7: Materiale 9: Land 1 | BGF2: Emballagedel 7: Materiale 9: Land 2 | BGG2: Emballagedel 7: Materiale 9: Land 3 | BGH2: Emballagedel 7: Materiale 9: Land 4 | BGI2: Emballagedel 7: Materiale 9: Land 5 | BGJ2: Emballagedel 7: Materiale 10: navn | BGK2: Emballagedel 7: Materiale 10: genanvendt | BGL2: Emballagedel 7: Materiale 10: råmateriale | BGM2: Emballagedel 7: Materiale 10: Vægt | BGN2: Emballagedel 7: Materiale 10: Enhed | BGO2: Emballagedel 7: Materiale 10: farve | BGP2: Emballagedel 7: Materiale 10: Land 1 | BGQ2: Emballagedel 7: Materiale 10: Land 2 | BGR2: Emballagedel 7: Materiale 10: Land 3 | BGS2: Emballagedel 7: Materiale 10: Land 4 | BGT2: Emballagedel 7: Materiale 10: Land 5 | BGU2: Emballagedel 8: navn | BGV2: Emballagedel 8: vægt | BGW2: Emballagedel 8: Enhed | BGX2: Emballagedel 8: Tykkelse (µm) | BGY2: Emballagedel 8: Tykkelse enhed | BGZ2: Emballagedel 8: Sortering | BHA2: Emballagedel 8: oxo-nedbrydelig | BHB2: Emballagedel 8: bionedbrydelig | BHC2: Emballagedel 8: Genanvendeligt | BHD2: Emballagedel 8: certificeret papir | BHE2: Emballagedel 8: FSC licensnummer | BHF2: Emballagedel 8: Land 1 | BHG2: Emballagedel 8: Land 2 | BHH2: Emballagedel 8: Land 3 | BHI2: Emballagedel 8: Land 4 | BHJ2: Emballagedel 8: Land 5 | BHK2: Emballagedel 8: Materiale 1: navn | BHL2: Emballagedel 8: Materiale 1: genanvendt | BHM2: Emballagedel 8: Materiale 1: råmateriale | BHN2: Emballagedel 8: Materiale 1: Vægt | BHO2: Emballagedel 8: Materiale 1: Enhed | BHP2: Emballagedel 8: Materiale 1: farve | BHQ2: Emballagedel 8: Materiale 1: Land 1 | BHR2: Emballagedel 8: Materiale 1: Land 2 | BHS2: Emballagedel 8: Materiale 1: Land 3 | BHT2: Emballagedel 8: Materiale 1: Land 4 | BHU2: Emballagedel 8: Materiale 1: Land 5 | BHV2: Emballagedel 8: Materiale 2: navn | BHW2: Emballagedel 8: Materiale 2: genanvendt | BHX2: Emballagedel 8: Materiale 2: råmateriale | BHY2: Emballagedel 8: Materiale 2: Vægt | BHZ2: Emballagedel 8: Materiale 2: Enhed | BIA2: Emballagedel 8: Materiale 2: farve | BIB2: Emballagedel 8: Materiale 2: Land 1 | BIC2: Emballagedel 8: Materiale 2: Land 2 | BID2: Emballagedel 8: Materiale 2: Land 3 | BIE2: Emballagedel 8: Materiale 2: Land 4 | BIF2: Emballagedel 8: Materiale 2: Land 5 | BIG2: Emballagedel 8: Materiale 3: navn | BIH2: Emballagedel 8: Materiale 3: genanvendt | BII2: Emballagedel 8: Materiale 3: råmateriale | BIJ2: Emballagedel 8: Materiale 3: Vægt | BIK2: Emballagedel 8: Materiale 3: Enhed | BIL2: Emballagedel 8: Materiale 3: farve | BIM2: Emballagedel 8: Materiale 3: Land 1 | BIN2: Emballagedel 8: Materiale 3: Land 2 | BIO2: Emballagedel 8: Materiale 3: Land 3 | BIP2: Emballagedel 8: Materiale 3: Land 4 | BIQ2: Emballagedel 8: Materiale 3: Land 5 | BIR2: Emballagedel 8: Materiale 4: navn | BIS2: Emballagedel 8: Materiale 4: genanvendt | BIT2: Emballagedel 8: Materiale 4: råmateriale | BIU2: Emballagedel 8: Materiale 4: Vægt | BIV2: Emballagedel 8: Materiale 4: Enhed | BIW2: Emballagedel 8: Materiale 4: farve | BIX2: Emballagedel 8: Materiale 4: Land 1 | BIY2: Emballagedel 8: Materiale 4: Land 2 | BIZ2: Emballagedel 8: Materiale 4: Land 3 | BJA2: Emballagedel 8: Materiale 4: Land 4 | BJB2: Emballagedel 8: Materiale 4: Land 5 | BJC2: Emballagedel 8: Materiale 5: navn | BJD2: Emballagedel 8: Materiale 5: genanvendt | BJE2: Emballagedel 8: Materiale 5: råmateriale | BJF2: Emballagedel 8: Materiale 5: Vægt | BJG2: Emballagedel 8: Materiale 5: Enhed | BJH2: Emballagedel 8: Materiale 5: farve | BJI2: Emballagedel 8: Materiale 5: Land 1 | BJJ2: Emballagedel 8: Materiale 5: Land 2 | BJK2: Emballagedel 8: Materiale 5: Land 3 | BJL2: Emballagedel 8: Materiale 5: Land 4 | BJM2: Emballagedel 8: Materiale 5: Land 5 | BJN2: Emballagedel 8: Materiale 6: navn | BJO2: Emballagedel 8: Materiale 6: genanvendt | BJP2: Emballagedel 8: Materiale 6: råmateriale | BJQ2: Emballagedel 8: Materiale 6: Vægt | BJR2: Emballagedel 8: Materiale 6: Enhed | BJS2: Emballagedel 8: Materiale 6: farve | BJT2: Emballagedel 8: Materiale 6: Land 1 | BJU2: Emballagedel 8: Materiale 6: Land 2 | BJV2: Emballagedel 8: Materiale 6: Land 3 | BJW2: Emballagedel 8: Materiale 6: Land 4 | BJX2: Emballagedel 8: Materiale 6: Land 5 | BJY2: Emballagedel 8: Materiale 7: navn | BJZ2: Emballagedel 8: Materiale 7: genanvendt | BKA2: Emballagedel 8: Materiale 7: råmateriale | BKB2: Emballagedel 8: Materiale 7: Vægt | BKC2: Emballagedel 8: Materiale 7: Enhed | BKD2: Emballagedel 8: Materiale 7: farve | BKE2: Emballagedel 8: Materiale 7: Land 1 | BKF2: Emballagedel 8: Materiale 7: Land 2 | BKG2: Emballagedel 8: Materiale 7: Land 3 | BKH2: Emballagedel 8: Materiale 7: Land 4 | BKI2: Emballagedel 8: Materiale 7: Land 5 | BKJ2: Emballagedel 8: Materiale 8: navn | BKK2: Emballagedel 8: Materiale 8: genanvendt | BKL2: Emballagedel 8: Materiale 8: råmateriale | BKM2: Emballagedel 8: Materiale 8: Vægt | BKN2: Emballagedel 8: Materiale 8: Enhed | BKO2: Emballagedel 8: Materiale 8: farve | BKP2: Emballagedel 8: Materiale 8: Land 1 | BKQ2: Emballagedel 8: Materiale 8: Land 2 | BKR2: Emballagedel 8: Materiale 8: Land 3 | BKS2: Emballagedel 8: Materiale 8: Land 4 | BKT2: Emballagedel 8: Materiale 8: Land 5 | BKU2: Emballagedel 8: Materiale 9: navn | BKV2: Emballagedel 8: Materiale 9: genanvendt | BKW2: Emballagedel 8: Materiale 9: råmateriale | BKX2: Emballagedel 8: Materiale 9: Vægt | BKY2: Emballagedel 8: Materiale 9: Enhed | BKZ2: Emballagedel 8: Materiale 9: farve | BLA2: Emballagedel 8: Materiale 9: Land 1 | BLB2: Emballagedel 8: Materiale 9: Land 2 | BLC2: Emballagedel 8: Materiale 9: Land 3 | BLD2: Emballagedel 8: Materiale 9: Land 4 | BLE2: Emballagedel 8: Materiale 9: Land 5 | BLF2: Emballagedel 8: Materiale 10: navn | BLG2: Emballagedel 8: Materiale 10: genanvendt | BLH2: Emballagedel 8: Materiale 10: råmateriale | BLI2: Emballagedel 8: Materiale 10: Vægt | BLJ2: Emballagedel 8: Materiale 10: Enhed | BLK2: Emballagedel 8: Materiale 10: farve | BLL2: Emballagedel 8: Materiale 10: Land 1 | BLM2: Emballagedel 8: Materiale 10: Land 2 | BLN2: Emballagedel 8: Materiale 10: Land 3 | BLO2: Emballagedel 8: Materiale 10: Land 4 | BLP2: Emballagedel 8: Materiale 10: Land 5 | BLQ2: Emballagedel 9: navn | BLR2: Emballagedel 9: vægt | BLS2: Emballagedel 9: Enhed | BLT2: Emballagedel 9: Tykkelse (µm) | BLU2: Emballagedel 9: Tykkelse enhed | BLV2: Emballagedel 9: Sortering | BLW2: Emballagedel 9: oxo-nedbrydelig | BLX2: Emballagedel 9: bionedbrydelig | BLY2: Emballagedel 9: Genanvendeligt | BLZ2: Emballagedel 9: certificeret papir | BMA2: Emballagedel 9: FSC licensnummer | BMB2: Emballagedel 9: Land 1 | BMC2: Emballagedel 9: Land 2 | BMD2: Emballagedel 9: Land 3 | BME2: Emballagedel 9: Land 4 | BMF2: Emballagedel 9: Land 5 | BMG2: Emballagedel 9: Materiale 1: navn | BMH2: Emballagedel 9: Materiale 1: genanvendt | BMI2: Emballagedel 9: Materiale 1: råmateriale | BMJ2: Emballagedel 9: Materiale 1: Vægt | BMK2: Emballagedel 9: Materiale 1: Enhed | BML2: Emballagedel 9: Materiale 1: farve | BMM2: Emballagedel 9: Materiale 1: Land 1 | BMN2: Emballagedel 9: Materiale 1: Land 2 | BMO2: Emballagedel 9: Materiale 1: Land 3 | BMP2: Emballagedel 9: Materiale 1: Land 4 | BMQ2: Emballagedel 9: Materiale 1: Land 5 | BMR2: Emballagedel 9: Materiale 2: navn | BMS2: Emballagedel 9: Materiale 2: genanvendt | BMT2: Emballagedel 9: Materiale 2: råmateriale | BMU2: Emballagedel 9: Materiale 2: Vægt | BMV2: Emballagedel 9: Materiale 2: Enhed | BMW2: Emballagedel 9: Materiale 2: farve | BMX2: Emballagedel 9: Materiale 2: Land 1 | BMY2: Emballagedel 9: Materiale 2: Land 2 | BMZ2: Emballagedel 9: Materiale 2: Land 3 | BNA2: Emballagedel 9: Materiale 2: Land 4 | BNB2: Emballagedel 9: Materiale 2: Land 5 | BNC2: Emballagedel 9: Materiale 3: navn | BND2: Emballagedel 9: Materiale 3: genanvendt | BNE2: Emballagedel 9: Materiale 3: råmateriale | BNF2: Emballagedel 9: Materiale 3: Vægt | BNG2: Emballagedel 9: Materiale 3: Enhed | BNH2: Emballagedel 9: Materiale 3: farve | BNI2: Emballagedel 9: Materiale 3: Land 1 | BNJ2: Emballagedel 9: Materiale 3: Land 2 | BNK2: Emballagedel 9: Materiale 3: Land 3 | BNL2: Emballagedel 9: Materiale 3: Land 4 | BNM2: Emballagedel 9: Materiale 3: Land 5 | BNN2: Emballagedel 9: Materiale 4: navn | BNO2: Emballagedel 9: Materiale 4: genanvendt | BNP2: Emballagedel 9: Materiale 4: råmateriale | BNQ2: Emballagedel 9: Materiale 4: Vægt | BNR2: Emballagedel 9: Materiale 4: Enhed | BNS2: Emballagedel 9: Materiale 4: farve | BNT2: Emballagedel 9: Materiale 4: Land 1 | BNU2: Emballagedel 9: Materiale 4: Land 2 | BNV2: Emballagedel 9: Materiale 4: Land 3 | BNW2: Emballagedel 9: Materiale 4: Land 4 | BNX2: Emballagedel 9: Materiale 4: Land 5 | BNY2: Emballagedel 9: Materiale 5: navn | BNZ2: Emballagedel 9: Materiale 5: genanvendt | BOA2: Emballagedel 9: Materiale 5: råmateriale | BOB2: Emballagedel 9: Materiale 5: Vægt | BOC2: Emballagedel 9: Materiale 5: Enhed | BOD2: Emballagedel 9: Materiale 5: farve | BOE2: Emballagedel 9: Materiale 5: Land 1 | BOF2: Emballagedel 9: Materiale 5: Land 2 | BOG2: Emballagedel 9: Materiale 5: Land 3 | BOH2: Emballagedel 9: Materiale 5: Land 4 | BOI2: Emballagedel 9: Materiale 5: Land 5 | BOJ2: Emballagedel 9: Materiale 6: navn | BOK2: Emballagedel 9: Materiale 6: genanvendt | BOL2: Emballagedel 9: Materiale 6: råmateriale | BOM2: Emballagedel 9: Materiale 6: Vægt | BON2: Emballagedel 9: Materiale 6: Enhed | BOO2: Emballagedel 9: Materiale 6: farve | BOP2: Emballagedel 9: Materiale 6: Land 1 | BOQ2: Emballagedel 9: Materiale 6: Land 2 | BOR2: Emballagedel 9: Materiale 6: Land 3 | BOS2: Emballagedel 9: Materiale 6: Land 4 | BOT2: Emballagedel 9: Materiale 6: Land 5 | BOU2: Emballagedel 9: Materiale 7: navn | BOV2: Emballagedel 9: Materiale 7: genanvendt | BOW2: Emballagedel 9: Materiale 7: råmateriale | BOX2: Emballagedel 9: Materiale 7: Vægt | BOY2: Emballagedel 9: Materiale 7: Enhed | BOZ2: Emballagedel 9: Materiale 7: farve | BPA2: Emballagedel 9: Materiale 7: Land 1 | BPB2: Emballagedel 9: Materiale 7: Land 2 | BPC2: Emballagedel 9: Materiale 7: Land 3 | BPD2: Emballagedel 9: Materiale 7: Land 4 | BPE2: Emballagedel 9: Materiale 7: Land 5 | BPF2: Emballagedel 9: Materiale 8: navn | BPG2: Emballagedel 9: Materiale 8: genanvendt | BPH2: Emballagedel 9: Materiale 8: råmateriale | BPI2: Emballagedel 9: Materiale 8: Vægt | BPJ2: Emballagedel 9: Materiale 8: Enhed | BPK2: Emballagedel 9: Materiale 8: farve | BPL2: Emballagedel 9: Materiale 8: Land 1 | BPM2: Emballagedel 9: Materiale 8: Land 2 | BPN2: Emballagedel 9: Materiale 8: Land 3 | BPO2: Emballagedel 9: Materiale 8: Land 4 | BPP2: Emballagedel 9: Materiale 8: Land 5 | BPQ2: Emballagedel 9: Materiale 9: navn | BPR2: Emballagedel 9: Materiale 9: genanvendt | BPS2: Emballagedel 9: Materiale 9: råmateriale | BPT2: Emballagedel 9: Materiale 9: Vægt | BPU2: Emballagedel 9: Materiale 9: Enhed | BPV2: Emballagedel 9: Materiale 9: farve | BPW2: Emballagedel 9: Materiale 9: Land 1 | BPX2: Emballagedel 9: Materiale 9: Land 2 | BPY2: Emballagedel 9: Materiale 9: Land 3 | BPZ2: Emballagedel 9: Materiale 9: Land 4 | BQA2: Emballagedel 9: Materiale 9: Land 5 | BQB2: Emballagedel 9: Materiale 10: navn | BQC2: Emballagedel 9: Materiale 10: genanvendt | BQD2: Emballagedel 9: Materiale 10: råmateriale | BQE2: Emballagedel 9: Materiale 10: Vægt | BQF2: Emballagedel 9: Materiale 10: Enhed | BQG2: Emballagedel 9: Materiale 10: farve | BQH2: Emballagedel 9: Materiale 10: Land 1 | BQI2: Emballagedel 9: Materiale 10: Land 2 | BQJ2: Emballagedel 9: Materiale 10: Land 3 | BQK2: Emballagedel 9: Materiale 10: Land 4 | BQL2: Emballagedel 9: Materiale 10: Land 5 | BQM2: Emballagedel 10: navn | BQN2: Emballagedel 10: vægt | BQO2: Emballagedel 10: Enhed | BQP2: Emballagedel 10: Tykkelse (µm) | BQQ2: Emballagedel 10: Tykkelse enhed | BQR2: Emballagedel 10: Sortering | BQS2: Emballagedel 10: oxo-nedbrydelig | BQT2: Emballagedel 10: bionedbrydelig | BQU2: Emballagedel 10: Genanvendeligt | BQV2: Emballagedel 10: certificeret papir | BQW2: Emballagedel 10: FSC licensnummer | BQX2: Emballagedel 10: Land 1 | BQY2: Emballagedel 10: Land 2 | BQZ2: Emballagedel 10: Land 3 | BRA2: Emballagedel 10: Land 4 | BRB2: Emballagedel 10: Land 5 | BRC2: Emballagedel 10: Materiale 1: navn | BRD2: Emballagedel 10: Materiale 1: genanvendt | BRE2: Emballagedel 10: Materiale 1: råmateriale | BRF2: Emballagedel 10: Materiale 1: Vægt | BRG2: Emballagedel 10: Materiale 1: Enhed | BRH2: Emballagedel 10: Materiale 1: farve | BRI2: Emballagedel 10: Materiale 1: Land 1 | BRJ2: Emballagedel 10: Materiale 1: Land 2 | BRK2: Emballagedel 10: Materiale 1: Land 3 | BRL2: Emballagedel 10: Materiale 1: Land 4 | BRM2: Emballagedel 10: Materiale 1: Land 5 | BRN2: Emballagedel 10: Materiale 2: navn | BRO2: Emballagedel 10: Materiale 2: genanvendt | BRP2: Emballagedel 10: Materiale 2: råmateriale | BRQ2: Emballagedel 10: Materiale 2: Vægt | BRR2: Emballagedel 10: Materiale 2: Enhed | BRS2: Emballagedel 10: Materiale 2: farve | BRT2: Emballagedel 10: Materiale 2: Land 1 | BRU2: Emballagedel 10: Materiale 2: Land 2 | BRV2: Emballagedel 10: Materiale 2: Land 3 | BRW2: Emballagedel 10: Materiale 2: Land 4 | BRX2: Emballagedel 10: Materiale 2: Land 5 | BRY2: Emballagedel 10: Materiale 3: navn | BRZ2: Emballagedel 10: Materiale 3: genanvendt | BSA2: Emballagedel 10: Materiale 3: råmateriale | BSB2: Emballagedel 10: Materiale 3: Vægt | BSC2: Emballagedel 10: Materiale 3: Enhed | BSD2: Emballagedel 10: Materiale 3: farve | BSE2: Emballagedel 10: Materiale 3: Land 1 | BSF2: Emballagedel 10: Materiale 3: Land 2 | BSG2: Emballagedel 10: Materiale 3: Land 3 | BSH2: Emballagedel 10: Materiale 3: Land 4 | BSI2: Emballagedel 10: Materiale 3: Land 5 | BSJ2: Emballagedel 10: Materiale 4: navn | BSK2: Emballagedel 10: Materiale 4: genanvendt | BSL2: Emballagedel 10: Materiale 4: råmateriale | BSM2: Emballagedel 10: Materiale 4: Vægt | BSN2: Emballagedel 10: Materiale 4: Enhed | BSO2: Emballagedel 10: Materiale 4: farve | BSP2: Emballagedel 10: Materiale 4: Land 1 | BSQ2: Emballagedel 10: Materiale 4: Land 2 | BSR2: Emballagedel 10: Materiale 4: Land 3 | BSS2: Emballagedel 10: Materiale 4: Land 4 | BST2: Emballagedel 10: Materiale 4: Land 5 | BSU2: Emballagedel 10: Materiale 5: navn | BSV2: Emballagedel 10: Materiale 5: genanvendt | BSW2: Emballagedel 10: Materiale 5: råmateriale | BSX2: Emballagedel 10: Materiale 5: Vægt | BSY2: Emballagedel 10: Materiale 5: Enhed | BSZ2: Emballagedel 10: Materiale 5: farve | BTA2: Emballagedel 10: Materiale 5: Land 1 | BTB2: Emballagedel 10: Materiale 5: Land 2 | BTC2: Emballagedel 10: Materiale 5: Land 3 | BTD2: Emballagedel 10: Materiale 5: Land 4 | BTE2: Emballagedel 10: Materiale 5: Land 5 | BTF2: Emballagedel 10: Materiale 6: navn | BTG2: Emballagedel 10: Materiale 6: genanvendt | BTH2: Emballagedel 10: Materiale 6: råmateriale | BTI2: Emballagedel 10: Materiale 6: Vægt | BTJ2: Emballagedel 10: Materiale 6: Enhed | BTK2: Emballagedel 10: Materiale 6: farve | BTL2: Emballagedel 10: Materiale 6: Land 1 | BTM2: Emballagedel 10: Materiale 6: Land 2 | BTN2: Emballagedel 10: Materiale 6: Land 3 | BTO2: Emballagedel 10: Materiale 6: Land 4 | BTP2: Emballagedel 10: Materiale 6: Land 5 | BTQ2: Emballagedel 10: Materiale 7: navn | BTR2: Emballagedel 10: Materiale 7: genanvendt | BTS2: Emballagedel 10: Materiale 7: råmateriale | BTT2: Emballagedel 10: Materiale 7: Vægt | BTU2: Emballagedel 10: Materiale 7: Enhed | BTV2: Emballagedel 10: Materiale 7: farve | BTW2: Emballagedel 10: Materiale 7: Land 1 | BTX2: Emballagedel 10: Materiale 7: Land 2 | BTY2: Emballagedel 10: Materiale 7: Land 3 | BTZ2: Emballagedel 10: Materiale 7: Land 4 | BUA2: Emballagedel 10: Materiale 7: Land 5 | BUB2: Emballagedel 10: Materiale 8: navn | BUC2: Emballagedel 10: Materiale 8: genanvendt | BUD2: Emballagedel 10: Materiale 8: råmateriale | BUE2: Emballagedel 10: Materiale 8: Vægt | BUF2: Emballagedel 10: Materiale 8: Enhed | BUG2: Emballagedel 10: Materiale 8: farve | BUH2: Emballagedel 10: Materiale 8: Land 1 | BUI2: Emballagedel 10: Materiale 8: Land 2 | BUJ2: Emballagedel 10: Materiale 8: Land 3 | BUK2: Emballagedel 10: Materiale 8: Land 4 | BUL2: Emballagedel 10: Materiale 8: Land 5 | BUM2: Emballagedel 10: Materiale 9: navn | BUN2: Emballagedel 10: Materiale 9: genanvendt | BUO2: Emballagedel 10: Materiale 9: råmateriale | BUP2: Emballagedel 10: Materiale 9: Vægt | BUQ2: Emballagedel 10: Materiale 9: Enhed | BUR2: Emballagedel 10: Materiale 9: farve | BUS2: Emballagedel 10: Materiale 9: Land 1 | BUT2: Emballagedel 10: Materiale 9: Land 2 | BUU2: Emballagedel 10: Materiale 9: Land 3 | BUV2: Emballagedel 10: Materiale 9: Land 4 | BUW2: Emballagedel 10: Materiale 9: Land 5 | BUX2: Emballagedel 10: Materiale 10: navn | BUY2: Emballagedel 10: Materiale 10: genanvendt | BUZ2: Emballagedel 10: Materiale 10: råmateriale | BVA2: Emballagedel 10: Materiale 10: vægt | BVB2: Emballagedel 10: Materiale 10: Enhed | BVC2: Emballagedel 10: Materiale 10: farve | BVD2: Emballagedel 10: Materiale 10: Land 1 | BVE2: Emballagedel 10: Materiale 10: Land 2 | BVF2: Emballagedel 10: Materiale 10: Land 3 | BVG2: Emballagedel 10: Materiale 10: Land 4 | BVH2: Emballagedel 10: Materiale 10: Land 5 | BVI2: Sekundær emballage: Antal enkeltpakninger i kolli | BVJ2: Sekundær emballage: Label-lim | BVK2: Sekundær emballage: Genanvendt materiale (beregnet) % | BVL2: Sekundær emballage: Samlet emballagevægt | BVM2: Sekundær: Emballagedel 1: navn | BVN2: Sekundær: Emballagedel 1: vægt | BVO2: Sekundær: Emballagedel 1: Enhed | BVP2: Sekundær: Emballagedel 1: Tykkelse (µm) | BVQ2: Sekundær: Emballagedel 1: Tykkelse enhed | BVR2: Sekundær: Emballagedel 1: Sortering | BVS2: Sekundær: Emballagedel 1: oxo-nedbrydelig | BVT2: Sekundær: Emballagedel 1: bionedbrydelig | BVU2: Sekundær: Emballagedel 1: Genanvendeligt | BVV2: Sekundær: Emballagedel 1: certificeret papir | BVW2: Sekundær: Emballagedel 1: Land 1 | BVX2: Sekundær: Emballagedel 1: Land 2 | BVY2: Sekundær: Emballagedel 1: Land 3 | BVZ2: Sekundær: Emballagedel 1: Land 4 | BWA2: Sekundær: Emballagedel 1: Land 5 | BWB2: Sekundær: Emballagedel 1: Materiale 1: navn | BWC2: Sekundær: Emballagedel 1: Materiale 1: genanvendt | BWD2: Sekundær: Emballagedel 1: Materiale 1: råmateriale | BWE2: Sekundær: Emballagedel 1: Materiale 1: Vægt | BWF2: Sekundær: Emballagedel 1: Materiale 1: Enhed | BWG2: Sekundær: Emballagedel 1: Materiale 1: farve | BWH2: Sekundær: Emballagedel 1: Materiale 1: Land 1 | BWI2: Sekundær: Emballagedel 1: Materiale 1: Land 2 | BWJ2: Sekundær: Emballagedel 1: Materiale 1: Land 3 | BWK2: Sekundær: Emballagedel 1: Materiale 1: Land 4 | BWL2: Sekundær: Emballagedel 1: Materiale 1: Land 5 | BWM2: Sekundær: Emballagedel 1: Materiale 2: navn | BWN2: Sekundær: Emballagedel 1: Materiale 2: genanvendt | BWO2: Sekundær: Emballagedel 1: Materiale 2: råmateriale | BWP2: Sekundær: Emballagedel 1: Materiale 2: Vægt | BWQ2: Sekundær: Emballagedel 1: Materiale 2: Enhed | BWR2: Sekundær: Emballagedel 1: Materiale 2: farve | BWS2: Sekundær: Emballagedel 1: Materiale 2: Land 1 | BWT2: Sekundær: Emballagedel 1: Materiale 2: Land 2 | BWU2: Sekundær: Emballagedel 1: Materiale 2: Land 3 | BWV2: Sekundær: Emballagedel 1: Materiale 2: Land 4 | BWW2: Sekundær: Emballagedel 1: Materiale 2: Land 5 | BWX2: Sekundær: Emballagedel 1: Materiale 3: navn | BWY2: Sekundær: Emballagedel 1: Materiale 3: genanvendt | BWZ2: Sekundær: Emballagedel 1: Materiale 3: råmateriale | BXA2: Sekundær: Emballagedel 1: Materiale 3: Vægt | BXB2: Sekundær: Emballagedel 1: Materiale 3: Enhed | BXC2: Sekundær: Emballagedel 1: Materiale 3: farve | BXD2: Sekundær: Emballagedel 1: Materiale 3: Land 1 | BXE2: Sekundær: Emballagedel 1: Materiale 3: Land 2 | BXF2: Sekundær: Emballagedel 1: Materiale 3: Land 3 | BXG2: Sekundær: Emballagedel 1: Materiale 3: Land 4 | BXH2: Sekundær: Emballagedel 1: Materiale 3: Land 5 | BXI2: Sekundær: Emballagedel 1: Materiale 4: navn | BXJ2: Sekundær: Emballagedel 1: Materiale 4: genanvendt | BXK2: Sekundær: Emballagedel 1: Materiale 4: råmateriale | BXL2: Sekundær: Emballagedel 1: Materiale 4: Vægt | BXM2: Sekundær: Emballagedel 1: Materiale 4: Enhed | BXN2: Sekundær: Emballagedel 1: Materiale 4: farve | BXO2: Sekundær: Emballagedel 1: Materiale 4: Land 1 | BXP2: Sekundær: Emballagedel 1: Materiale 4: Land 2 | BXQ2: Sekundær: Emballagedel 1: Materiale 4: Land 3 | BXR2: Sekundær: Emballagedel 1: Materiale 4: Land 4 | BXS2: Sekundær: Emballagedel 1: Materiale 4: Land 5 | BXT2: Sekundær: Emballagedel 1: Materiale 5: navn | BXU2: Sekundær: Emballagedel 1: Materiale 5: genanvendt | BXV2: Sekundær: Emballagedel 1: Materiale 5: råmateriale | BXW2: Sekundær: Emballagedel 1: Materiale 5: Vægt | BXX2: Sekundær: Emballagedel 1: Materiale 5: Enhed | BXY2: Sekundær: Emballagedel 1: Materiale 5: farve | BXZ2: Sekundær: Emballagedel 1: Materiale 5: Land 1 | BYA2: Sekundær: Emballagedel 1: Materiale 5: Land 2 | BYB2: Sekundær: Emballagedel 1: Materiale 5: Land 3 | BYC2: Sekundær: Emballagedel 1: Materiale 5: Land 4 | BYD2: Sekundær: Emballagedel 1: Materiale 5: Land 5 | BYE2: Sekundær: Emballagedel 1: Materiale 6: navn | BYF2: Sekundær: Emballagedel 1: Materiale 6: genanvendt | BYG2: Sekundær: Emballagedel 1: Materiale 6: råmateriale | BYH2: Sekundær: Emballagedel 1: Materiale 6: Vægt | BYI2: Sekundær: Emballagedel 1: Materiale 6: Enhed | BYJ2: Sekundær: Emballagedel 1: Materiale 6: farve | BYK2: Sekundær: Emballagedel 1: Materiale 6: Land 1 | BYL2: Sekundær: Emballagedel 1: Materiale 6: Land 2 | BYM2: Sekundær: Emballagedel 1: Materiale 6: Land 3 | BYN2: Sekundær: Emballagedel 1: Materiale 6: Land 4 | BYO2: Sekundær: Emballagedel 1: Materiale 6: Land 5 | BYP2: Sekundær: Emballagedel 1: Materiale 7: navn | BYQ2: Sekundær: Emballagedel 1: Materiale 7: genanvendt | BYR2: Sekundær: Emballagedel 1: Materiale 7: råmateriale | BYS2: Sekundær: Emballagedel 1: Materiale 7: Vægt | BYT2: Sekundær: Emballagedel 1: Materiale 7: Enhed | BYU2: Sekundær: Emballagedel 1: Materiale 7: farve | BYV2: Sekundær: Emballagedel 1: Materiale 7: Land 1 | BYW2: Sekundær: Emballagedel 1: Materiale 7: Land 2 | BYX2: Sekundær: Emballagedel 1: Materiale 7: Land 3 | BYY2: Sekundær: Emballagedel 1: Materiale 7: Land 4 | BYZ2: Sekundær: Emballagedel 1: Materiale 7: Land 5 | BZA2: Sekundær: Emballagedel 1: Materiale 8: navn | BZB2: Sekundær: Emballagedel 1: Materiale 8: genanvendt | BZC2: Sekundær: Emballagedel 1: Materiale 8: råmateriale | BZD2: Sekundær: Emballagedel 1: Materiale 8: Vægt | BZE2: Sekundær: Emballagedel 1: Materiale 8: Enhed | BZF2: Sekundær: Emballagedel 1: Materiale 8: farve | BZG2: Sekundær: Emballagedel 1: Materiale 8: Land 1 | BZH2: Sekundær: Emballagedel 1: Materiale 8: Land 2 | BZI2: Sekundær: Emballagedel 1: Materiale 8: Land 3 | BZJ2: Sekundær: Emballagedel 1: Materiale 8: Land 4 | BZK2: Sekundær: Emballagedel 1: Materiale 8: Land 5 | BZL2: Sekundær: Emballagedel 1: Materiale 9: navn | BZM2: Sekundær: Emballagedel 1: Materiale 9: genanvendt | BZN2: Sekundær: Emballagedel 1: Materiale 9: råmateriale | BZO2: Sekundær: Emballagedel 1: Materiale 9: Vægt | BZP2: Sekundær: Emballagedel 1: Materiale 9: Enhed | BZQ2: Sekundær: Emballagedel 1: Materiale 9: farve | BZR2: Sekundær: Emballagedel 1: Materiale 9: Land 1 | BZS2: Sekundær: Emballagedel 1: Materiale 9: Land 2 | BZT2: Sekundær: Emballagedel 1: Materiale 9: Land 3 | BZU2: Sekundær: Emballagedel 1: Materiale 9: Land 4 | BZV2: Sekundær: Emballagedel 1: Materiale 9: Land 5 | BZW2: Sekundær: Emballagedel 1: Materiale 10: navn | BZX2: Sekundær: Emballagedel 1: Materiale 10: genanvendt | BZY2: Sekundær: Emballagedel 1: Materiale 10: råmateriale | BZZ2: Sekundær: Emballagedel 1: Materiale 10: Vægt | CAA2: Sekundær: Emballagedel 1: Materiale 10: Enhed | CAB2: Sekundær: Emballagedel 1: Materiale 10: farve | CAC2: Sekundær: Emballagedel 1: Materiale 10: Land 1 | CAD2: Sekundær: Emballagedel 1: Materiale 10: Land 2 | CAE2: Sekundær: Emballagedel 1: Materiale 10: Land 3 | CAF2: Sekundær: Emballagedel 1: Materiale 10: Land 4 | CAG2: Sekundær: Emballagedel 1: Materiale 10: Land 5 | CAH2: Sekundær: Emballagedel 2: navn | CAI2: Sekundær: Emballagedel 2: vægt | CAJ2: Sekundær: Emballagedel 2: Enhed | CAK2: Sekundær: Emballagedel 2: Tykkelse (µm) | CAL2: Sekundær: Emballagedel 2: Tykkelse enhed | CAM2: Sekundær: Emballagedel 2: Sortering | CAN2: Sekundær: Emballagedel 2: oxo-nedbrydelig | CAO2: Sekundær: Emballagedel 2: bionedbrydelig | CAP2: Sekundær: Emballagedel 2: Genanvendeligt | CAQ2: Sekundær: Emballagedel 2: certificeret papir | CAR2: Sekundær: Emballagedel 2: Land 1 | CAS2: Sekundær: Emballagedel 2: Land 2 | CAT2: Sekundær: Emballagedel 2: Land 3 | CAU2: Sekundær: Emballagedel 2: Land 4 | CAV2: Sekundær: Emballagedel 2: Land 5 | CAW2: Sekundær: Emballagedel 2: Materiale 1: navn | CAX2: Sekundær: Emballagedel 2: Materiale 1: genanvendt | CAY2: Sekundær: Emballagedel 2: Materiale 1: råmateriale | CAZ2: Sekundær: Emballagedel 2: Materiale 1: Vægt | CBA2: Sekundær: Emballagedel 2: Materiale 1: Enhed | CBB2: Sekundær: Emballagedel 2: Materiale 1: farve | CBC2: Sekundær: Emballagedel 2: Materiale 1: Land 1 | CBD2: Sekundær: Emballagedel 2: Materiale 1: Land 2 | CBE2: Sekundær: Emballagedel 2: Materiale 1: Land 3 | CBF2: Sekundær: Emballagedel 2: Materiale 1: Land 4 | CBG2: Sekundær: Emballagedel 2: Materiale 1: Land 5 | CBH2: Sekundær: Emballagedel 2: Materiale 2: navn | CBI2: Sekundær: Emballagedel 2: Materiale 2: genanvendt | CBJ2: Sekundær: Emballagedel 2: Materiale 2: råmateriale | CBK2: Sekundær: Emballagedel 2: Materiale 2: Vægt | CBL2: Sekundær: Emballagedel 2: Materiale 2: Enhed | CBM2: Sekundær: Emballagedel 2: Materiale 2: farve | CBN2: Sekundær: Emballagedel 2: Materiale 2: Land 1 | CBO2: Sekundær: Emballagedel 2: Materiale 2: Land 2 | CBP2: Sekundær: Emballagedel 2: Materiale 2: Land 3 | CBQ2: Sekundær: Emballagedel 2: Materiale 2: Land 4 | CBR2: Sekundær: Emballagedel 2: Materiale 2: Land 5 | CBS2: Sekundær: Emballagedel 2: Materiale 3: navn | CBT2: Sekundær: Emballagedel 2: Materiale 3: genanvendt | CBU2: Sekundær: Emballagedel 2: Materiale 3: råmateriale | CBV2: Sekundær: Emballagedel 2: Materiale 3: Vægt | CBW2: Sekundær: Emballagedel 2: Materiale 3: Enhed | CBX2: Sekundær: Emballagedel 2: Materiale 3: farve | CBY2: Sekundær: Emballagedel 2: Materiale 3: Land 1 | CBZ2: Sekundær: Emballagedel 2: Materiale 3: Land 2 | CCA2: Sekundær: Emballagedel 2: Materiale 3: Land 3 | CCB2: Sekundær: Emballagedel 2: Materiale 3: Land 4 | CCC2: Sekundær: Emballagedel 2: Materiale 3: Land 5 | CCD2: Sekundær: Emballagedel 2: Materiale 4: navn | CCE2: Sekundær: Emballagedel 2: Materiale 4: genanvendt | CCF2: Sekundær: Emballagedel 2: Materiale 4: råmateriale | CCG2: Sekundær: Emballagedel 2: Materiale 4: Vægt | CCH2: Sekundær: Emballagedel 2: Materiale 4: Enhed | CCI2: Sekundær: Emballagedel 2: Materiale 4: farve | CCJ2: Sekundær: Emballagedel 2: Materiale 4: Land 1 | CCK2: Sekundær: Emballagedel 2: Materiale 4: Land 2 | CCL2: Sekundær: Emballagedel 2: Materiale 4: Land 3 | CCM2: Sekundær: Emballagedel 2: Materiale 4: Land 4 | CCN2: Sekundær: Emballagedel 2: Materiale 4: Land 5 | CCO2: Sekundær: Emballagedel 2: Materiale 5: navn | CCP2: Sekundær: Emballagedel 2: Materiale 5: genanvendt | CCQ2: Sekundær: Emballagedel 2: Materiale 5: råmateriale | CCR2: Sekundær: Emballagedel 2: Materiale 5: Vægt | CCS2: Sekundær: Emballagedel 2: Materiale 5: Enhed | CCT2: Sekundær: Emballagedel 2: Materiale 5: farve | CCU2: Sekundær: Emballagedel 2: Materiale 5: Land 1 | CCV2: Sekundær: Emballagedel 2: Materiale 5: Land 2 | CCW2: Sekundær: Emballagedel 2: Materiale 5: Land 3 | CCX2: Sekundær: Emballagedel 2: Materiale 5: Land 4 | CCY2: Sekundær: Emballagedel 2: Materiale 5: Land 5 | CCZ2: Sekundær: Emballagedel 2: Materiale 6: navn | CDA2: Sekundær: Emballagedel 2: Materiale 6: genanvendt | CDB2: Sekundær: Emballagedel 2: Materiale 6: råmateriale | CDC2: Sekundær: Emballagedel 2: Materiale 6: Vægt | CDD2: Sekundær: Emballagedel 2: Materiale 6: Enhed | CDE2: Sekundær: Emballagedel 2: Materiale 6: farve | CDF2: Sekundær: Emballagedel 2: Materiale 6: Land 1 | CDG2: Sekundær: Emballagedel 2: Materiale 6: Land 2 | CDH2: Sekundær: Emballagedel 2: Materiale 6: Land 3 | CDI2: Sekundær: Emballagedel 2: Materiale 6: Land 4 | CDJ2: Sekundær: Emballagedel 2: Materiale 6: Land 5 | CDK2: Sekundær: Emballagedel 2: Materiale 7: navn | CDL2: Sekundær: Emballagedel 2: Materiale 7: genanvendt | CDM2: Sekundær: Emballagedel 2: Materiale 7: råmateriale | CDN2: Sekundær: Emballagedel 2: Materiale 7: Vægt | CDO2: Sekundær: Emballagedel 2: Materiale 7: Enhed | CDP2: Sekundær: Emballagedel 2: Materiale 7: farve | CDQ2: Sekundær: Emballagedel 2: Materiale 7: Land 1 | CDR2: Sekundær: Emballagedel 2: Materiale 7: Land 2 | CDS2: Sekundær: Emballagedel 2: Materiale 7: Land 3 | CDT2: Sekundær: Emballagedel 2: Materiale 7: Land 4 | CDU2: Sekundær: Emballagedel 2: Materiale 7: Land 5 | CDV2: Sekundær: Emballagedel 2: Materiale 8: navn | CDW2: Sekundær: Emballagedel 2: Materiale 8: genanvendt | CDX2: Sekundær: Emballagedel 2: Materiale 8: råmateriale | CDY2: Sekundær: Emballagedel 2: Materiale 8: Vægt | CDZ2: Sekundær: Emballagedel 2: Materiale 8: Enhed | CEA2: Sekundær: Emballagedel 2: Materiale 8: farve | CEB2: Sekundær: Emballagedel 2: Materiale 8: Land 1 | CEC2: Sekundær: Emballagedel 2: Materiale 8: Land 2 | CED2: Sekundær: Emballagedel 2: Materiale 8: Land 3 | CEE2: Sekundær: Emballagedel 2: Materiale 8: Land 4 | CEF2: Sekundær: Emballagedel 2: Materiale 8: Land 5 | CEG2: Sekundær: Emballagedel 2: Materiale 9: navn | CEH2: Sekundær: Emballagedel 2: Materiale 9: genanvendt | CEI2: Sekundær: Emballagedel 2: Materiale 9: råmateriale | CEJ2: Sekundær: Emballagedel 2: Materiale 9: Vægt | CEK2: Sekundær: Emballagedel 2: Materiale 9: Enhed | CEL2: Sekundær: Emballagedel 2: Materiale 9: farve | CEM2: Sekundær: Emballagedel 2: Materiale 9: Land 1 | CEN2: Sekundær: Emballagedel 2: Materiale 9: Land 2 | CEO2: Sekundær: Emballagedel 2: Materiale 9: Land 3 | CEP2: Sekundær: Emballagedel 2: Materiale 9: Land 4 | CEQ2: Sekundær: Emballagedel 2: Materiale 9: Land 5 | CER2: Sekundær: Emballagedel 2: Materiale 10: navn | CES2: Sekundær: Emballagedel 2: Materiale 10: genanvendt | CET2: Sekundær: Emballagedel 2: Materiale 10: råmateriale | CEU2: Sekundær: Emballagedel 2: Materiale 10: Vægt | CEV2: Sekundær: Emballagedel 2: Materiale 10: Enhed | CEW2: Sekundær: Emballagedel 2: Materiale 10: farve | CEX2: Sekundær: Emballagedel 2: Materiale 10: Land 1 | CEY2: Sekundær: Emballagedel 2: Materiale 10: Land 2 | CEZ2: Sekundær: Emballagedel 2: Materiale 10: Land 3 | CFA2: Sekundær: Emballagedel 2: Materiale 10: Land 4 | CFB2: Sekundær: Emballagedel 2: Materiale 10: Land 5 | CFC2: Sekundær: Emballagedel 3: navn | CFD2: Sekundær: Emballagedel 3: vægt | CFE2: Sekundær: Emballagedel 3: Enhed | CFF2: Sekundær: Emballagedel 3: Tykkelse (µm) | CFG2: Sekundær: Emballagedel 3: Tykkelse enhed | CFH2: Sekundær: Emballagedel 3: Sortering | CFI2: Sekundær: Emballagedel 3: oxo-nedbrydelig | CFJ2: Sekundær: Emballagedel 3: bionedbrydelig | CFK2: Sekundær: Emballagedel 3: Genanvendeligt | CFL2: Sekundær: Emballagedel 3: certificeret papir | CFM2: Sekundær: Emballagedel 3: Land 1 | CFN2: Sekundær: Emballagedel 3: Land 2 | CFO2: Sekundær: Emballagedel 3: Land 3 | CFP2: Sekundær: Emballagedel 3: Land 4 | CFQ2: Sekundær: Emballagedel 3: Land 5 | CFR2: Sekundær: Emballagedel 3: Materiale 1: navn | CFS2: Sekundær: Emballagedel 3: Materiale 1: genanvendt | CFT2: Sekundær: Emballagedel 3: Materiale 1: råmateriale | CFU2: Sekundær: Emballagedel 3: Materiale 1: Vægt | CFV2: Sekundær: Emballagedel 3: Materiale 1: Enhed | CFW2: Sekundær: Emballagedel 3: Materiale 1: farve | CFX2: Sekundær: Emballagedel 3: Materiale 1: Land 1 | CFY2: Sekundær: Emballagedel 3: Materiale 1: Land 2 | CFZ2: Sekundær: Emballagedel 3: Materiale 1: Land 3 | CGA2: Sekundær: Emballagedel 3: Materiale 1: Land 4 | CGB2: Sekundær: Emballagedel 3: Materiale 1: Land 5 | CGC2: Sekundær: Emballagedel 3: Materiale 2: navn | CGD2: Sekundær: Emballagedel 3: Materiale 2: genanvendt | CGE2: Sekundær: Emballagedel 3: Materiale 2: råmateriale | CGF2: Sekundær: Emballagedel 3: Materiale 2: Vægt | CGG2: Sekundær: Emballagedel 3: Materiale 2: Enhed | CGH2: Sekundær: Emballagedel 3: Materiale 2: farve | CGI2: Sekundær: Emballagedel 3: Materiale 2: Land 1 | CGJ2: Sekundær: Emballagedel 3: Materiale 2: Land 2 | CGK2: Sekundær: Emballagedel 3: Materiale 2: Land 3 | CGL2: Sekundær: Emballagedel 3: Materiale 2: Land 4 | CGM2: Sekundær: Emballagedel 3: Materiale 2: Land 5 | CGN2: Sekundær: Emballagedel 3: Materiale 3: navn | CGO2: Sekundær: Emballagedel 3: Materiale 3: genanvendt | CGP2: Sekundær: Emballagedel 3: Materiale 3: råmateriale | CGQ2: Sekundær: Emballagedel 3: Materiale 3: Vægt | CGR2: Sekundær: Emballagedel 3: Materiale 3: Enhed | CGS2: Sekundær: Emballagedel 3: Materiale 3: farve | CGT2: Sekundær: Emballagedel 3: Materiale 3: Land 1 | CGU2: Sekundær: Emballagedel 3: Materiale 3: Land 2 | CGV2: Sekundær: Emballagedel 3: Materiale 3: Land 3 | CGW2: Sekundær: Emballagedel 3: Materiale 3: Land 4 | CGX2: Sekundær: Emballagedel 3: Materiale 3: Land 5 | CGY2: Sekundær: Emballagedel 3: Materiale 4: navn | CGZ2: Sekundær: Emballagedel 3: Materiale 4: genanvendt | CHA2: Sekundær: Emballagedel 3: Materiale 4: råmateriale | CHB2: Sekundær: Emballagedel 3: Materiale 4: Vægt | CHC2: Sekundær: Emballagedel 3: Materiale 4: Enhed | CHD2: Sekundær: Emballagedel 3: Materiale 4: farve | CHE2: Sekundær: Emballagedel 3: Materiale 4: Land 1 | CHF2: Sekundær: Emballagedel 3: Materiale 4: Land 2 | CHG2: Sekundær: Emballagedel 3: Materiale 4: Land 3 | CHH2: Sekundær: Emballagedel 3: Materiale 4: Land 4 | CHI2: Sekundær: Emballagedel 3: Materiale 4: Land 5 | CHJ2: Sekundær: Emballagedel 3: Materiale 5: navn | CHK2: Sekundær: Emballagedel 3: Materiale 5: genanvendt | CHL2: Sekundær: Emballagedel 3: Materiale 5: råmateriale | CHM2: Sekundær: Emballagedel 3: Materiale 5: Vægt | CHN2: Sekundær: Emballagedel 3: Materiale 5: Enhed | CHO2: Sekundær: Emballagedel 3: Materiale 5: farve | CHP2: Sekundær: Emballagedel 3: Materiale 5: Land 1 | CHQ2: Sekundær: Emballagedel 3: Materiale 5: Land 2 | CHR2: Sekundær: Emballagedel 3: Materiale 5: Land 3 | CHS2: Sekundær: Emballagedel 3: Materiale 5: Land 4 | CHT2: Sekundær: Emballagedel 3: Materiale 5: Land 5 | CHU2: Sekundær: Emballagedel 3: Materiale 6: navn | CHV2: Sekundær: Emballagedel 3: Materiale 6: genanvendt | CHW2: Sekundær: Emballagedel 3: Materiale 6: råmateriale | CHX2: Sekundær: Emballagedel 3: Materiale 6: Vægt | CHY2: Sekundær: Emballagedel 3: Materiale 6: Enhed | CHZ2: Sekundær: Emballagedel 3: Materiale 6: farve | CIA2: Sekundær: Emballagedel 3: Materiale 6: Land 1 | CIB2: Sekundær: Emballagedel 3: Materiale 6: Land 2 | CIC2: Sekundær: Emballagedel 3: Materiale 6: Land 3 | CID2: Sekundær: Emballagedel 3: Materiale 6: Land 4 | CIE2: Sekundær: Emballagedel 3: Materiale 6: Land 5 | CIF2: Sekundær: Emballagedel 3: Materiale 7: navn | CIG2: Sekundær: Emballagedel 3: Materiale 7: genanvendt | CIH2: Sekundær: Emballagedel 3: Materiale 7: råmateriale | CII2: Sekundær: Emballagedel 3: Materiale 7: Vægt | CIJ2: Sekundær: Emballagedel 3: Materiale 7: Enhed | CIK2: Sekundær: Emballagedel 3: Materiale 7: farve | CIL2: Sekundær: Emballagedel 3: Materiale 7: Land 1 | CIM2: Sekundær: Emballagedel 3: Materiale 7: Land 2 | CIN2: Sekundær: Emballagedel 3: Materiale 7: Land 3 | CIO2: Sekundær: Emballagedel 3: Materiale 7: Land 4 | CIP2: Sekundær: Emballagedel 3: Materiale 7: Land 5 | CIQ2: Sekundær: Emballagedel 3: Materiale 8: navn | CIR2: Sekundær: Emballagedel 3: Materiale 8: genanvendt | CIS2: Sekundær: Emballagedel 3: Materiale 8: råmateriale | CIT2: Sekundær: Emballagedel 3: Materiale 8: Vægt | CIU2: Sekundær: Emballagedel 3: Materiale 8: Enhed | CIV2: Sekundær: Emballagedel 3: Materiale 8: farve | CIW2: Sekundær: Emballagedel 3: Materiale 8: Land 1 | CIX2: Sekundær: Emballagedel 3: Materiale 8: Land 2 | CIY2: Sekundær: Emballagedel 3: Materiale 8: Land 3 | CIZ2: Sekundær: Emballagedel 3: Materiale 8: Land 4 | CJA2: Sekundær: Emballagedel 3: Materiale 8: Land 5 | CJB2: Sekundær: Emballagedel 3: Materiale 9: navn | CJC2: Sekundær: Emballagedel 3: Materiale 9: genanvendt | CJD2: Sekundær: Emballagedel 3: Materiale 9: råmateriale | CJE2: Sekundær: Emballagedel 3: Materiale 9: Vægt | CJF2: Sekundær: Emballagedel 3: Materiale 9: Enhed | CJG2: Sekundær: Emballagedel 3: Materiale 9: farve | CJH2: Sekundær: Emballagedel 3: Materiale 9: Land 1 | CJI2: Sekundær: Emballagedel 3: Materiale 9: Land 2 | CJJ2: Sekundær: Emballagedel 3: Materiale 9: Land 3 | CJK2: Sekundær: Emballagedel 3: Materiale 9: Land 4 | CJL2: Sekundær: Emballagedel 3: Materiale 9: Land 5 | CJM2: Sekundær: Emballagedel 3: Materiale 10: navn | CJN2: Sekundær: Emballagedel 3: Materiale 10: genanvendt | CJO2: Sekundær: Emballagedel 3: Materiale 10: råmateriale | CJP2: Sekundær: Emballagedel 3: Materiale 10: Vægt | CJQ2: Sekundær: Emballagedel 3: Materiale 10: Enhed | CJR2: Sekundær: Emballagedel 3: Materiale 10: farve | CJS2: Sekundær: Emballagedel 3: Materiale 10: Land 1 | CJT2: Sekundær: Emballagedel 3: Materiale 10: Land 2 | CJU2: Sekundær: Emballagedel 3: Materiale 10: Land 3 | CJV2: Sekundær: Emballagedel 3: Materiale 10: Land 4 | CJW2: Sekundær: Emballagedel 3: Materiale 10: Land 5 | CJX2: Sekundær: Emballagedel 4: navn | CJY2: Sekundær: Emballagedel 4: vægt | CJZ2: Sekundær: Emballagedel 4: Enhed | CKA2: Sekundær: Emballagedel 4: Tykkelse (µm) | CKB2: Sekundær: Emballagedel 4: Tykkelse enhed | CKC2: Sekundær: Emballagedel 4: Sortering | CKD2: Sekundær: Emballagedel 4: oxo-nedbrydelig | CKE2: Sekundær: Emballagedel 4: bionedbrydelig | CKF2: Sekundær: Emballagedel 4: Genanvendeligt | CKG2: Sekundær: Emballagedel 4: certificeret papir | CKH2: Sekundær: Emballagedel 4: Land 1 | CKI2: Sekundær: Emballagedel 4: Land 2 | CKJ2: Sekundær: Emballagedel 4: Land 3 | CKK2: Sekundær: Emballagedel 4: Land 4 | CKL2: Sekundær: Emballagedel 4: Land 5 | CKM2: Sekundær: Emballagedel 4: Materiale 1: navn | CKN2: Sekundær: Emballagedel 4: Materiale 1: genanvendt | CKO2: Sekundær: Emballagedel 4: Materiale 1: råmateriale | CKP2: Sekundær: Emballagedel 4: Materiale 1: Vægt | CKQ2: Sekundær: Emballagedel 4: Materiale 1: Enhed | CKR2: Sekundær: Emballagedel 4: Materiale 1: farve | CKS2: Sekundær: Emballagedel 4: Materiale 1: Land 1 | CKT2: Sekundær: Emballagedel 4: Materiale 1: Land 2 | CKU2: Sekundær: Emballagedel 4: Materiale 1: Land 3 | CKV2: Sekundær: Emballagedel 4: Materiale 1: Land 4 | CKW2: Sekundær: Emballagedel 4: Materiale 1: Land 5 | CKX2: Sekundær: Emballagedel 4: Materiale 2: navn | CKY2: Sekundær: Emballagedel 4: Materiale 2: genanvendt | CKZ2: Sekundær: Emballagedel 4: Materiale 2: råmateriale | CLA2: Sekundær: Emballagedel 4: Materiale 2: Vægt | CLB2: Sekundær: Emballagedel 4: Materiale 2: Enhed | CLC2: Sekundær: Emballagedel 4: Materiale 2: farve | CLD2: Sekundær: Emballagedel 4: Materiale 2: Land 1 | CLE2: Sekundær: Emballagedel 4: Materiale 2: Land 2 | CLF2: Sekundær: Emballagedel 4: Materiale 2: Land 3 | CLG2: Sekundær: Emballagedel 4: Materiale 2: Land 4 | CLH2: Sekundær: Emballagedel 4: Materiale 2: Land 5 | CLI2: Sekundær: Emballagedel 4: Materiale 3: navn | CLJ2: Sekundær: Emballagedel 4: Materiale 3: genanvendt | CLK2: Sekundær: Emballagedel 4: Materiale 3: råmateriale | CLL2: Sekundær: Emballagedel 4: Materiale 3: Vægt | CLM2: Sekundær: Emballagedel 4: Materiale 3: Enhed | CLN2: Sekundær: Emballagedel 4: Materiale 3: farve | CLO2: Sekundær: Emballagedel 4: Materiale 3: Land 1 | CLP2: Sekundær: Emballagedel 4: Materiale 3: Land 2 | CLQ2: Sekundær: Emballagedel 4: Materiale 3: Land 3 | CLR2: Sekundær: Emballagedel 4: Materiale 3: Land 4 | CLS2: Sekundær: Emballagedel 4: Materiale 3: Land 5 | CLT2: Sekundær: Emballagedel 4: Materiale 4: navn | CLU2: Sekundær: Emballagedel 4: Materiale 4: genanvendt | CLV2: Sekundær: Emballagedel 4: Materiale 4: råmateriale | CLW2: Sekundær: Emballagedel 4: Materiale 4: Vægt | CLX2: Sekundær: Emballagedel 4: Materiale 4: Enhed | CLY2: Sekundær: Emballagedel 4: Materiale 4: farve | CLZ2: Sekundær: Emballagedel 4: Materiale 4: Land 1 | CMA2: Sekundær: Emballagedel 4: Materiale 4: Land 2 | CMB2: Sekundær: Emballagedel 4: Materiale 4: Land 3 | CMC2: Sekundær: Emballagedel 4: Materiale 4: Land 4 | CMD2: Sekundær: Emballagedel 4: Materiale 4: Land 5 | CME2: Sekundær: Emballagedel 4: Materiale 5: navn | CMF2: Sekundær: Emballagedel 4: Materiale 5: genanvendt | CMG2: Sekundær: Emballagedel 4: Materiale 5: råmateriale | CMH2: Sekundær: Emballagedel 4: Materiale 5: Vægt | CMI2: Sekundær: Emballagedel 4: Materiale 5: Enhed | CMJ2: Sekundær: Emballagedel 4: Materiale 5: farve | CMK2: Sekundær: Emballagedel 4: Materiale 5: Land 1 | CML2: Sekundær: Emballagedel 4: Materiale 5: Land 2 | CMM2: Sekundær: Emballagedel 4: Materiale 5: Land 3 | CMN2: Sekundær: Emballagedel 4: Materiale 5: Land 4 | CMO2: Sekundær: Emballagedel 4: Materiale 5: Land 5 | CMP2: Sekundær: Emballagedel 4: Materiale 6: navn | CMQ2: Sekundær: Emballagedel 4: Materiale 6: genanvendt | CMR2: Sekundær: Emballagedel 4: Materiale 6: råmateriale | CMS2: Sekundær: Emballagedel 4: Materiale 6: Vægt | CMT2: Sekundær: Emballagedel 4: Materiale 6: Enhed | CMU2: Sekundær: Emballagedel 4: Materiale 6: farve | CMV2: Sekundær: Emballagedel 4: Materiale 6: Land 1 | CMW2: Sekundær: Emballagedel 4: Materiale 6: Land 2 | CMX2: Sekundær: Emballagedel 4: Materiale 6: Land 3 | CMY2: Sekundær: Emballagedel 4: Materiale 6: Land 4 | CMZ2: Sekundær: Emballagedel 4: Materiale 6: Land 5 | CNA2: Sekundær: Emballagedel 4: Materiale 7: navn | CNB2: Sekundær: Emballagedel 4: Materiale 7: genanvendt | CNC2: Sekundær: Emballagedel 4: Materiale 7: råmateriale | CND2: Sekundær: Emballagedel 4: Materiale 7: Vægt | CNE2: Sekundær: Emballagedel 4: Materiale 7: Enhed | CNF2: Sekundær: Emballagedel 4: Materiale 7: farve | CNG2: Sekundær: Emballagedel 4: Materiale 7: Land 1 | CNH2: Sekundær: Emballagedel 4: Materiale 7: Land 2 | CNI2: Sekundær: Emballagedel 4: Materiale 7: Land 3 | CNJ2: Sekundær: Emballagedel 4: Materiale 7: Land 4 | CNK2: Sekundær: Emballagedel 4: Materiale 7: Land 5 | CNL2: Sekundær: Emballagedel 4: Materiale 8: navn | CNM2: Sekundær: Emballagedel 4: Materiale 8: genanvendt | CNN2: Sekundær: Emballagedel 4: Materiale 8: råmateriale | CNO2: Sekundær: Emballagedel 4: Materiale 8: Vægt | CNP2: Sekundær: Emballagedel 4: Materiale 8: Enhed | CNQ2: Sekundær: Emballagedel 4: Materiale 8: farve | CNR2: Sekundær: Emballagedel 4: Materiale 8: Land 1 | CNS2: Sekundær: Emballagedel 4: Materiale 8: Land 2 | CNT2: Sekundær: Emballagedel 4: Materiale 8: Land 3 | CNU2: Sekundær: Emballagedel 4: Materiale 8: Land 4 | CNV2: Sekundær: Emballagedel 4: Materiale 8: Land 5 | CNW2: Sekundær: Emballagedel 4: Materiale 9: navn | CNX2: Sekundær: Emballagedel 4: Materiale 9: genanvendt | CNY2: Sekundær: Emballagedel 4: Materiale 9: råmateriale | CNZ2: Sekundær: Emballagedel 4: Materiale 9: Vægt | COA2: Sekundær: Emballagedel 4: Materiale 9: Enhed | COB2: Sekundær: Emballagedel 4: Materiale 9: farve | COC2: Sekundær: Emballagedel 4: Materiale 9: Land 1 | COD2: Sekundær: Emballagedel 4: Materiale 9: Land 2 | COE2: Sekundær: Emballagedel 4: Materiale 9: Land 3 | COF2: Sekundær: Emballagedel 4: Materiale 9: Land 4 | COG2: Sekundær: Emballagedel 4: Materiale 9: Land 5 | COH2: Sekundær: Emballagedel 4: Materiale 10: navn | COI2: Sekundær: Emballagedel 4: Materiale 10: genanvendt | COJ2: Sekundær: Emballagedel 4: Materiale 10: råmateriale | COK2: Sekundær: Emballagedel 4: Materiale 10: Vægt | COL2: Sekundær: Emballagedel 4: Materiale 10: Enhed | COM2: Sekundær: Emballagedel 4: Materiale 10: farve | CON2: Sekundær: Emballagedel 4: Materiale 10: Land 1 | COO2: Sekundær: Emballagedel 4: Materiale 10: Land 2 | COP2: Sekundær: Emballagedel 4: Materiale 10: Land 3 | COQ2: Sekundær: Emballagedel 4: Materiale 10: Land 4 | COR2: Sekundær: Emballagedel 4: Materiale 10: Land 5 | COS2: Sekundær: Emballagedel 5: navn | COT2: Sekundær: Emballagedel 5: vægt | COU2: Sekundær: Emballagedel 5: Enhed | COV2: Sekundær: Emballagedel 5: Tykkelse (µm) | COW2: Sekundær: Emballagedel 5: Tykkelse enhed | COX2: Sekundær: Emballagedel 5: Sortering | COY2: Sekundær: Emballagedel 5: oxo-nedbrydelig | COZ2: Sekundær: Emballagedel 5: bionedbrydelig | CPA2: Sekundær: Emballagedel 5: Genanvendeligt | CPB2: Sekundær: Emballagedel 5: certificeret papir | CPC2: Sekundær: Emballagedel 5: Land 1 | CPD2: Sekundær: Emballagedel 5: Land 2 | CPE2: Sekundær: Emballagedel 5: Land 3 | CPF2: Sekundær: Emballagedel 5: Land 4 | CPG2: Sekundær: Emballagedel 5: Land 5 | CPH2: Sekundær: Emballagedel 5: Materiale 1: navn | CPI2: Sekundær: Emballagedel 5: Materiale 1: genanvendt | CPJ2: Sekundær: Emballagedel 5: Materiale 1: råmateriale | CPK2: Sekundær: Emballagedel 5: Materiale 1: Vægt | CPL2: Sekundær: Emballagedel 5: Materiale 1: Enhed | CPM2: Sekundær: Emballagedel 5: Materiale 1: farve | CPN2: Sekundær: Emballagedel 5: Materiale 1: Land 1 | CPO2: Sekundær: Emballagedel 5: Materiale 1: Land 2 | CPP2: Sekundær: Emballagedel 5: Materiale 1: Land 3 | CPQ2: Sekundær: Emballagedel 5: Materiale 1: Land 4 | CPR2: Sekundær: Emballagedel 5: Materiale 1: Land 5 | CPS2: Sekundær: Emballagedel 5: Materiale 2: navn | CPT2: Sekundær: Emballagedel 5: Materiale 2: genanvendt | CPU2: Sekundær: Emballagedel 5: Materiale 2: råmateriale | CPV2: Sekundær: Emballagedel 5: Materiale 2: Vægt | CPW2: Sekundær: Emballagedel 5: Materiale 2: Enhed | CPX2: Sekundær: Emballagedel 5: Materiale 2: farve | CPY2: Sekundær: Emballagedel 5: Materiale 2: Land 1 | CPZ2: Sekundær: Emballagedel 5: Materiale 2: Land 2 | CQA2: Sekundær: Emballagedel 5: Materiale 2: Land 3 | CQB2: Sekundær: Emballagedel 5: Materiale 2: Land 4 | CQC2: Sekundær: Emballagedel 5: Materiale 2: Land 5 | CQD2: Sekundær: Emballagedel 5: Materiale 3: navn | CQE2: Sekundær: Emballagedel 5: Materiale 3: genanvendt | CQF2: Sekundær: Emballagedel 5: Materiale 3: råmateriale | CQG2: Sekundær: Emballagedel 5: Materiale 3: Vægt | CQH2: Sekundær: Emballagedel 5: Materiale 3: Enhed | CQI2: Sekundær: Emballagedel 5: Materiale 3: farve | CQJ2: Sekundær: Emballagedel 5: Materiale 3: Land 1 | CQK2: Sekundær: Emballagedel 5: Materiale 3: Land 2 | CQL2: Sekundær: Emballagedel 5: Materiale 3: Land 3 | CQM2: Sekundær: Emballagedel 5: Materiale 3: Land 4 | CQN2: Sekundær: Emballagedel 5: Materiale 3: Land 5 | CQO2: Sekundær: Emballagedel 5: Materiale 4: navn | CQP2: Sekundær: Emballagedel 5: Materiale 4: genanvendt | CQQ2: Sekundær: Emballagedel 5: Materiale 4: råmateriale | CQR2: Sekundær: Emballagedel 5: Materiale 4: Vægt | CQS2: Sekundær: Emballagedel 5: Materiale 4: Enhed | CQT2: Sekundær: Emballagedel 5: Materiale 4: farve | CQU2: Sekundær: Emballagedel 5: Materiale 4: Land 1 | CQV2: Sekundær: Emballagedel 5: Materiale 4: Land 2 | CQW2: Sekundær: Emballagedel 5: Materiale 4: Land 3 | CQX2: Sekundær: Emballagedel 5: Materiale 4: Land 4 | CQY2: Sekundær: Emballagedel 5: Materiale 4: Land 5 | CQZ2: Sekundær: Emballagedel 5: Materiale 5: navn | CRA2: Sekundær: Emballagedel 5: Materiale 5: genanvendt | CRB2: Sekundær: Emballagedel 5: Materiale 5: råmateriale | CRC2: Sekundær: Emballagedel 5: Materiale 5: Vægt | CRD2: Sekundær: Emballagedel 5: Materiale 5: Enhed | CRE2: Sekundær: Emballagedel 5: Materiale 5: farve | CRF2: Sekundær: Emballagedel 5: Materiale 5: Land 1 | CRG2: Sekundær: Emballagedel 5: Materiale 5: Land 2 | CRH2: Sekundær: Emballagedel 5: Materiale 5: Land 3 | CRI2: Sekundær: Emballagedel 5: Materiale 5: Land 4 | CRJ2: Sekundær: Emballagedel 5: Materiale 5: Land 5 | CRK2: Sekundær: Emballagedel 5: Materiale 6: navn | CRL2: Sekundær: Emballagedel 5: Materiale 6: genanvendt | CRM2: Sekundær: Emballagedel 5: Materiale 6: råmateriale | CRN2: Sekundær: Emballagedel 5: Materiale 6: Vægt | CRO2: Sekundær: Emballagedel 5: Materiale 6: Enhed | CRP2: Sekundær: Emballagedel 5: Materiale 6: farve | CRQ2: Sekundær: Emballagedel 5: Materiale 6: Land 1 | CRR2: Sekundær: Emballagedel 5: Materiale 6: Land 2 | CRS2: Sekundær: Emballagedel 5: Materiale 6: Land 3 | CRT2: Sekundær: Emballagedel 5: Materiale 6: Land 4 | CRU2: Sekundær: Emballagedel 5: Materiale 6: Land 5 | CRV2: Sekundær: Emballagedel 5: Materiale 7: navn | CRW2: Sekundær: Emballagedel 5: Materiale 7: genanvendt | CRX2: Sekundær: Emballagedel 5: Materiale 7: råmateriale | CRY2: Sekundær: Emballagedel 5: Materiale 7: Vægt | CRZ2: Sekundær: Emballagedel 5: Materiale 7: Enhed | CSA2: Sekundær: Emballagedel 5: Materiale 7: farve | CSB2: Sekundær: Emballagedel 5: Materiale 7: Land 1 | CSC2: Sekundær: Emballagedel 5: Materiale 7: Land 2 | CSD2: Sekundær: Emballagedel 5: Materiale 7: Land 3 | CSE2: Sekundær: Emballagedel 5: Materiale 7: Land 4 | CSF2: Sekundær: Emballagedel 5: Materiale 7: Land 5 | CSG2: Sekundær: Emballagedel 5: Materiale 8: navn | CSH2: Sekundær: Emballagedel 5: Materiale 8: genanvendt | CSI2: Sekundær: Emballagedel 5: Materiale 8: råmateriale | CSJ2: Sekundær: Emballagedel 5: Materiale 8: Vægt | CSK2: Sekundær: Emballagedel 5: Materiale 8: Enhed | CSL2: Sekundær: Emballagedel 5: Materiale 8: farve | CSM2: Sekundær: Emballagedel 5: Materiale 8: Land 1 | CSN2: Sekundær: Emballagedel 5: Materiale 8: Land 2 | CSO2: Sekundær: Emballagedel 5: Materiale 8: Land 3 | CSP2: Sekundær: Emballagedel 5: Materiale 8: Land 4 | CSQ2: Sekundær: Emballagedel 5: Materiale 8: Land 5 | CSR2: Sekundær: Emballagedel 5: Materiale 9: navn | CSS2: Sekundær: Emballagedel 5: Materiale 9: genanvendt | CST2: Sekundær: Emballagedel 5: Materiale 9: råmateriale | CSU2: Sekundær: Emballagedel 5: Materiale 9: Vægt | CSV2: Sekundær: Emballagedel 5: Materiale 9: Enhed | CSW2: Sekundær: Emballagedel 5: Materiale 9: farve | CSX2: Sekundær: Emballagedel 5: Materiale 9: Land 1 | CSY2: Sekundær: Emballagedel 5: Materiale 9: Land 2 | CSZ2: Sekundær: Emballagedel 5: Materiale 9: Land 3 | CTA2: Sekundær: Emballagedel 5: Materiale 9: Land 4 | CTB2: Sekundær: Emballagedel 5: Materiale 9: Land 5 | CTC2: Sekundær: Emballagedel 5: Materiale 10: navn | CTD2: Sekundær: Emballagedel 5: Materiale 10: genanvendt | CTE2: Sekundær: Emballagedel 5: Materiale 10: råmateriale | CTF2: Sekundær: Emballagedel 5: Materiale 10: Vægt | CTG2: Sekundær: Emballagedel 5: Materiale 10: Enhed | CTH2: Sekundær: Emballagedel 5: Materiale 10: farve | CTI2: Sekundær: Emballagedel 5: Materiale 10: Land 1 | CTJ2: Sekundær: Emballagedel 5: Materiale 10: Land 2 | CTK2: Sekundær: Emballagedel 5: Materiale 10: Land 3 | CTL2: Sekundær: Emballagedel 5: Materiale 10: Land 4 | CTM2: Sekundær: Emballagedel 5: Materiale 10: Land 5 | CTN2: Sekundær: Emballagedel 6: navn | CTO2: Sekundær: Emballagedel 6: vægt | CTP2: Sekundær: Emballagedel 6: Enhed | CTQ2: Sekundær: Emballagedel 6: Tykkelse (µm) | CTR2: Sekundær: Emballagedel 6: Tykkelse enhed | CTS2: Sekundær: Emballagedel 6: Sortering | CTT2: Sekundær: Emballagedel 6: oxo-nedbrydelig | CTU2: Sekundær: Emballagedel 6: bionedbrydelig | CTV2: Sekundær: Emballagedel 6: Genanvendeligt | CTW2: Sekundær: Emballagedel 6: certificeret papir | CTX2: Sekundær: Emballagedel 6: Land 1 | CTY2: Sekundær: Emballagedel 6: Land 2 | CTZ2: Sekundær: Emballagedel 6: Land 3 | CUA2: Sekundær: Emballagedel 6: Land 4 | CUB2: Sekundær: Emballagedel 6: Land 5 | CUC2: Sekundær: Emballagedel 6: Materiale 1: navn | CUD2: Sekundær: Emballagedel 6: Materiale 1: genanvendt | CUE2: Sekundær: Emballagedel 6: Materiale 1: råmateriale | CUF2: Sekundær: Emballagedel 6: Materiale 1: Vægt | CUG2: Sekundær: Emballagedel 6: Materiale 1: Enhed | CUH2: Sekundær: Emballagedel 6: Materiale 1: farve | CUI2: Sekundær: Emballagedel 6: Materiale 1: Land 1 | CUJ2: Sekundær: Emballagedel 6: Materiale 1: Land 2 | CUK2: Sekundær: Emballagedel 6: Materiale 1: Land 3 | CUL2: Sekundær: Emballagedel 6: Materiale 1: Land 4 | CUM2: Sekundær: Emballagedel 6: Materiale 1: Land 5 | CUN2: Sekundær: Emballagedel 6: Materiale 2: navn | CUO2: Sekundær: Emballagedel 6: Materiale 2: genanvendt | CUP2: Sekundær: Emballagedel 6: Materiale 2: råmateriale | CUQ2: Sekundær: Emballagedel 6: Materiale 2: Vægt | CUR2: Sekundær: Emballagedel 6: Materiale 2: Enhed | CUS2: Sekundær: Emballagedel 6: Materiale 2: farve | CUT2: Sekundær: Emballagedel 6: Materiale 2: Land 1 | CUU2: Sekundær: Emballagedel 6: Materiale 2: Land 2 | CUV2: Sekundær: Emballagedel 6: Materiale 2: Land 3 | CUW2: Sekundær: Emballagedel 6: Materiale 2: Land 4 | CUX2: Sekundær: Emballagedel 6: Materiale 2: Land 5 | CUY2: Sekundær: Emballagedel 6: Materiale 3: navn | CUZ2: Sekundær: Emballagedel 6: Materiale 3: genanvendt | CVA2: Sekundær: Emballagedel 6: Materiale 3: råmateriale | CVB2: Sekundær: Emballagedel 6: Materiale 3: Vægt | CVC2: Sekundær: Emballagedel 6: Materiale 3: Enhed | CVD2: Sekundær: Emballagedel 6: Materiale 3: farve | CVE2: Sekundær: Emballagedel 6: Materiale 3: Land 1 | CVF2: Sekundær: Emballagedel 6: Materiale 3: Land 2 | CVG2: Sekundær: Emballagedel 6: Materiale 3: Land 3 | CVH2: Sekundær: Emballagedel 6: Materiale 3: Land 4 | CVI2: Sekundær: Emballagedel 6: Materiale 3: Land 5 | CVJ2: Sekundær: Emballagedel 6: Materiale 4: navn | CVK2: Sekundær: Emballagedel 6: Materiale 4: genanvendt | CVL2: Sekundær: Emballagedel 6: Materiale 4: råmateriale | CVM2: Sekundær: Emballagedel 6: Materiale 4: Vægt | CVN2: Sekundær: Emballagedel 6: Materiale 4: Enhed | CVO2: Sekundær: Emballagedel 6: Materiale 4: farve | CVP2: Sekundær: Emballagedel 6: Materiale 4: Land 1 | CVQ2: Sekundær: Emballagedel 6: Materiale 4: Land 2 | CVR2: Sekundær: Emballagedel 6: Materiale 4: Land 3 | CVS2: Sekundær: Emballagedel 6: Materiale 4: Land 4 | CVT2: Sekundær: Emballagedel 6: Materiale 4: Land 5 | CVU2: Sekundær: Emballagedel 6: Materiale 5: navn | CVV2: Sekundær: Emballagedel 6: Materiale 5: genanvendt | CVW2: Sekundær: Emballagedel 6: Materiale 5: råmateriale | CVX2: Sekundær: Emballagedel 6: Materiale 5: Vægt | CVY2: Sekundær: Emballagedel 6: Materiale 5: Enhed | CVZ2: Sekundær: Emballagedel 6: Materiale 5: farve | CWA2: Sekundær: Emballagedel 6: Materiale 5: Land 1 | CWB2: Sekundær: Emballagedel 6: Materiale 5: Land 2 | CWC2: Sekundær: Emballagedel 6: Materiale 5: Land 3 | CWD2: Sekundær: Emballagedel 6: Materiale 5: Land 4 | CWE2: Sekundær: Emballagedel 6: Materiale 5: Land 5 | CWF2: Sekundær: Emballagedel 6: Materiale 6: navn | CWG2: Sekundær: Emballagedel 6: Materiale 6: genanvendt | CWH2: Sekundær: Emballagedel 6: Materiale 6: råmateriale | CWI2: Sekundær: Emballagedel 6: Materiale 6: Vægt | CWJ2: Sekundær: Emballagedel 6: Materiale 6: Enhed | CWK2: Sekundær: Emballagedel 6: Materiale 6: farve | CWL2: Sekundær: Emballagedel 6: Materiale 6: Land 1 | CWM2: Sekundær: Emballagedel 6: Materiale 6: Land 2 | CWN2: Sekundær: Emballagedel 6: Materiale 6: Land 3 | CWO2: Sekundær: Emballagedel 6: Materiale 6: Land 4 | CWP2: Sekundær: Emballagedel 6: Materiale 6: Land 5 | CWQ2: Sekundær: Emballagedel 6: Materiale 7: navn | CWR2: Sekundær: Emballagedel 6: Materiale 7: genanvendt | CWS2: Sekundær: Emballagedel 6: Materiale 7: råmateriale | CWT2: Sekundær: Emballagedel 6: Materiale 7: Vægt | CWU2: Sekundær: Emballagedel 6: Materiale 7: Enhed | CWV2: Sekundær: Emballagedel 6: Materiale 7: farve | CWW2: Sekundær: Emballagedel 6: Materiale 7: Land 1 | CWX2: Sekundær: Emballagedel 6: Materiale 7: Land 2 | CWY2: Sekundær: Emballagedel 6: Materiale 7: Land 3 | CWZ2: Sekundær: Emballagedel 6: Materiale 7: Land 4 | CXA2: Sekundær: Emballagedel 6: Materiale 7: Land 5 | CXB2: Sekundær: Emballagedel 6: Materiale 8: navn | CXC2: Sekundær: Emballagedel 6: Materiale 8: genanvendt | CXD2: Sekundær: Emballagedel 6: Materiale 8: råmateriale | CXE2: Sekundær: Emballagedel 6: Materiale 8: Vægt | CXF2: Sekundær: Emballagedel 6: Materiale 8: Enhed | CXG2: Sekundær: Emballagedel 6: Materiale 8: farve | CXH2: Sekundær: Emballagedel 6: Materiale 8: Land 1 | CXI2: Sekundær: Emballagedel 6: Materiale 8: Land 2 | CXJ2: Sekundær: Emballagedel 6: Materiale 8: Land 3 | CXK2: Sekundær: Emballagedel 6: Materiale 8: Land 4 | CXL2: Sekundær: Emballagedel 6: Materiale 8: Land 5 | CXM2: Sekundær: Emballagedel 6: Materiale 9: navn | CXN2: Sekundær: Emballagedel 6: Materiale 9: genanvendt | CXO2: Sekundær: Emballagedel 6: Materiale 9: råmateriale | CXP2: Sekundær: Emballagedel 6: Materiale 9: Vægt | CXQ2: Sekundær: Emballagedel 6: Materiale 9: Enhed | CXR2: Sekundær: Emballagedel 6: Materiale 9: farve | CXS2: Sekundær: Emballagedel 6: Materiale 9: Land 1 | CXT2: Sekundær: Emballagedel 6: Materiale 9: Land 2 | CXU2: Sekundær: Emballagedel 6: Materiale 9: Land 3 | CXV2: Sekundær: Emballagedel 6: Materiale 9: Land 4 | CXW2: Sekundær: Emballagedel 6: Materiale 9: Land 5 | CXX2: Sekundær: Emballagedel 6: Materiale 10: navn | CXY2: Sekundær: Emballagedel 6: Materiale 10: genanvendt | CXZ2: Sekundær: Emballagedel 6: Materiale 10: råmateriale | CYA2: Sekundær: Emballagedel 6: Materiale 10: Vægt | CYB2: Sekundær: Emballagedel 6: Materiale 10: Enhed | CYC2: Sekundær: Emballagedel 6: Materiale 10: farve | CYD2: Sekundær: Emballagedel 6: Materiale 10: Land 1 | CYE2: Sekundær: Emballagedel 6: Materiale 10: Land 2 | CYF2: Sekundær: Emballagedel 6: Materiale 10: Land 3 | CYG2: Sekundær: Emballagedel 6: Materiale 10: Land 4 | CYH2: Sekundær: Emballagedel 6: Materiale 10: Land 5 | CYI2: Sekundær: Emballagedel 7: navn | CYJ2: Sekundær: Emballagedel 7: vægt | CYK2: Sekundær: Emballagedel 7: Enhed | CYL2: Sekundær: Emballagedel 7: Tykkelse (µm) | CYM2: Sekundær: Emballagedel 7: Tykkelse enhed | CYN2: Sekundær: Emballagedel 7: Sortering | CYO2: Sekundær: Emballagedel 7: oxo-nedbrydelig | CYP2: Sekundær: Emballagedel 7: bionedbrydelig | CYQ2: Sekundær: Emballagedel 7: Genanvendeligt | CYR2: Sekundær: Emballagedel 7: certificeret papir | CYS2: Sekundær: Emballagedel 7: Land 1 | CYT2: Sekundær: Emballagedel 7: Land 2 | CYU2: Sekundær: Emballagedel 7: Land 3 | CYV2: Sekundær: Emballagedel 7: Land 4 | CYW2: Sekundær: Emballagedel 7: Land 5 | CYX2: Sekundær: Emballagedel 7: Materiale 1: navn | CYY2: Sekundær: Emballagedel 7: Materiale 1: genanvendt | CYZ2: Sekundær: Emballagedel 7: Materiale 1: råmateriale | CZA2: Sekundær: Emballagedel 7: Materiale 1: Vægt | CZB2: Sekundær: Emballagedel 7: Materiale 1: Enhed | CZC2: Sekundær: Emballagedel 7: Materiale 1: farve | CZD2: Sekundær: Emballagedel 7: Materiale 1: Land 1 | CZE2: Sekundær: Emballagedel 7: Materiale 1: Land 2 | CZF2: Sekundær: Emballagedel 7: Materiale 1: Land 3 | CZG2: Sekundær: Emballagedel 7: Materiale 1: Land 4 | CZH2: Sekundær: Emballagedel 7: Materiale 1: Land 5 | CZI2: Sekundær: Emballagedel 7: Materiale 2: navn | CZJ2: Sekundær: Emballagedel 7: Materiale 2: genanvendt | CZK2: Sekundær: Emballagedel 7: Materiale 2: råmateriale | CZL2: Sekundær: Emballagedel 7: Materiale 2: Vægt | CZM2: Sekundær: Emballagedel 7: Materiale 2: Enhed | CZN2: Sekundær: Emballagedel 7: Materiale 2: farve | CZO2: Sekundær: Emballagedel 7: Materiale 2: Land 1 | CZP2: Sekundær: Emballagedel 7: Materiale 2: Land 2 | CZQ2: Sekundær: Emballagedel 7: Materiale 2: Land 3 | CZR2: Sekundær: Emballagedel 7: Materiale 2: Land 4 | CZS2: Sekundær: Emballagedel 7: Materiale 2: Land 5 | CZT2: Sekundær: Emballagedel 7: Materiale 3: navn | CZU2: Sekundær: Emballagedel 7: Materiale 3: genanvendt | CZV2: Sekundær: Emballagedel 7: Materiale 3: råmateriale | CZW2: Sekundær: Emballagedel 7: Materiale 3: Vægt | CZX2: Sekundær: Emballagedel 7: Materiale 3: Enhed | CZY2: Sekundær: Emballagedel 7: Materiale 3: farve | CZZ2: Sekundær: Emballagedel 7: Materiale 3: Land 1 | DAA2: Sekundær: Emballagedel 7: Materiale 3: Land 2 | DAB2: Sekundær: Emballagedel 7: Materiale 3: Land 3 | DAC2: Sekundær: Emballagedel 7: Materiale 3: Land 4 | DAD2: Sekundær: Emballagedel 7: Materiale 3: Land 5 | DAE2: Sekundær: Emballagedel 7: Materiale 4: navn | DAF2: Sekundær: Emballagedel 7: Materiale 4: genanvendt | DAG2: Sekundær: Emballagedel 7: Materiale 4: råmateriale | DAH2: Sekundær: Emballagedel 7: Materiale 4: Vægt | DAI2: Sekundær: Emballagedel 7: Materiale 4: Enhed | DAJ2: Sekundær: Emballagedel 7: Materiale 4: farve | DAK2: Sekundær: Emballagedel 7: Materiale 4: Land 1 | DAL2: Sekundær: Emballagedel 7: Materiale 4: Land 2 | DAM2: Sekundær: Emballagedel 7: Materiale 4: Land 3 | DAN2: Sekundær: Emballagedel 7: Materiale 4: Land 4 | DAO2: Sekundær: Emballagedel 7: Materiale 4: Land 5 | DAP2: Sekundær: Emballagedel 7: Materiale 5: navn | DAQ2: Sekundær: Emballagedel 7: Materiale 5: genanvendt | DAR2: Sekundær: Emballagedel 7: Materiale 5: råmateriale | DAS2: Sekundær: Emballagedel 7: Materiale 5: Vægt | DAT2: Sekundær: Emballagedel 7: Materiale 5: Enhed | DAU2: Sekundær: Emballagedel 7: Materiale 5: farve | DAV2: Sekundær: Emballagedel 7: Materiale 5: Land 1 | DAW2: Sekundær: Emballagedel 7: Materiale 5: Land 2 | DAX2: Sekundær: Emballagedel 7: Materiale 5: Land 3 | DAY2: Sekundær: Emballagedel 7: Materiale 5: Land 4 | DAZ2: Sekundær: Emballagedel 7: Materiale 5: Land 5 | DBA2: Sekundær: Emballagedel 7: Materiale 6: navn | DBB2: Sekundær: Emballagedel 7: Materiale 6: genanvendt | DBC2: Sekundær: Emballagedel 7: Materiale 6: råmateriale | DBD2: Sekundær: Emballagedel 7: Materiale 6: Vægt | DBE2: Sekundær: Emballagedel 7: Materiale 6: Enhed | DBF2: Sekundær: Emballagedel 7: Materiale 6: farve | DBG2: Sekundær: Emballagedel 7: Materiale 6: Land 1 | DBH2: Sekundær: Emballagedel 7: Materiale 6: Land 2 | DBI2: Sekundær: Emballagedel 7: Materiale 6: Land 3 | DBJ2: Sekundær: Emballagedel 7: Materiale 6: Land 4 | DBK2: Sekundær: Emballagedel 7: Materiale 6: Land 5 | DBL2: Sekundær: Emballagedel 7: Materiale 7: navn | DBM2: Sekundær: Emballagedel 7: Materiale 7: genanvendt | DBN2: Sekundær: Emballagedel 7: Materiale 7: råmateriale | DBO2: Sekundær: Emballagedel 7: Materiale 7: Vægt | DBP2: Sekundær: Emballagedel 7: Materiale 7: Enhed | DBQ2: Sekundær: Emballagedel 7: Materiale 7: farve | DBR2: Sekundær: Emballagedel 7: Materiale 7: Land 1 | DBS2: Sekundær: Emballagedel 7: Materiale 7: Land 2 | DBT2: Sekundær: Emballagedel 7: Materiale 7: Land 3 | DBU2: Sekundær: Emballagedel 7: Materiale 7: Land 4 | DBV2: Sekundær: Emballagedel 7: Materiale 7: Land 5 | DBW2: Sekundær: Emballagedel 7: Materiale 8: navn | DBX2: Sekundær: Emballagedel 7: Materiale 8: genanvendt | DBY2: Sekundær: Emballagedel 7: Materiale 8: råmateriale | DBZ2: Sekundær: Emballagedel 7: Materiale 8: Vægt | DCA2: Sekundær: Emballagedel 7: Materiale 8: Enhed | DCB2: Sekundær: Emballagedel 7: Materiale 8: farve | DCC2: Sekundær: Emballagedel 7: Materiale 8: Land 1 | DCD2: Sekundær: Emballagedel 7: Materiale 8: Land 2 | DCE2: Sekundær: Emballagedel 7: Materiale 8: Land 3 | DCF2: Sekundær: Emballagedel 7: Materiale 8: Land 4 | DCG2: Sekundær: Emballagedel 7: Materiale 8: Land 5 | DCH2: Sekundær: Emballagedel 7: Materiale 9: navn | DCI2: Sekundær: Emballagedel 7: Materiale 9: genanvendt | DCJ2: Sekundær: Emballagedel 7: Materiale 9: råmateriale | DCK2: Sekundær: Emballagedel 7: Materiale 9: Vægt | DCL2: Sekundær: Emballagedel 7: Materiale 9: Enhed | DCM2: Sekundær: Emballagedel 7: Materiale 9: farve | DCN2: Sekundær: Emballagedel 7: Materiale 9: Land 1 | DCO2: Sekundær: Emballagedel 7: Materiale 9: Land 2 | DCP2: Sekundær: Emballagedel 7: Materiale 9: Land 3 | DCQ2: Sekundær: Emballagedel 7: Materiale 9: Land 4 | DCR2: Sekundær: Emballagedel 7: Materiale 9: Land 5 | DCS2: Sekundær: Emballagedel 7: Materiale 10: navn | DCT2: Sekundær: Emballagedel 7: Materiale 10: genanvendt | DCU2: Sekundær: Emballagedel 7: Materiale 10: råmateriale | DCV2: Sekundær: Emballagedel 7: Materiale 10: Vægt | DCW2: Sekundær: Emballagedel 7: Materiale 10: Enhed | DCX2: Sekundær: Emballagedel 7: Materiale 10: farve | DCY2: Sekundær: Emballagedel 7: Materiale 10: Land 1 | DCZ2: Sekundær: Emballagedel 7: Materiale 10: Land 2 | DDA2: Sekundær: Emballagedel 7: Materiale 10: Land 3 | DDB2: Sekundær: Emballagedel 7: Materiale 10: Land 4 | DDC2: Sekundær: Emballagedel 7: Materiale 10: Land 5 | DDD2: Sekundær: Emballagedel 8: navn | DDE2: Sekundær: Emballagedel 8: vægt | DDF2: Sekundær: Emballagedel 8: Enhed | DDG2: Sekundær: Emballagedel 8: Tykkelse (µm) | DDH2: Sekundær: Emballagedel 8: Tykkelse enhed | DDI2: Sekundær: Emballagedel 8: Sortering | DDJ2: Sekundær: Emballagedel 8: oxo-nedbrydelig | DDK2: Sekundær: Emballagedel 8: bionedbrydelig | DDL2: Sekundær: Emballagedel 8: Genanvendeligt | DDM2: Sekundær: Emballagedel 8: certificeret papir | DDN2: Sekundær: Emballagedel 8: Land 1 | DDO2: Sekundær: Emballagedel 8: Land 2 | DDP2: Sekundær: Emballagedel 8: Land 3 | DDQ2: Sekundær: Emballagedel 8: Land 4 | DDR2: Sekundær: Emballagedel 8: Land 5 | DDS2: Sekundær: Emballagedel 8: Materiale 1: navn | DDT2: Sekundær: Emballagedel 8: Materiale 1: genanvendt | DDU2: Sekundær: Emballagedel 8: Materiale 1: råmateriale | DDV2: Sekundær: Emballagedel 8: Materiale 1: Vægt | DDW2: Sekundær: Emballagedel 8: Materiale 1: Enhed | DDX2: Sekundær: Emballagedel 8: Materiale 1: farve | DDY2: Sekundær: Emballagedel 8: Materiale 1: Land 1 | DDZ2: Sekundær: Emballagedel 8: Materiale 1: Land 2 | DEA2: Sekundær: Emballagedel 8: Materiale 1: Land 3 | DEB2: Sekundær: Emballagedel 8: Materiale 1: Land 4 | DEC2: Sekundær: Emballagedel 8: Materiale 1: Land 5 | DED2: Sekundær: Emballagedel 8: Materiale 2: navn | DEE2: Sekundær: Emballagedel 8: Materiale 2: genanvendt | DEF2: Sekundær: Emballagedel 8: Materiale 2: råmateriale | DEG2: Sekundær: Emballagedel 8: Materiale 2: Vægt | DEH2: Sekundær: Emballagedel 8: Materiale 2: Enhed | DEI2: Sekundær: Emballagedel 8: Materiale 2: farve | DEJ2: Sekundær: Emballagedel 8: Materiale 2: Land 1 | DEK2: Sekundær: Emballagedel 8: Materiale 2: Land 2 | DEL2: Sekundær: Emballagedel 8: Materiale 2: Land 3 | DEM2: Sekundær: Emballagedel 8: Materiale 2: Land 4 | DEN2: Sekundær: Emballagedel 8: Materiale 2: Land 5 | DEO2: Sekundær: Emballagedel 8: Materiale 3: navn | DEP2: Sekundær: Emballagedel 8: Materiale 3: genanvendt | DEQ2: Sekundær: Emballagedel 8: Materiale 3: råmateriale | DER2: Sekundær: Emballagedel 8: Materiale 3: Vægt | DES2: Sekundær: Emballagedel 8: Materiale 3: Enhed | DET2: Sekundær: Emballagedel 8: Materiale 3: farve | DEU2: Sekundær: Emballagedel 8: Materiale 3: Land 1 | DEV2: Sekundær: Emballagedel 8: Materiale 3: Land 2 | DEW2: Sekundær: Emballagedel 8: Materiale 3: Land 3 | DEX2: Sekundær: Emballagedel 8: Materiale 3: Land 4 | DEY2: Sekundær: Emballagedel 8: Materiale 3: Land 5 | DEZ2: Sekundær: Emballagedel 8: Materiale 4: navn | DFA2: Sekundær: Emballagedel 8: Materiale 4: genanvendt | DFB2: Sekundær: Emballagedel 8: Materiale 4: råmateriale | DFC2: Sekundær: Emballagedel 8: Materiale 4: Vægt | DFD2: Sekundær: Emballagedel 8: Materiale 4: Enhed | DFE2: Sekundær: Emballagedel 8: Materiale 4: farve | DFF2: Sekundær: Emballagedel 8: Materiale 4: Land 1 | DFG2: Sekundær: Emballagedel 8: Materiale 4: Land 2 | DFH2: Sekundær: Emballagedel 8: Materiale 4: Land 3 | DFI2: Sekundær: Emballagedel 8: Materiale 4: Land 4 | DFJ2: Sekundær: Emballagedel 8: Materiale 4: Land 5 | DFK2: Sekundær: Emballagedel 8: Materiale 5: navn | DFL2: Sekundær: Emballagedel 8: Materiale 5: genanvendt | DFM2: Sekundær: Emballagedel 8: Materiale 5: råmateriale | DFN2: Sekundær: Emballagedel 8: Materiale 5: Vægt | DFO2: Sekundær: Emballagedel 8: Materiale 5: Enhed | DFP2: Sekundær: Emballagedel 8: Materiale 5: farve | DFQ2: Sekundær: Emballagedel 8: Materiale 5: Land 1 | DFR2: Sekundær: Emballagedel 8: Materiale 5: Land 2 | DFS2: Sekundær: Emballagedel 8: Materiale 5: Land 3 | DFT2: Sekundær: Emballagedel 8: Materiale 5: Land 4 | DFU2: Sekundær: Emballagedel 8: Materiale 5: Land 5 | DFV2: Sekundær: Emballagedel 8: Materiale 6: navn | DFW2: Sekundær: Emballagedel 8: Materiale 6: genanvendt | DFX2: Sekundær: Emballagedel 8: Materiale 6: råmateriale | DFY2: Sekundær: Emballagedel 8: Materiale 6: Vægt | DFZ2: Sekundær: Emballagedel 8: Materiale 6: Enhed | DGA2: Sekundær: Emballagedel 8: Materiale 6: farve | DGB2: Sekundær: Emballagedel 8: Materiale 6: Land 1 | DGC2: Sekundær: Emballagedel 8: Materiale 6: Land 2 | DGD2: Sekundær: Emballagedel 8: Materiale 6: Land 3 | DGE2: Sekundær: Emballagedel 8: Materiale 6: Land 4 | DGF2: Sekundær: Emballagedel 8: Materiale 6: Land 5 | DGG2: Sekundær: Emballagedel 8: Materiale 7: navn | DGH2: Sekundær: Emballagedel 8: Materiale 7: genanvendt | DGI2: Sekundær: Emballagedel 8: Materiale 7: råmateriale | DGJ2: Sekundær: Emballagedel 8: Materiale 7: Vægt | DGK2: Sekundær: Emballagedel 8: Materiale 7: Enhed | DGL2: Sekundær: Emballagedel 8: Materiale 7: farve | DGM2: Sekundær: Emballagedel 8: Materiale 7: Land 1 | DGN2: Sekundær: Emballagedel 8: Materiale 7: Land 2 | DGO2: Sekundær: Emballagedel 8: Materiale 7: Land 3 | DGP2: Sekundær: Emballagedel 8: Materiale 7: Land 4 | DGQ2: Sekundær: Emballagedel 8: Materiale 7: Land 5 | DGR2: Sekundær: Emballagedel 8: Materiale 8: navn | DGS2: Sekundær: Emballagedel 8: Materiale 8: genanvendt | DGT2: Sekundær: Emballagedel 8: Materiale 8: råmateriale | DGU2: Sekundær: Emballagedel 8: Materiale 8: Vægt | DGV2: Sekundær: Emballagedel 8: Materiale 8: Enhed | DGW2: Sekundær: Emballagedel 8: Materiale 8: farve | DGX2: Sekundær: Emballagedel 8: Materiale 8: Land 1 | DGY2: Sekundær: Emballagedel 8: Materiale 8: Land 2 | DGZ2: Sekundær: Emballagedel 8: Materiale 8: Land 3 | DHA2: Sekundær: Emballagedel 8: Materiale 8: Land 4 | DHB2: Sekundær: Emballagedel 8: Materiale 8: Land 5 | DHC2: Sekundær: Emballagedel 8: Materiale 9: navn | DHD2: Sekundær: Emballagedel 8: Materiale 9: genanvendt | DHE2: Sekundær: Emballagedel 8: Materiale 9: råmateriale | DHF2: Sekundær: Emballagedel 8: Materiale 9: Vægt | DHG2: Sekundær: Emballagedel 8: Materiale 9: Enhed | DHH2: Sekundær: Emballagedel 8: Materiale 9: farve | DHI2: Sekundær: Emballagedel 8: Materiale 9: Land 1 | DHJ2: Sekundær: Emballagedel 8: Materiale 9: Land 2 | DHK2: Sekundær: Emballagedel 8: Materiale 9: Land 3 | DHL2: Sekundær: Emballagedel 8: Materiale 9: Land 4 | DHM2: Sekundær: Emballagedel 8: Materiale 9: Land 5 | DHN2: Sekundær: Emballagedel 8: Materiale 10: navn | DHO2: Sekundær: Emballagedel 8: Materiale 10: genanvendt | DHP2: Sekundær: Emballagedel 8: Materiale 10: råmateriale | DHQ2: Sekundær: Emballagedel 8: Materiale 10: Vægt | DHR2: Sekundær: Emballagedel 8: Materiale 10: Enhed | DHS2: Sekundær: Emballagedel 8: Materiale 10: farve | DHT2: Sekundær: Emballagedel 8: Materiale 10: Land 1 | DHU2: Sekundær: Emballagedel 8: Materiale 10: Land 2 | DHV2: Sekundær: Emballagedel 8: Materiale 10: Land 3 | DHW2: Sekundær: Emballagedel 8: Materiale 10: Land 4 | DHX2: Sekundær: Emballagedel 8: Materiale 10: Land 5 | DHY2: Sekundær: Emballagedel 9: navn | DHZ2: Sekundær: Emballagedel 9: vægt | DIA2: Sekundær: Emballagedel 9: Enhed | DIB2: Sekundær: Emballagedel 9: Tykkelse (µm) | DIC2: Sekundær: Emballagedel 9: Tykkelse enhed | DID2: Sekundær: Emballagedel 9: Sortering | DIE2: Sekundær: Emballagedel 9: oxo-nedbrydelig | DIF2: Sekundær: Emballagedel 9: bionedbrydelig | DIG2: Sekundær: Emballagedel 9: Genanvendeligt | DIH2: Sekundær: Emballagedel 9: certificeret papir | DII2: Sekundær: Emballagedel 9: Land 1 | DIJ2: Sekundær: Emballagedel 9: Land 2 | DIK2: Sekundær: Emballagedel 9: Land 3 | DIL2: Sekundær: Emballagedel 9: Land 4 | DIM2: Sekundær: Emballagedel 9: Land 5 | DIN2: Sekundær: Emballagedel 9: Materiale 1: navn | DIO2: Sekundær: Emballagedel 9: Materiale 1: genanvendt | DIP2: Sekundær: Emballagedel 9: Materiale 1: råmateriale | DIQ2: Sekundær: Emballagedel 9: Materiale 1: Vægt | DIR2: Sekundær: Emballagedel 9: Materiale 1: Enhed | DIS2: Sekundær: Emballagedel 9: Materiale 1: farve | DIT2: Sekundær: Emballagedel 9: Materiale 1: Land 1 | DIU2: Sekundær: Emballagedel 9: Materiale 1: Land 2 | DIV2: Sekundær: Emballagedel 9: Materiale 1: Land 3 | DIW2: Sekundær: Emballagedel 9: Materiale 1: Land 4 | DIX2: Sekundær: Emballagedel 9: Materiale 1: Land 5 | DIY2: Sekundær: Emballagedel 9: Materiale 2: navn | DIZ2: Sekundær: Emballagedel 9: Materiale 2: genanvendt | DJA2: Sekundær: Emballagedel 9: Materiale 2: råmateriale | DJB2: Sekundær: Emballagedel 9: Materiale 2: Vægt | DJC2: Sekundær: Emballagedel 9: Materiale 2: Enhed | DJD2: Sekundær: Emballagedel 9: Materiale 2: farve | DJE2: Sekundær: Emballagedel 9: Materiale 2: Land 1 | DJF2: Sekundær: Emballagedel 9: Materiale 2: Land 2 | DJG2: Sekundær: Emballagedel 9: Materiale 2: Land 3 | DJH2: Sekundær: Emballagedel 9: Materiale 2: Land 4 | DJI2: Sekundær: Emballagedel 9: Materiale 2: Land 5 | DJJ2: Sekundær: Emballagedel 9: Materiale 3: navn | DJK2: Sekundær: Emballagedel 9: Materiale 3: genanvendt | DJL2: Sekundær: Emballagedel 9: Materiale 3: råmateriale | DJM2: Sekundær: Emballagedel 9: Materiale 3: Vægt | DJN2: Sekundær: Emballagedel 9: Materiale 3: Enhed | DJO2: Sekundær: Emballagedel 9: Materiale 3: farve | DJP2: Sekundær: Emballagedel 9: Materiale 3: Land 1 | DJQ2: Sekundær: Emballagedel 9: Materiale 3: Land 2 | DJR2: Sekundær: Emballagedel 9: Materiale 3: Land 3 | DJS2: Sekundær: Emballagedel 9: Materiale 3: Land 4 | DJT2: Sekundær: Emballagedel 9: Materiale 3: Land 5 | DJU2: Sekundær: Emballagedel 9: Materiale 4: navn | DJV2: Sekundær: Emballagedel 9: Materiale 4: genanvendt | DJW2: Sekundær: Emballagedel 9: Materiale 4: råmateriale | DJX2: Sekundær: Emballagedel 9: Materiale 4: Vægt | DJY2: Sekundær: Emballagedel 9: Materiale 4: Enhed | DJZ2: Sekundær: Emballagedel 9: Materiale 4: farve | DKA2: Sekundær: Emballagedel 9: Materiale 4: Land 1 | DKB2: Sekundær: Emballagedel 9: Materiale 4: Land 2 | DKC2: Sekundær: Emballagedel 9: Materiale 4: Land 3 | DKD2: Sekundær: Emballagedel 9: Materiale 4: Land 4 | DKE2: Sekundær: Emballagedel 9: Materiale 4: Land 5 | DKF2: Sekundær: Emballagedel 9: Materiale 5: navn | DKG2: Sekundær: Emballagedel 9: Materiale 5: genanvendt | DKH2: Sekundær: Emballagedel 9: Materiale 5: råmateriale | DKI2: Sekundær: Emballagedel 9: Materiale 5: Vægt | DKJ2: Sekundær: Emballagedel 9: Materiale 5: Enhed | DKK2: Sekundær: Emballagedel 9: Materiale 5: farve | DKL2: Sekundær: Emballagedel 9: Materiale 5: Land 1 | DKM2: Sekundær: Emballagedel 9: Materiale 5: Land 2 | DKN2: Sekundær: Emballagedel 9: Materiale 5: Land 3 | DKO2: Sekundær: Emballagedel 9: Materiale 5: Land 4 | DKP2: Sekundær: Emballagedel 9: Materiale 5: Land 5 | DKQ2: Sekundær: Emballagedel 9: Materiale 6: navn | DKR2: Sekundær: Emballagedel 9: Materiale 6: genanvendt | DKS2: Sekundær: Emballagedel 9: Materiale 6: råmateriale | DKT2: Sekundær: Emballagedel 9: Materiale 6: Vægt | DKU2: Sekundær: Emballagedel 9: Materiale 6: Enhed | DKV2: Sekundær: Emballagedel 9: Materiale 6: farve | DKW2: Sekundær: Emballagedel 9: Materiale 6: Land 1 | DKX2: Sekundær: Emballagedel 9: Materiale 6: Land 2 | DKY2: Sekundær: Emballagedel 9: Materiale 6: Land 3 | DKZ2: Sekundær: Emballagedel 9: Materiale 6: Land 4 | DLA2: Sekundær: Emballagedel 9: Materiale 6: Land 5 | DLB2: Sekundær: Emballagedel 9: Materiale 7: navn | DLC2: Sekundær: Emballagedel 9: Materiale 7: genanvendt | DLD2: Sekundær: Emballagedel 9: Materiale 7: råmateriale | DLE2: Emballagedel 9: Materiale 7: Vægt | DLF2: Emballagedel 9: Materiale 7: Enhed | DLG2: Emballagedel 9: Materiale 7: farve | DLH2: Emballagedel 9: Materiale 7: Land 1 | DLI2: Emballagedel 9: Materiale 7: Land 2 | DLJ2: Emballagedel 9: Materiale 7: Land 3 | DLK2: Emballagedel 9: Materiale 7: Land 4 | DLL2: Emballagedel 9: Materiale 7: Land 5 | DLM2: Emballagedel 9: Materiale 8: navn | DLN2: Emballagedel 9: Materiale 8: genanvendt | DLO2: Emballagedel 9: Materiale 8: råmateriale | DLP2: Emballagedel 9: Materiale 8: Vægt | DLQ2: Emballagedel 9: Materiale 8: Enhed | DLR2: Emballagedel 9: Materiale 8: farve | DLS2: Emballagedel 9: Materiale 8: Land 1 | DLT2: Emballagedel 9: Materiale 8: Land 2 | DLU2: Emballagedel 9: Materiale 8: Land 3 | DLV2: Emballagedel 9: Materiale 8: Land 4 | DLW2: Emballagedel 9: Materiale 8: Land 5 | DLX2: Emballagedel 9: Materiale 9: navn | DLY2: Emballagedel 9: Materiale 9: genanvendt | DLZ2: Emballagedel 9: Materiale 9: råmateriale | DMA2: Emballagedel 9: Materiale 9: Vægt | DMB2: Emballagedel 9: Materiale 9: Enhed | DMC2: Emballagedel 9: Materiale 9: farve | DMD2: Emballagedel 9: Materiale 9: Land 1 | DME2: Emballagedel 9: Materiale 9: Land 2 | DMF2: Emballagedel 9: Materiale 9: Land 3 | DMG2: Emballagedel 9: Materiale 9: Land 4 | DMH2: Emballagedel 9: Materiale 9: Land 5 | DMI2: Emballagedel 9: Materiale 10: navn | DMJ2: Emballagedel 9: Materiale 10: genanvendt | DMK2: Emballagedel 9: Materiale 10: råmateriale | DML2: Emballagedel 9: Materiale 10: Vægt | DMM2: Emballagedel 9: Materiale 10: Enhed | DMN2: Emballagedel 9: Materiale 10: farve | DMO2: Emballagedel 9: Materiale 10: Land 1 | DMP2: Emballagedel 9: Materiale 10: Land 2 | DMQ2: Emballagedel 9: Materiale 10: Land 3 | DMR2: Emballagedel 9: Materiale 10: Land 4 | DMS2: Emballagedel 9: Materiale 10: Land 5 | DMT2: Emballagedel 10: navn | DMU2: Emballagedel 10: vægt | DMV2: Emballagedel 10: Enhed | DMW2: Emballagedel 10: Tykkelse (µm) | DMX2: Emballagedel 10: Tykkelse enhed | DMY2: Emballagedel 10: Sortering | DMZ2: Emballagedel 10: oxo-nedbrydelig | DNA2: Emballagedel 10: bionedbrydelig | DNB2: Emballagedel 10: Genanvendeligt | DNC2: Emballagedel 10: certificeret papir | DND2: Emballagedel 10: Land 1 | DNE2: Emballagedel 10: Land 2 | DNF2: Emballagedel 10: Land 3 | DNG2: Emballagedel 10: Land 4 | DNH2: Emballagedel 10: Land 5 | DNI2: Emballagedel 10: Materiale 1: navn | DNJ2: Emballagedel 10: Materiale 1: genanvendt | DNK2: Emballagedel 10: Materiale 1: råmateriale | DNL2: Emballagedel 10: Materiale 1: Vægt | DNM2: Emballagedel 10: Materiale 1: Enhed | DNN2: Emballagedel 10: Materiale 1: farve | DNO2: Emballagedel 10: Materiale 1: Land 1 | DNP2: Emballagedel 10: Materiale 1: Land 2 | DNQ2: Emballagedel 10: Materiale 1: Land 3 | DNR2: Emballagedel 10: Materiale 1: Land 4 | DNS2: Emballagedel 10: Materiale 1: Land 5 | DNT2: Emballagedel 10: Materiale 2: navn | DNU2: Emballagedel 10: Materiale 2: genanvendt | DNV2: Emballagedel 10: Materiale 2: råmateriale | DNW2: Emballagedel 10: Materiale 2: Vægt | DNX2: Emballagedel 10: Materiale 2: Enhed | DNY2: Emballagedel 10: Materiale 2: farve | DNZ2: Emballagedel 10: Materiale 2: Land 1 | DOA2: Emballagedel 10: Materiale 2: Land 2 | DOB2: Emballagedel 10: Materiale 2: Land 3 | DOC2: Emballagedel 10: Materiale 2: Land 4 | DOD2: Emballagedel 10: Materiale 2: Land 5 | DOE2: Emballagedel 10: Materiale 3: navn | DOF2: Emballagedel 10: Materiale 3: genanvendt | DOG2: Emballagedel 10: Materiale 3: råmateriale | DOH2: Emballagedel 10: Materiale 3: Vægt | DOI2: Emballagedel 10: Materiale 3: Enhed | DOJ2: Emballagedel 10: Materiale 3: farve | DOK2: Emballagedel 10: Materiale 3: Land 1 | DOL2: Emballagedel 10: Materiale 3: Land 2 | DOM2: Emballagedel 10: Materiale 3: Land 3 | DON2: Emballagedel 10: Materiale 3: Land 4 | DOO2: Emballagedel 10: Materiale 3: Land 5 | DOP2: Emballagedel 10: Materiale 4: navn | DOQ2: Emballagedel 10: Materiale 4: genanvendt | DOR2: Emballagedel 10: Materiale 4: råmateriale | DOS2: Emballagedel 10: Materiale 4: Vægt | DOT2: Emballagedel 10: Materiale 4: Enhed | DOU2: Emballagedel 10: Materiale 4: farve | DOV2: Emballagedel 10: Materiale 4: Land 1 | DOW2: Emballagedel 10: Materiale 4: Land 2 | DOX2: Emballagedel 10: Materiale 4: Land 3 | DOY2: Emballagedel 10: Materiale 4: Land 4 | DOZ2: Emballagedel 10: Materiale 4: Land 5 | DPA2: Emballagedel 10: Materiale 5: navn | DPB2: Emballagedel 10: Materiale 5: genanvendt | DPC2: Emballagedel 10: Materiale 5: råmateriale | DPD2: Emballagedel 10: Materiale 5: Vægt | DPE2: Emballagedel 10: Materiale 5: Enhed | DPF2: Emballagedel 10: Materiale 5: farve | DPG2: Emballagedel 10: Materiale 5: Land 1 | DPH2: Emballagedel 10: Materiale 5: Land 2 | DPI2: Emballagedel 10: Materiale 5: Land 3 | DPJ2: Emballagedel 10: Materiale 5: Land 4 | DPK2: Emballagedel 10: Materiale 5: Land 5 | DPL2: Emballagedel 10: Materiale 6: navn | DPM2: Emballagedel 10: Materiale 6: genanvendt | DPN2: Emballagedel 10: Materiale 6: råmateriale | DPO2: Emballagedel 10: Materiale 6: Vægt | DPP2: Emballagedel 10: Materiale 6: Enhed | DPQ2: Emballagedel 10: Materiale 6: farve | DPR2: Emballagedel 10: Materiale 6: Land 1 | DPS2: Emballagedel 10: Materiale 6: Land 2 | DPT2: Emballagedel 10: Materiale 6: Land 3 | DPU2: Emballagedel 10: Materiale 6: Land 4 | DPV2: Emballagedel 10: Materiale 6: Land 5 | DPW2: Emballagedel 10: Materiale 7: navn | DPX2: Emballagedel 10: Materiale 7: genanvendt | DPY2: Emballagedel 10: Materiale 7: råmateriale | DPZ2: Emballagedel 10: Materiale 7: Vægt | DQA2: Emballagedel 10: Materiale 7: Enhed | DQB2: Emballagedel 10: Materiale 7: farve | DQC2: Emballagedel 10: Materiale 7: Land 1 | DQD2: Emballagedel 10: Materiale 7: Land 2 | DQE2: Emballagedel 10: Materiale 7: Land 3 | DQF2: Emballagedel 10: Materiale 7: Land 4 | DQG2: Emballagedel 10: Materiale 7: Land 5 | DQH2: Emballagedel 10: Materiale 8: navn | DQI2: Emballagedel 10: Materiale 8: genanvendt | DQJ2: Emballagedel 10: Materiale 8: råmateriale | DQK2: Emballagedel 10: Materiale 8: Vægt | DQL2: Emballagedel 10: Materiale 8: Enhed | DQM2: Emballagedel 10: Materiale 8: farve | DQN2: Emballagedel 10: Materiale 8: Land 1 | DQO2: Emballagedel 10: Materiale 8: Land 2 | DQP2: Emballagedel 10: Materiale 8: Land 3 | DQQ2: Emballagedel 10: Materiale 8: Land 4 | DQR2: Emballagedel 10: Materiale 8: Land 5 | DQS2: Emballagedel 10: Materiale 9: navn | DQT2: Emballagedel 10: Materiale 9: genanvendt | DQU2: Emballagedel 10: Materiale 9: råmateriale | DQV2: Emballagedel 10: Materiale 9: Vægt | DQW2: Emballagedel 10: Materiale 9: Enhed | DQX2: Emballagedel 10: Materiale 9: farve | DQY2: Emballagedel 10: Materiale 9: Land 1 | DQZ2: Emballagedel 10: Materiale 9: Land 2 | DRA2: Emballagedel 10: Materiale 9: Land 3 | DRB2: Emballagedel 10: Materiale 9: Land 4 | DRC2: Emballagedel 10: Materiale 9: Land 5 | DRD2: Emballagedel 10: Materiale 10: navn | DRE2: Emballagedel 10: Materiale 10: genanvendt | DRF2: Emballagedel 10: Materiale 10: råmateriale | DRG2: Emballagedel 10: Materiale 10: vægt | DRH2: Emballagedel 10: Materiale 10: Enhed | DRI2: Emballagedel 10: Materiale 10: farve | DRJ2: Emballagedel 10: Materiale 10: Land 1 | DRK2: Emballagedel 10: Materiale 10: Land 2 | DRL2: Emballagedel 10: Materiale 10: Land 3 | DRM2: Emballagedel 10: Materiale 10: Land 4 | DRN2: Emballagedel 10: Materiale 10: Land 5 | DRO2: Del af varen 1 | DRP2: Ekstra 1 Næringsindhold angivet | DRQ2: Ekstra 1 Korrigeret for glycerol | DRR2: Ekstra 1 Fedt | DRS2: Ekstra 1 Mættede fedtsyrer | DRT2: Ekstra 1 Enkeltumættede fedtsyrer | DRU2: Ekstra 1 Flerumættede fedtsyrer | DRV2: Ekstra 1 Kulhydrat | DRW2: Ekstra 1 Sukkerarter | DRX2: Ekstra 1 Sukkeralkoholer | DRY2: Ekstra 1 Kostfibre | DRZ2: Ekstra 1 Protein | DSA2: Ekstra 1 Natrium | DSB2: Ekstra 1 Salt | DSC2: Ekstra 1 Vand | DSD2: Ekstra 1 Organiske syrer | DSE2: Ekstra 1 Alkohol | DSF2: Ekstra 1 Salatrim | DSG2: Ekstra 1 Erythritol | DSH2: Ekstra 1 Næringsstof | DSI2: Ekstra 1 Næringsstof mængde | DSJ2: Ekstra 1 Næringsstof enhed | DSK2: Del af varen 2 | DSL2: Ekstra 2 Næringsindhold angivet | DSM2: Ekstra 2 Korrigeret for glycerol | DSN2: Ekstra 2 Fedt | DSO2: Ekstra 2 Mættede fedtsyrer | DSP2: Ekstra 2 Enkeltumættede fedtsyrer | DSQ2: Ekstra 2 Flerumættede fedtsyrer | DSR2: Ekstra 2 Kulhydrat | DSS2: Ekstra 2 Sukkerarter | DST2: Ekstra 2 Sukkeralkoholer | DSU2: Ekstra 2 Kostfibre | DSV2: Ekstra 2 Protein | DSW2: Ekstra 2 Natrium | DSX2: Ekstra 2 Salt | DSY2: Ekstra 2 Vand | DSZ2: Ekstra 2 Organiske syrer | DTA2: Ekstra 2 Alkohol | DTB2: Ekstra 2 Salatrim | DTC2: Ekstra 2 Erythritol | DTD2: Ekstra 2 Næringsstof | DTE2: Ekstra 2 Næringsstof mængde | DTF2: Ekstra 2 Næringsstof enhed | DTG2: Varebetegnelse (kød) | DTH2: Skåret fra | DTI2: Født i | DTJ2: Tiltrykkes (født i) | DTK2: Opvokset i | DTL2: Tiltrykkes (opvokset i) | DTM2: Slagtet i | DTN2: Tiltrykkes (slagtet i) | DTO2: Opskåret i | DTP2: Tiltrykkes (opskåret i) | DTQ2: Opbygning af reference | DTR2: Anden opbygning af reference | DTS2: reference tiltrykkes | DTT2: Aut nr slagteri | DTU2: Aut nr slagteri (Tiltrykkes) | DTV2: Aut nr opskæring | DTW2: Aut nr opskæring (tiltrykkes) | DTX2: Kalvekød (alder) | DTY2: Kød fedtindhold | DTZ2: Kød collagenindhold | DUA2: Optøet (kød) | DUB2: Må nedfryses efter optøning | DUC2: Skal ompakkes | DUD2: Gennemsteges | DUE2: Varebetegnelse (mælk/ost) | DUF2: Vand i fedtfri ostemasse | DUG2: Ingen ostemasse | DUH2: Lagring | DUI2: Forarbejdningsmåde | DUJ2: Kun mælkedelen er forarbejdet | DUK2: Modning | DUL2: Varebetegnelse (æg) | DUM2: Vægtklasse | DUN2: Kvalitetsklasse | DUO2: Læggedato tiltrykkes | DUP2: Produktionsforhold | DUQ2: Varebetegnelse (chokolade) | DUR2: Chokolade 1 (Betegnelse) | DUS2: Chokolade 1 (Kakaotørstof) | DUT2: Chokolade 1 (Mælketørstof) | DUU2: Chokolade 1 (Affedtet kakaotørstof) | DUV2: Chokolade 1 (Mælkefedt) | DUW2: Chokolade 1 (Kakaosmør) | DUX2: Chokolade 2 (Betegnelse) | DUY2: Chokolade 2 (Kakaotørstof) | DUZ2: Chokolade 2 (Mælketørstof) | DVA2: Chokolade 2 (Affedtet kakaotørstof) | DVB2: Chokolade 2 (Mælkefedt) | DVC2: Chokolade 2 (Kakaosmør) | DVD2: Chokolade 3 (Betegnelse) | DVE2: Chokolade 3 (Kakaotørstof) | DVF2: Chokolade 3 (Mælketørstof) | DVG2: Chokolade 3 (Affedtet kakaotørstof) | DVH2: Chokolade 3 (Mælkefedt) | DVI2: Chokolade 3 (Kakaosmør) | DVJ2: Varebetegnelse (fisk) | DVK2: Konserveringsmetode | DVL2: Sælges fisken optøet | DVM2: Handelsbetegnelse | DVN2: Latinske navn | DVO2: Havfiskeri | DVP2: ferskvandsfiskeri | DVQ2: akvakultur | DVR2: oprindelse (akvakultur) | DVS2: Fangstområde | DVT2: Underområde | DVU2: afsnit (underområde) | DVV2: Vod | DVW2: Trawl | DVX2: Garn og lignende net | DVY2: Indespærringsnoter og løftenet | DVZ2: Skrabere | DWA2: Tejner (ruser) | DWB2: Kroge og liner | DWC2: Gammeldags modning | DWD2: Kryddersild | DWE2: Syremodning | DWF2: Anden modning | DWG2: Varebetegnelse (juice) | DWH2: Pasteuriseret (juice) | DWI2: "Frugtjuice" | DWJ2: "Frugtjuice fra koncentrat" | DWK2: "Koncentreret frugtjuice" | DWL2: Andet (Juice) | DWM2: Varebetegnelse (kaffe) | DWN2: Dosering | DWO2: Instantkaffe | DWP2: Pakkemetode (Kaffe) | DWQ2: Andet (pakkemetode kaffe) | DWR2: Ristningsgrad | DWS2: Formalingsgrad | DWT2: Varebetegnelse (te) | DWU2: Løs te | DWV2: dosering pr kop | DWW2: Tebreve | DWX2: antal tebreve | DWY2: Instant te | DWZ2: opløsningstid (s) | DXA2: Trækketid | DXB2: Sortering (te) | DXC2: Sort te | DXD2: Grøn te | DXE2: Semifermenteret te | DXF2: Hvid te | DXG2: Andet (tetype) | DXH2: Specialbehandling (røget) | DXI2: Ingen specialbehandling | DXJ2: Anden specialbehandling
